Workbook
Name Excel_BuiltIn_Print_Area: 'MAPA DE PREÇOS'!$N$6:$P$33

Sheet BASE EDITAL
B1: Item | C1: Cod. Mat. | D1: Especificação do Material | E1: Unidade | F1: Quant. | G1: Valor Unit. (R$) | H1: Valor Total (R$)
B2: 1 | C2: MS.6.0-A0101 | D2: Office Professional Plus ALng LSA
B3: 2 | C3: MS.6.0-A0004 | D3: Project Standard ALng LSA
B4: 3 | C4: MS.6.0-A1343 | D4: Project Professional ALng LSA 1 Server CAL
B5: 4 | C5: MS.6.0-A1506 | D5: Power BI Pro Sub Per User
B6: 5 | C6: MS.6.0-A0871 | D6: O365 E3 Sub Per User
B7: 6 | C7: MS.6.0-A1692 | D7: O365 E5 Sub Per User
B8: 7 | C8: MS.6.0-A0463 | D8: Planner & Project P3 Sub Per User
B9: 8 | C9: MS.6.0-A0491 | D9: Planner & Project P5 Sub Per User
B10: 9 | C10: MS.6.0-A1769 | D10: Planner P1 Sub Per User

Sheet BASE FORMAÇÃO
A1: Grupo de itens | B1: CÓDIGO | C1: DESCRIÇÃO | D1: UNIDADE | E1: PE ANTERIOR | F1: SITUAÇÃO | G1: SEI PE ANTERIOR | H1: ESTIMADO | I1: VALOR RP ATIVO | J1: VALOR ATA FRACASSADA/DESERTA | K1: CATMAT
A2: 1 | B2: MS.6.0-A0101 | C2: Office Professional Plus ALng LSA | D2: Unidade/Ano | H2: 368
A3: 1 | B3: MS.6.0-A0004 | C3: Project Standard ALng LSA | D3: Unidade/Ano | H3: 3
A4: 1 | B4: MS.6.0-A1343 | C4: Project Professional ALng LSA 1 Server CAL | D4: Unidade/Ano | H4: 16
A5: 1 | B5: MS.6.0-A1506 | C5: Power BI Pro Sub Per User | D5: Unidade/Mensal | H5: 81
A6: 1 | B6: MS.6.0-A0871 | C6: O365 E3 Sub Per User | D6: Unidade/Mensal | H6: 83
A7: 1 | B7: MS.6.0-A1692 | C7: O365 E5 Sub Per User | D7: Unidade/Mensal | H7: 3
A8: 1 | B8: MS.6.0-A0463 | C8: Planner & Project P3 Sub Per User | D8: Unidade/Mensal | H8: 41
A9: 1 | B9: MS.6.0-A0491 | C9: Planner & Project P5 Sub Per User | D9: Unidade/Mensal | H9: 3
A10: 1 | B10: MS.6.0-A1769 | C10: Planner P1 Sub Per User | D10: Unidade/Mensal | H10: 13

Sheet MAPA DE PREÇOS
E2: =CONCATENATE("PREFEITURA MUNICIPAL DE PORTO ALEGRE ",H5," MAPA DE PREÇOS - ", UPPER(TEXT(MAX('Tabela de Apoio'!A:A),"MMM/AA"))) -> PREFEITURA MUNICIPAL DE PORTO ALEGRE SECRETARIA MUNICIPAL DE PLANEJAMENTO E GESTÃO (SMPG) MAPA DE PREÇOS - FEV/26
E4: IDENTIFICAÇÃO DO PROCESSO LICITATÓRIO | L4: IDENTIFICAÇÃO DA FORMAÇÃO DE PREÇOS | R4: ORIENTAÇÕES:
E5: ORGÃO DEMANDANTE | H5: SECRETARIA MUNICIPAL DE PLANEJAMENTO E GESTÃO (SMPG) | L5: UNIDADE/SETOR | O5: UGFP-DLC | R5: Preencher no mínimo três preços oriundos de pelo menos duas fontes distintas. O preço estimado retornado será o menor valor entre média harmônica e mediana da cesta para o caso de somente preços de orçamento, devendo justificar.
E6: LICITAÇÃO | L6: RESPONSÁVEL | O6: Raul Cortês Scherer
B7: TRUE | E7: Nº PROCESSO | H7: 26.0.000101231-1 | L7: MATRÍCULA | O7: 166548001
B8: FALSE | E8: Nº DE ITENS | H8: 9 | L8: DATA FORMAÇÃO | O8: 46218 | R8: Destacar campos de preenchimento MÍNIMO
E9: TOTAL ESTIMADO | H9: =SUMIF(L:L,"TOTAL ITEM",M:M) -> 3321754
E11: Nº | G11: DESCRIÇÃO DO OBJETO | L11: PREÇO ESTIMADO | O11: PREÇOS OBTIDOS
P12: PREÇO 1 | Q12: PREÇO 2 | R12: PREÇO 3 | S12: PREÇO 4 | T12: PREÇO 5 | U12: PREÇO 6 | V12: PREÇO 7 | W12: PREÇO 8 | X12: PREÇO 9 | Y12: PREÇO 10 | Z12: PREÇO 11 | AA12: PREÇO 12 | AB12: PREÇO 13 | AC12: PREÇO 14 | AD12: PREÇO 15 | AE12: PREÇO 16 | AF12: PREÇO 17 | AG12: PREÇO 18 | AH12: PREÇO 19 | AI12: PREÇO 20
B15: =LARGE(IFERROR(IF(B13+1>$H$8,"",B13+1),""),1) -> 1 | C15: =IF(_xlfn.ISFORMULA(E19),MAX(INDEX('BASE FORMAÇÃO'!A:A,B15+1),1),E19) -> 1 | D15: =IFERROR(IF(C15=C5,D5+1,1),1) -> 1 | E15: ITEM | G15: Identificador SGD | H15: =INDEX('BASE FORMAÇÃO'!B:B,B15+1) -> MS.6.0-A0101 | I15: Identificador Microsoft | J15: 269-05623 | L15: PREÇO ESTIMADO | M15: =IF(OR(ISBLANK($O$8),ISBLANK($O$7),ISBLANK($H$8),ISBLANK($O$6),ISBLANK($O$5),ISBLANK($H$5)),"",IFERROR(IF(VLOOKUP(L15,L21:M30,2,FALSE)<1,ROUND(VLOOKUP(L15,L21:M30,2,FALSE),4),ROUND(VLOOKUP(L15,L21:M30,2,FALSE),2)),"")) -> 5716.26 | O15: ORIGINAL | P15: =1905.42*3 -> 5716.26
B16: =B15 -> 1 | C16: =C15 -> 1 | D16: =D15 -> 1 | E16: =D15 -> 1 | G16: DESCRIÇÃO | H16: =INDEX('BASE FORMAÇÃO'!C:C,B15+1) -> Office Professional Plus ALng LSA | O16: DATA | P16: 46118
B17: =B16 -> 1 | C17: =C16 -> 1 | D17: =D16 -> 1 | L17: QUANTIDADE | M17: =INDEX('BASE FORMAÇÃO'!H:H,B19+1) -> 368 | O17: PARÂMETRO | P17: Sítio especializado
B18: =B17 -> 1 | C18: =C17 -> 1 | D18: =D17 -> 1 | E18: LOTE | L18: UNIDADE | M18: =INDEX('BASE FORMAÇÃO'!D:D,B19+1) -> Unidade/Ano | O18: FONTE/LINK | P18: Catálogo SGD
B19: =B17 -> 1 | C19: =C17 -> 1 | D19: =D18 -> 1 | E19: =C15 -> 1 | G19: OBSERVAÇÕES | H19: Preços proporcionalizados de acordo com a vigência contratual | L19: COEF. VAR. | M19: =IFERROR(INDEX(I21:I33,MATCH(MAX(J21:J33),J21:J33,0)),"") -> 0 | O19: ATUALIZADO | P19: =IF(P15="","", IF(OR(P17="Orçamento",P16="",MAX('Tabela de Apoio'!$A:$A)<=P16), P15, (INDEX('Tabela de Apoio'!$B:$B,MATCH('MAPA DE PREÇOS'!$O$8,'Tabela de Apoio'!$A:$A,1))/INDEX('Tabela de Apoio'!$B:$B,MATCH('MAPA DE PREÇOS'!P16,'Tabela de Apoio'!$A:$A,1)-1))*P15)) -> 5716.26 | Q19: =IF(Q15="","", IF(OR(Q17="Orçamento",Q16="",MAX('Tabela de Apoio'!$A:$A)<=Q16), Q15, (INDEX('Tabela de Apoio'!$B:$B,MATCH('MAPA DE PREÇOS'!$O$8,'Tabela de Apoio'!$A:$A,1))/INDEX('Tabela de Apoio'!$B:$B,MATCH('MAPA DE PREÇOS'!Q16,'Tabela de Apoio'!$A:$A,1)-1))*Q15)) | R19: =IF(R15="","", IF(OR(R17="Orçamento",R16="",MAX('Tabela de Apoio'!$A:$A)<=R16), R15, (INDEX('Tabela de Apoio'!$B:$B,MATCH('MAPA DE PREÇOS'!$O$8,'Tabela de Apoio'!$A:$A,1))/INDEX('Tabela de Apoio'!$B:$B,MATCH('MAPA DE PREÇOS'!R16,'Tabela de Apoio'!$A:$A,1)-1))*R15)) | S19: =IF(S15="","", IF(OR(S17="Orçamento",S16="",MAX('Tabela de Apoio'!$A:$A)<=S16), S15, (INDEX('Tabela de Apoio'!$B:$B,MATCH('MAPA DE PREÇOS'!$O$8,'Tabela de Apoio'!$A:$A,1))/INDEX('Tabela de Apoio'!$B:$B,MATCH('MAPA DE PREÇOS'!S16,'Tabela de Apoio'!$A:$A,1)-1))*S15)) | T19: =IF(T15="","", IF(OR(T17="Orçamento",T16="",MAX('Tabela de Apoio'!$A:$A)<=T16), T15, (INDEX('Tabela de Apoio'!$B:$B,MATCH('MAPA DE PREÇOS'!$O$8,'Tabela de Apoio'!$A:$A,1))/INDEX('Tabela de Apoio'!$B:$B,MATCH('MAPA DE PREÇOS'!T16,'Tabela de Apoio'!$A:$A,1)-1))*T15)) | U19: =IF(U15="","", IF(OR(U17="Orçamento",U16="",MAX('Tabela de Apoio'!$A:$A)<=U16), U15, (INDEX('Tabela de Apoio'!$B:$B,MATCH('MAPA DE PREÇOS'!$O$8,'Tabela de Apoio'!$A:$A,1))/INDEX('Tabela de Apoio'!$B:$B,MATCH('MAPA DE PREÇOS'!U16,'Tabela de Apoio'!$A:$A,1)-1))*U15)) | V19: =IF(V15="","", IF(OR(V17="Orçamento",V16="",MAX('Tabela de Apoio'!$A:$A)<=V16), V15, (INDEX('Tabela de Apoio'!$B:$B,MATCH('MAPA DE PREÇOS'!$O$8,'Tabela de Apoio'!$A:$A,1))/INDEX('Tabela de Apoio'!$B:$B,MATCH('MAPA DE PREÇOS'!V16,'Tabela de Apoio'!$A:$A,1)-1))*V15)) | W19: =IF(W15="","", IF(OR(W17="Orçamento",W16="",MAX('Tabela de Apoio'!$A:$A)<=W16), W15, (INDEX('Tabela de Apoio'!$B:$B,MATCH('MAPA DE PREÇOS'!$O$8,'Tabela de Apoio'!$A:$A,1))/INDEX('Tabela de Apoio'!$B:$B,MATCH('MAPA DE PREÇOS'!W16,'Tabela de Apoio'!$A:$A,1)-1))*W15)) | ... AI19: =IF(AI15="","", IF(OR(AI17="Orçamento",AI16="",MAX('Tabela de Apoio'!$A:$A)<=AI16), AI15, (INDEX('Tabela de Apoio'!$B:$B,MATCH('MAPA DE PREÇOS'!$O$8,'Tabela de Apoio'!$A:$A,1))/INDEX('Tabela de Apoio'!$B:$B,MATCH('MAPA DE PREÇOS'!AI16,'Tabela de Apoio'!$A:$A,1)-1))*AI15))
B20: =B19 -> 1 | C20: =C19 -> 1 | D20: =D19 -> 1 | O20: P D CAIXAS | P20: =IF(IFERROR(VLOOKUP(P17,'Tabela de Apoio'!$D:$E,2,FALSE),1)=1,"",P21) | Q20: =IF(IFERROR(VLOOKUP(Q17,'Tabela de Apoio'!$D:$E,2,FALSE),1)=1,"",Q21) | R20: =IF(IFERROR(VLOOKUP(R17,'Tabela de Apoio'!$D:$E,2,FALSE),1)=1,"",R21) | S20: =IF(IFERROR(VLOOKUP(S17,'Tabela de Apoio'!$D:$E,2,FALSE),1)=1,"",S21) | T20: =IF(IFERROR(VLOOKUP(T17,'Tabela de Apoio'!$D:$E,2,FALSE),1)=1,"",T21) | U20: =IF(IFERROR(VLOOKUP(U17,'Tabela de Apoio'!$D:$E,2,FALSE),1)=1,"",U21) | V20: =IF(IFERROR(VLOOKUP(V17,'Tabela de Apoio'!$D:$E,2,FALSE),1)=1,"",V21) | W20: =IF(IFERROR(VLOOKUP(W17,'Tabela de Apoio'!$D:$E,2,FALSE),1)=1,"",W21) | ... AI20: =IF(IFERROR(VLOOKUP(AI17,'Tabela de Apoio'!$D:$E,2,FALSE),1)=1,"",AI21)
B21: =B20 -> 1 | C21: =C20 -> 1 | D21: =D20 -> 1 | H21: =COUNT($P21:$XX21) -> 1 | I21: =_xlfn.STDEV.P($P20:$XX21)/AVERAGE($P20:$XX21) -> 0 | J21: =ROW() -> 21 | L21: PREÇO ESTIMADO | M21: =IFERROR( IF(COUNTA(P15:AI15)=COUNTIF(P17:XX17,"Orçamento"),MIN(M26,M23), IF(M24<>"",M24, IF(M25<>"",M25, M23 ))),"") -> 5716.26 | O21: D CAIXAS | P21: =IFERROR(IF(P19="", "", IF(COUNT($P19:$XX19)<=4, P19, IF(OR(P19>(QUARTILE($P19:$XX19,3)+(QUARTILE($P19:$XX19,3)-QUARTILE($P19:$XX19,1))), P19<(QUARTILE($P19:$XX19,1)-(QUARTILE($P19:$XX19,3)-QUARTILE($P19:$XX19,1))) ), "DESCARTADO",P19) ) ),P19) -> 5716.26 | Q21: =IFERROR(IF(Q19="", "", IF(COUNT($P19:$XX19)<=4, Q19, IF(OR(Q19>(QUARTILE($P19:$XX19,3)+(QUARTILE($P19:$XX19,3)-QUARTILE($P19:$XX19,1))), Q19<(QUARTILE($P19:$XX19,1)-(QUARTILE($P19:$XX19,3)-QUARTILE($P19:$XX19,1))) ), "DESCARTADO",Q19) ) ),Q19) | R21: =IFERROR(IF(R19="", "", IF(COUNT($P19:$XX19)<=4, R19, IF(OR(R19>(QUARTILE($P19:$XX19,3)+(QUARTILE($P19:$XX19,3)-QUARTILE($P19:$XX19,1))), R19<(QUARTILE($P19:$XX19,1)-(QUARTILE($P19:$XX19,3)-QUARTILE($P19:$XX19,1))) ), "DESCARTADO",R19) ) ),R19) | S21: =IFERROR(IF(S19="", "", IF(COUNT($P19:$XX19)<=4, S19, IF(OR(S19>(QUARTILE($P19:$XX19,3)+(QUARTILE($P19:$XX19,3)-QUARTILE($P19:$XX19,1))), S19<(QUARTILE($P19:$XX19,1)-(QUARTILE($P19:$XX19,3)-QUARTILE($P19:$XX19,1))) ), "DESCARTADO",S19) ) ),S19) | T21: =IFERROR(IF(T19="", "", IF(COUNT($P19:$XX19)<=4, T19, IF(OR(T19>(QUARTILE($P19:$XX19,3)+(QUARTILE($P19:$XX19,3)-QUARTILE($P19:$XX19,1))), T19<(QUARTILE($P19:$XX19,1)-(QUARTILE($P19:$XX19,3)-QUARTILE($P19:$XX19,1))) ), "DESCARTADO",T19) ) ),T19) | U21: =IFERROR(IF(U19="", "", IF(COUNT($P19:$XX19)<=4, U19, IF(OR(U19>(QUARTILE($P19:$XX19,3)+(QUARTILE($P19:$XX19,3)-QUARTILE($P19:$XX19,1))), U19<(QUARTILE($P19:$XX19,1)-(QUARTILE($P19:$XX19,3)-QUARTILE($P19:$XX19,1))) ), "DESCARTADO",U19) ) ),U19) | V21: =IFERROR(IF(V19="", "", IF(COUNT($P19:$XX19)<=4, V19, IF(OR(V19>(QUARTILE($P19:$XX19,3)+(QUARTILE($P19:$XX19,3)-QUARTILE($P19:$XX19,1))), V19<(QUARTILE($P19:$XX19,1)-(QUARTILE($P19:$XX19,3)-QUARTILE($P19:$XX19,1))) ), "DESCARTADO",V19) ) ),V19) | W21: =IFERROR(IF(W19="", "", IF(COUNT($P19:$XX19)<=4, W19, IF(OR(W19>(QUARTILE($P19:$XX19,3)+(QUARTILE($P19:$XX19,3)-QUARTILE($P19:$XX19,1))), W19<(QUARTILE($P19:$XX19,1)-(QUARTILE($P19:$XX19,3)-QUARTILE($P19:$XX19,1))) ), "DESCARTADO",W19) ) ),W19) | ... AI21: =IFERROR(IF(AI19="", "", IF(COUNT($P19:$XX19)<=4, AI19, IF(OR(AI19>(QUARTILE($P19:$XX19,3)+(QUARTILE($P19:$XX19,3)-QUARTILE($P19:$XX19,1))), AI19<(QUARTILE($P19:$XX19,1)-(QUARTILE($P19:$XX19,3)-QUARTILE($P19:$XX19,1))) ), "DESCARTADO",AI19) ) ),AI19)
B22: =B21 -> 1 | C22: =C21 -> 1 | D22: =D21 -> 1 | L22: MÉDIA | M22: =AVERAGE($P21:$XX21) -> 5716.26 | O22: ="1 POND" -> 1 POND | P22: =IF(IFERROR(VLOOKUP(P17,'Tabela de Apoio'!$D:$E,2,FALSE),1)=1,"",P23) | Q22: =IF(IFERROR(VLOOKUP(Q17,'Tabela de Apoio'!$D:$E,2,FALSE),1)=1,"",Q23) | R22: =IF(IFERROR(VLOOKUP(R17,'Tabela de Apoio'!$D:$E,2,FALSE),1)=1,"",R23) | S22: =IF(IFERROR(VLOOKUP(S17,'Tabela de Apoio'!$D:$E,2,FALSE),1)=1,"",S23) | T22: =IF(IFERROR(VLOOKUP(T17,'Tabela de Apoio'!$D:$E,2,FALSE),1)=1,"",T23) | U22: =IF(IFERROR(VLOOKUP(U17,'Tabela de Apoio'!$D:$E,2,FALSE),1)=1,"",U23) | V22: =IF(IFERROR(VLOOKUP(V17,'Tabela de Apoio'!$D:$E,2,FALSE),1)=1,"",V23) | W22: =IF(IFERROR(VLOOKUP(W17,'Tabela de Apoio'!$D:$E,2,FALSE),1)=1,"",W23) | ... AI22: =IF(IFERROR(VLOOKUP(AI17,'Tabela de Apoio'!$D:$E,2,FALSE),1)=1,"",AI23)
B23: =B22 -> 1 | C23: =C22 -> 1 | D23: =D22 -> 1 | H23: =COUNT($P23:$XX23) -> 1 | I23: =_xlfn.STDEV.P($P22:$XX23)/AVERAGE($P22:$XX23) -> 0 | J23: =IF(AND(H23>2, OR(L15="MÉDIA SANEADA",L15="MEDIANA SANEADA", AND(L15="PREÇO ESTIMADO",NOT(AND(P17="Orçamento",COUNTA(P15:XX15)=COUNTIF(P17:XX17,"Orçamento")))))), ROW(),0) -> 0 | L23: MEDIANA | M23: =MEDIAN($P21:$XX21) -> 5716.26 | O23: ="1 RODADA" -> 1 RODADA | P23: =IF(P21="","",IF((_xlfn.STDEV.P($P20:$XX21)/AVERAGE($P20:$XX21))<=25%,P21,IF(OR(P21>(AVERAGE($P20:$XX21)+_xlfn.STDEV.P($P20:$XX21)),P21<(AVERAGE($P20:$XX21)-_xlfn.STDEV.P($P20:$XX21))),"DESCARTADO",P21))) -> 5716.26 | Q23: =IF(Q21="","",IF((_xlfn.STDEV.P($P20:$XX21)/AVERAGE($P20:$XX21))<=25%,Q21,IF(OR(Q21>(AVERAGE($P20:$XX21)+_xlfn.STDEV.P($P20:$XX21)),Q21<(AVERAGE($P20:$XX21)-_xlfn.STDEV.P($P20:$XX21))),"DESCARTADO",Q21))) | R23: =IF(R21="","",IF((_xlfn.STDEV.P($P20:$XX21)/AVERAGE($P20:$XX21))<=25%,R21,IF(OR(R21>(AVERAGE($P20:$XX21)+_xlfn.STDEV.P($P20:$XX21)),R21<(AVERAGE($P20:$XX21)-_xlfn.STDEV.P($P20:$XX21))),"DESCARTADO",R21))) | S23: =IF(S21="","",IF((_xlfn.STDEV.P($P20:$XX21)/AVERAGE($P20:$XX21))<=25%,S21,IF(OR(S21>(AVERAGE($P20:$XX21)+_xlfn.STDEV.P($P20:$XX21)),S21<(AVERAGE($P20:$XX21)-_xlfn.STDEV.P($P20:$XX21))),"DESCARTADO",S21))) | T23: =IF(T21="","",IF((_xlfn.STDEV.P($P20:$XX21)/AVERAGE($P20:$XX21))<=25%,T21,IF(OR(T21>(AVERAGE($P20:$XX21)+_xlfn.STDEV.P($P20:$XX21)),T21<(AVERAGE($P20:$XX21)-_xlfn.STDEV.P($P20:$XX21))),"DESCARTADO",T21))) | U23: =IF(U21="","",IF((_xlfn.STDEV.P($P20:$XX21)/AVERAGE($P20:$XX21))<=25%,U21,IF(OR(U21>(AVERAGE($P20:$XX21)+_xlfn.STDEV.P($P20:$XX21)),U21<(AVERAGE($P20:$XX21)-_xlfn.STDEV.P($P20:$XX21))),"DESCARTADO",U21))) | V23: =IF(V21="","",IF((_xlfn.STDEV.P($P20:$XX21)/AVERAGE($P20:$XX21))<=25%,V21,IF(OR(V21>(AVERAGE($P20:$XX21)+_xlfn.STDEV.P($P20:$XX21)),V21<(AVERAGE($P20:$XX21)-_xlfn.STDEV.P($P20:$XX21))),"DESCARTADO",V21))) | W23: =IF(W21="","",IF((_xlfn.STDEV.P($P20:$XX21)/AVERAGE($P20:$XX21))<=25%,W21,IF(OR(W21>(AVERAGE($P20:$XX21)+_xlfn.STDEV.P($P20:$XX21)),W21<(AVERAGE($P20:$XX21)-_xlfn.STDEV.P($P20:$XX21))),"DESCARTADO",W21))) | ... AI23: =IF(AI21="","",IF((_xlfn.STDEV.P($P20:$XX21)/AVERAGE($P20:$XX21))<=25%,AI21,IF(OR(AI21>(AVERAGE($P20:$XX21)+_xlfn.STDEV.P($P20:$XX21)),AI21<(AVERAGE($P20:$XX21)-_xlfn.STDEV.P($P20:$XX21))),"DESCARTADO",AI21)))
B24: =B23 -> 1 | C24: =C23 -> 1 | D24: =D23 -> 1 | L24: MÉDIA SANEADA | M24: =IFERROR( IF(AND(H23>2,I23<=25%),AVERAGE(P22:XX23), IF(AND(H25>2,I25<=25%),AVERAGE(P24:XX25), IF(AND(H27>2,I27<=25%),AVERAGE(P26:XX27), IF(AND(H29>2,I29<=25%),AVERAGE(P28:XX29), IF(AND(H31>2,I31<=25%),AVERAGE(P30:XX31), IF(AND(H33>2,I33<=25%),AVERAGE(P32:XX33), IF(I21<=25%,AVERAGE(P20:XX21),""))))))),"") -> 5716.26 | O24: ="2 POND" -> 2 POND | P24: =IF(IFERROR(VLOOKUP(P17,'Tabela de Apoio'!$D:$E,2,FALSE),1)=1,"",P25) | Q24: =IF(IFERROR(VLOOKUP(Q17,'Tabela de Apoio'!$D:$E,2,FALSE),1)=1,"",Q25) | R24: =IF(IFERROR(VLOOKUP(R17,'Tabela de Apoio'!$D:$E,2,FALSE),1)=1,"",R25) | S24: =IF(IFERROR(VLOOKUP(S17,'Tabela de Apoio'!$D:$E,2,FALSE),1)=1,"",S25) | T24: =IF(IFERROR(VLOOKUP(T17,'Tabela de Apoio'!$D:$E,2,FALSE),1)=1,"",T25) | U24: =IF(IFERROR(VLOOKUP(U17,'Tabela de Apoio'!$D:$E,2,FALSE),1)=1,"",U25) | V24: =IF(IFERROR(VLOOKUP(V17,'Tabela de Apoio'!$D:$E,2,FALSE),1)=1,"",V25) | W24: =IF(IFERROR(VLOOKUP(W17,'Tabela de Apoio'!$D:$E,2,FALSE),1)=1,"",W25) | ... AI24: =IF(IFERROR(VLOOKUP(AI17,'Tabela de Apoio'!$D:$E,2,FALSE),1)=1,"",AI25)
B25: =B24 -> 1 | C25: =C24 -> 1 | D25: =D24 -> 1 | H25: =COUNT($P25:$XX25) -> 1 | I25: =_xlfn.STDEV.P($P24:$XX25)/AVERAGE($P24:$XX25) -> 0 | J25: =IF(AND(H25>2, OR(L15="MÉDIA SANEADA",L15="MEDIANA SANEADA", AND(L15="PREÇO ESTIMADO",NOT(AND(P17="Orçamento",COUNTA(P15:XX15)=COUNTIF(P17:XX17,"Orçamento")))))), ROW(),0) -> 0 | L25: MEDIANA SANEADA | M25: =IF(H23>2,MEDIAN(P22:XX23), IF(H25>2,MEDIAN(P24:XX25), IF(H27>2,MEDIAN(P26:XX27), IF(H29>2,MEDIAN(P28:XX29), IF(H31>2,MEDIAN(P30:XX31), IF(H33>2,MEDIAN(P32:XX33), MEDIAN(P20:XX21))))))) -> 5716.26 | O25: ="2 RODADA" -> 2 RODADA | P25: =IF(P23="","",IF((_xlfn.STDEV.P($P22:$XX23)/AVERAGE($P22:$XX23))<=25%,P23,IF(OR(P23>(AVERAGE($P22:$XX23)+_xlfn.STDEV.P($P22:$XX23)),P23<(AVERAGE($P22:$XX23)-_xlfn.STDEV.P($P22:$XX23))),"DESCARTADO",P23))) -> 5716.26 | Q25: =IF(Q23="","",IF((_xlfn.STDEV.P($P22:$XX23)/AVERAGE($P22:$XX23))<=25%,Q23,IF(OR(Q23>(AVERAGE($P22:$XX23)+_xlfn.STDEV.P($P22:$XX23)),Q23<(AVERAGE($P22:$XX23)-_xlfn.STDEV.P($P22:$XX23))),"DESCARTADO",Q23))) | R25: =IF(R23="","",IF((_xlfn.STDEV.P($P22:$XX23)/AVERAGE($P22:$XX23))<=25%,R23,IF(OR(R23>(AVERAGE($P22:$XX23)+_xlfn.STDEV.P($P22:$XX23)),R23<(AVERAGE($P22:$XX23)-_xlfn.STDEV.P($P22:$XX23))),"DESCARTADO",R23))) | S25: =IF(S23="","",IF((_xlfn.STDEV.P($P22:$XX23)/AVERAGE($P22:$XX23))<=25%,S23,IF(OR(S23>(AVERAGE($P22:$XX23)+_xlfn.STDEV.P($P22:$XX23)),S23<(AVERAGE($P22:$XX23)-_xlfn.STDEV.P($P22:$XX23))),"DESCARTADO",S23))) | T25: =IF(T23="","",IF((_xlfn.STDEV.P($P22:$XX23)/AVERAGE($P22:$XX23))<=25%,T23,IF(OR(T23>(AVERAGE($P22:$XX23)+_xlfn.STDEV.P($P22:$XX23)),T23<(AVERAGE($P22:$XX23)-_xlfn.STDEV.P($P22:$XX23))),"DESCARTADO",T23))) | U25: =IF(U23="","",IF((_xlfn.STDEV.P($P22:$XX23)/AVERAGE($P22:$XX23))<=25%,U23,IF(OR(U23>(AVERAGE($P22:$XX23)+_xlfn.STDEV.P($P22:$XX23)),U23<(AVERAGE($P22:$XX23)-_xlfn.STDEV.P($P22:$XX23))),"DESCARTADO",U23))) | V25: =IF(V23="","",IF((_xlfn.STDEV.P($P22:$XX23)/AVERAGE($P22:$XX23))<=25%,V23,IF(OR(V23>(AVERAGE($P22:$XX23)+_xlfn.STDEV.P($P22:$XX23)),V23<(AVERAGE($P22:$XX23)-_xlfn.STDEV.P($P22:$XX23))),"DESCARTADO",V23))) | W25: =IF(W23="","",IF((_xlfn.STDEV.P($P22:$XX23)/AVERAGE($P22:$XX23))<=25%,W23,IF(OR(W23>(AVERAGE($P22:$XX23)+_xlfn.STDEV.P($P22:$XX23)),W23<(AVERAGE($P22:$XX23)-_xlfn.STDEV.P($P22:$XX23))),"DESCARTADO",W23))) | ... AI25: =IF(AI23="","",IF((_xlfn.STDEV.P($P22:$XX23)/AVERAGE($P22:$XX23))<=25%,AI23,IF(OR(AI23>(AVERAGE($P22:$XX23)+_xlfn.STDEV.P($P22:$XX23)),AI23<(AVERAGE($P22:$XX23)-_xlfn.STDEV.P($P22:$XX23))),"DESCARTADO",AI23)))
B26: =B25 -> 1 | C26: =C25 -> 1 | D26: =D25 -> 1 | L26: MÉDIA HARMÔNICA | M26: =HARMEAN($P20:$XX21) -> 5716.26 | O26: ="3 POND" -> 3 POND | P26: =IF(IFERROR(VLOOKUP(P17,'Tabela de Apoio'!$D:$E,2,FALSE),1)=1,"",P27) | Q26: =IF(IFERROR(VLOOKUP(Q17,'Tabela de Apoio'!$D:$E,2,FALSE),1)=1,"",Q27) | R26: =IF(IFERROR(VLOOKUP(R17,'Tabela de Apoio'!$D:$E,2,FALSE),1)=1,"",R27) | S26: =IF(IFERROR(VLOOKUP(S17,'Tabela de Apoio'!$D:$E,2,FALSE),1)=1,"",S27) | T26: =IF(IFERROR(VLOOKUP(T17,'Tabela de Apoio'!$D:$E,2,FALSE),1)=1,"",T27) | U26: =IF(IFERROR(VLOOKUP(U17,'Tabela de Apoio'!$D:$E,2,FALSE),1)=1,"",U27) | V26: =IF(IFERROR(VLOOKUP(V17,'Tabela de Apoio'!$D:$E,2,FALSE),1)=1,"",V27) | W26: =IF(IFERROR(VLOOKUP(W17,'Tabela de Apoio'!$D:$E,2,FALSE),1)=1,"",W27) | ... AI26: =IF(IFERROR(VLOOKUP(AI17,'Tabela de Apoio'!$D:$E,2,FALSE),1)=1,"",AI27)
B27: =B26 -> 1 | C27: =C26 -> 1 | D27: =D26 -> 1 | H27: =COUNT($P27:$XX27) -> 1 | I27: =_xlfn.STDEV.P($P26:$XX27)/AVERAGE($P26:$XX27) -> 0 | J27: =IF(AND(H27>2, OR(L15="MÉDIA SANEADA",L15="MEDIANA SANEADA", AND(L15="PREÇO ESTIMADO",NOT(AND(P17="Orçamento",COUNTA(P15:XX15)=COUNTIF(P17:XX17,"Orçamento")))))), ROW(),0) -> 0 | L27: PRIMEIRO QUARTIL | M27: =IFERROR(_xlfn.QUARTILE.EXC($P21:$XX21,1),"") | O27: ="3 RODADA" -> 3 RODADA | P27: =IF(P25="","",IF((_xlfn.STDEV.P($P24:$XX25)/AVERAGE($P24:$XX25))<=25%,P25,IF(OR(P25>(AVERAGE($P24:$XX25)+_xlfn.STDEV.P($P24:$XX25)),P25<(AVERAGE($P24:$XX25)-_xlfn.STDEV.P($P24:$XX25))),"DESCARTADO",P25))) -> 5716.26 | Q27: =IF(Q25="","",IF((_xlfn.STDEV.P($P24:$XX25)/AVERAGE($P24:$XX25))<=25%,Q25,IF(OR(Q25>(AVERAGE($P24:$XX25)+_xlfn.STDEV.P($P24:$XX25)),Q25<(AVERAGE($P24:$XX25)-_xlfn.STDEV.P($P24:$XX25))),"DESCARTADO",Q25))) | R27: =IF(R25="","",IF((_xlfn.STDEV.P($P24:$XX25)/AVERAGE($P24:$XX25))<=25%,R25,IF(OR(R25>(AVERAGE($P24:$XX25)+_xlfn.STDEV.P($P24:$XX25)),R25<(AVERAGE($P24:$XX25)-_xlfn.STDEV.P($P24:$XX25))),"DESCARTADO",R25))) | S27: =IF(S25="","",IF((_xlfn.STDEV.P($P24:$XX25)/AVERAGE($P24:$XX25))<=25%,S25,IF(OR(S25>(AVERAGE($P24:$XX25)+_xlfn.STDEV.P($P24:$XX25)),S25<(AVERAGE($P24:$XX25)-_xlfn.STDEV.P($P24:$XX25))),"DESCARTADO",S25))) | T27: =IF(T25="","",IF((_xlfn.STDEV.P($P24:$XX25)/AVERAGE($P24:$XX25))<=25%,T25,IF(OR(T25>(AVERAGE($P24:$XX25)+_xlfn.STDEV.P($P24:$XX25)),T25<(AVERAGE($P24:$XX25)-_xlfn.STDEV.P($P24:$XX25))),"DESCARTADO",T25))) | U27: =IF(U25="","",IF((_xlfn.STDEV.P($P24:$XX25)/AVERAGE($P24:$XX25))<=25%,U25,IF(OR(U25>(AVERAGE($P24:$XX25)+_xlfn.STDEV.P($P24:$XX25)),U25<(AVERAGE($P24:$XX25)-_xlfn.STDEV.P($P24:$XX25))),"DESCARTADO",U25))) | V27: =IF(V25="","",IF((_xlfn.STDEV.P($P24:$XX25)/AVERAGE($P24:$XX25))<=25%,V25,IF(OR(V25>(AVERAGE($P24:$XX25)+_xlfn.STDEV.P($P24:$XX25)),V25<(AVERAGE($P24:$XX25)-_xlfn.STDEV.P($P24:$XX25))),"DESCARTADO",V25))) | W27: =IF(W25="","",IF((_xlfn.STDEV.P($P24:$XX25)/AVERAGE($P24:$XX25))<=25%,W25,IF(OR(W25>(AVERAGE($P24:$XX25)+_xlfn.STDEV.P($P24:$XX25)),W25<(AVERAGE($P24:$XX25)-_xlfn.STDEV.P($P24:$XX25))),"DESCARTADO",W25))) | ... AI27: =IF(AI25="","",IF((_xlfn.STDEV.P($P24:$XX25)/AVERAGE($P24:$XX25))<=25%,AI25,IF(OR(AI25>(AVERAGE($P24:$XX25)+_xlfn.STDEV.P($P24:$XX25)),AI25<(AVERAGE($P24:$XX25)-_xlfn.STDEV.P($P24:$XX25))),"DESCARTADO",AI25)))
B28: =B27 -> 1 | C28: =C27 -> 1 | D28: =D27 -> 1 | L28: TERCEIRO QUARTIL | M28: =IFERROR(_xlfn.QUARTILE.EXC($P21:$XX21,3),"") | O28: ="4 POND" -> 4 POND | P28: =IF(IFERROR(VLOOKUP(P17,'Tabela de Apoio'!$D:$E,2,FALSE),1)=1,"",P29) | Q28: =IF(IFERROR(VLOOKUP(Q17,'Tabela de Apoio'!$D:$E,2,FALSE),1)=1,"",Q29) | R28: =IF(IFERROR(VLOOKUP(R17,'Tabela de Apoio'!$D:$E,2,FALSE),1)=1,"",R29) | S28: =IF(IFERROR(VLOOKUP(S17,'Tabela de Apoio'!$D:$E,2,FALSE),1)=1,"",S29) | T28: =IF(IFERROR(VLOOKUP(T17,'Tabela de Apoio'!$D:$E,2,FALSE),1)=1,"",T29) | U28: =IF(IFERROR(VLOOKUP(U17,'Tabela de Apoio'!$D:$E,2,FALSE),1)=1,"",U29) | V28: =IF(IFERROR(VLOOKUP(V17,'Tabela de Apoio'!$D:$E,2,FALSE),1)=1,"",V29) | W28: =IF(IFERROR(VLOOKUP(W17,'Tabela de Apoio'!$D:$E,2,FALSE),1)=1,"",W29) | ... AI28: =IF(IFERROR(VLOOKUP(AI17,'Tabela de Apoio'!$D:$E,2,FALSE),1)=1,"",AI29)
B29: =B28 -> 1 | C29: =C28 -> 1 | D29: =D28 -> 1 | H29: =COUNT($P29:$XX29) -> 1 | I29: =_xlfn.STDEV.P($P28:$XX29)/AVERAGE($P28:$XX29) -> 0 | J29: =IF(AND(H29>2, OR(L15="MÉDIA SANEADA",L15="MEDIANA SANEADA", AND(L15="PREÇO ESTIMADO",NOT(AND(P17="Orçamento",COUNTA(P15:XX15)=COUNTIF(P17:XX17,"Orçamento")))))), ROW(),0) -> 0 | L29: MENOR VALOR | M29: =MIN($P21:$XX21) -> 5716.26 | O29: ="4 RODADA" -> 4 RODADA | P29: =IF(P27="","",IF((_xlfn.STDEV.P($P26:$XX27)/AVERAGE($P26:$XX27))<=25%,P27,IF(OR(P27>(AVERAGE($P26:$XX27)+_xlfn.STDEV.P($P26:$XX27)),P27<(AVERAGE($P26:$XX27)-_xlfn.STDEV.P($P26:$XX27))),"DESCARTADO",P27))) -> 5716.26 | Q29: =IF(Q27="","",IF((_xlfn.STDEV.P($P26:$XX27)/AVERAGE($P26:$XX27))<=25%,Q27,IF(OR(Q27>(AVERAGE($P26:$XX27)+_xlfn.STDEV.P($P26:$XX27)),Q27<(AVERAGE($P26:$XX27)-_xlfn.STDEV.P($P26:$XX27))),"DESCARTADO",Q27))) | R29: =IF(R27="","",IF((_xlfn.STDEV.P($P26:$XX27)/AVERAGE($P26:$XX27))<=25%,R27,IF(OR(R27>(AVERAGE($P26:$XX27)+_xlfn.STDEV.P($P26:$XX27)),R27<(AVERAGE($P26:$XX27)-_xlfn.STDEV.P($P26:$XX27))),"DESCARTADO",R27))) | S29: =IF(S27="","",IF((_xlfn.STDEV.P($P26:$XX27)/AVERAGE($P26:$XX27))<=25%,S27,IF(OR(S27>(AVERAGE($P26:$XX27)+_xlfn.STDEV.P($P26:$XX27)),S27<(AVERAGE($P26:$XX27)-_xlfn.STDEV.P($P26:$XX27))),"DESCARTADO",S27))) | T29: =IF(T27="","",IF((_xlfn.STDEV.P($P26:$XX27)/AVERAGE($P26:$XX27))<=25%,T27,IF(OR(T27>(AVERAGE($P26:$XX27)+_xlfn.STDEV.P($P26:$XX27)),T27<(AVERAGE($P26:$XX27)-_xlfn.STDEV.P($P26:$XX27))),"DESCARTADO",T27))) | U29: =IF(U27="","",IF((_xlfn.STDEV.P($P26:$XX27)/AVERAGE($P26:$XX27))<=25%,U27,IF(OR(U27>(AVERAGE($P26:$XX27)+_xlfn.STDEV.P($P26:$XX27)),U27<(AVERAGE($P26:$XX27)-_xlfn.STDEV.P($P26:$XX27))),"DESCARTADO",U27))) | V29: =IF(V27="","",IF((_xlfn.STDEV.P($P26:$XX27)/AVERAGE($P26:$XX27))<=25%,V27,IF(OR(V27>(AVERAGE($P26:$XX27)+_xlfn.STDEV.P($P26:$XX27)),V27<(AVERAGE($P26:$XX27)-_xlfn.STDEV.P($P26:$XX27))),"DESCARTADO",V27))) | W29: =IF(W27="","",IF((_xlfn.STDEV.P($P26:$XX27)/AVERAGE($P26:$XX27))<=25%,W27,IF(OR(W27>(AVERAGE($P26:$XX27)+_xlfn.STDEV.P($P26:$XX27)),W27<(AVERAGE($P26:$XX27)-_xlfn.STDEV.P($P26:$XX27))),"DESCARTADO",W27))) | ... AI29: =IF(AI27="","",IF((_xlfn.STDEV.P($P26:$XX27)/AVERAGE($P26:$XX27))<=25%,AI27,IF(OR(AI27>(AVERAGE($P26:$XX27)+_xlfn.STDEV.P($P26:$XX27)),AI27<(AVERAGE($P26:$XX27)-_xlfn.STDEV.P($P26:$XX27))),"DESCARTADO",AI27)))
B30: =B29 -> 1 | C30: =C29 -> 1 | D30: =D29 -> 1 | L30: MAIOR VALOR | M30: =MAX($P21:$XX21) -> 5716.26 | O30: ="5 POND" -> 5 POND | P30: =IF(IFERROR(VLOOKUP(P17,'Tabela de Apoio'!$D:$E,2,FALSE),1)=1,"",P31) | Q30: =IF(IFERROR(VLOOKUP(Q17,'Tabela de Apoio'!$D:$E,2,FALSE),1)=1,"",Q31) | R30: =IF(IFERROR(VLOOKUP(R17,'Tabela de Apoio'!$D:$E,2,FALSE),1)=1,"",R31) | S30: =IF(IFERROR(VLOOKUP(S17,'Tabela de Apoio'!$D:$E,2,FALSE),1)=1,"",S31) | T30: =IF(IFERROR(VLOOKUP(T17,'Tabela de Apoio'!$D:$E,2,FALSE),1)=1,"",T31) | U30: =IF(IFERROR(VLOOKUP(U17,'Tabela de Apoio'!$D:$E,2,FALSE),1)=1,"",U31) | V30: =IF(IFERROR(VLOOKUP(V17,'Tabela de Apoio'!$D:$E,2,FALSE),1)=1,"",V31) | W30: =IF(IFERROR(VLOOKUP(W17,'Tabela de Apoio'!$D:$E,2,FALSE),1)=1,"",W31) | ... AI30: =IF(IFERROR(VLOOKUP(AI17,'Tabela de Apoio'!$D:$E,2,FALSE),1)=1,"",AI31)
B31: =B30 -> 1 | C31: =C30 -> 1 | D31: =D30 -> 1 | H31: =COUNT($P31:$XX31) -> 1 | I31: =_xlfn.STDEV.P($P30:$XX31)/AVERAGE($P30:$XX31) -> 0 | J31: =IF(AND(H31>2, OR(L15="MÉDIA SANEADA",L15="MEDIANA SANEADA", AND(L15="PREÇO ESTIMADO",NOT(AND(P17="Orçamento",COUNTA(P15:XX15)=COUNTIF(P17:XX17,"Orçamento")))))), ROW(),0) -> 0 | O31: ="5 RODADA" -> 5 RODADA | P31: =IF(P29="","",IF((_xlfn.STDEV.P($P28:$XX29)/AVERAGE($P28:$XX29))<=25%,P29,IF(OR(P29>(AVERAGE($P28:$XX29)+_xlfn.STDEV.P($P28:$XX29)),P29<(AVERAGE($P28:$XX29)-_xlfn.STDEV.P($P28:$XX29))),"DESCARTADO",P29))) -> 5716.26 | Q31: =IF(Q29="","",IF((_xlfn.STDEV.P($P28:$XX29)/AVERAGE($P28:$XX29))<=25%,Q29,IF(OR(Q29>(AVERAGE($P28:$XX29)+_xlfn.STDEV.P($P28:$XX29)),Q29<(AVERAGE($P28:$XX29)-_xlfn.STDEV.P($P28:$XX29))),"DESCARTADO",Q29))) | R31: =IF(R29="","",IF((_xlfn.STDEV.P($P28:$XX29)/AVERAGE($P28:$XX29))<=25%,R29,IF(OR(R29>(AVERAGE($P28:$XX29)+_xlfn.STDEV.P($P28:$XX29)),R29<(AVERAGE($P28:$XX29)-_xlfn.STDEV.P($P28:$XX29))),"DESCARTADO",R29))) | S31: =IF(S29="","",IF((_xlfn.STDEV.P($P28:$XX29)/AVERAGE($P28:$XX29))<=25%,S29,IF(OR(S29>(AVERAGE($P28:$XX29)+_xlfn.STDEV.P($P28:$XX29)),S29<(AVERAGE($P28:$XX29)-_xlfn.STDEV.P($P28:$XX29))),"DESCARTADO",S29))) | T31: =IF(T29="","",IF((_xlfn.STDEV.P($P28:$XX29)/AVERAGE($P28:$XX29))<=25%,T29,IF(OR(T29>(AVERAGE($P28:$XX29)+_xlfn.STDEV.P($P28:$XX29)),T29<(AVERAGE($P28:$XX29)-_xlfn.STDEV.P($P28:$XX29))),"DESCARTADO",T29))) | U31: =IF(U29="","",IF((_xlfn.STDEV.P($P28:$XX29)/AVERAGE($P28:$XX29))<=25%,U29,IF(OR(U29>(AVERAGE($P28:$XX29)+_xlfn.STDEV.P($P28:$XX29)),U29<(AVERAGE($P28:$XX29)-_xlfn.STDEV.P($P28:$XX29))),"DESCARTADO",U29))) | V31: =IF(V29="","",IF((_xlfn.STDEV.P($P28:$XX29)/AVERAGE($P28:$XX29))<=25%,V29,IF(OR(V29>(AVERAGE($P28:$XX29)+_xlfn.STDEV.P($P28:$XX29)),V29<(AVERAGE($P28:$XX29)-_xlfn.STDEV.P($P28:$XX29))),"DESCARTADO",V29))) | W31: =IF(W29="","",IF((_xlfn.STDEV.P($P28:$XX29)/AVERAGE($P28:$XX29))<=25%,W29,IF(OR(W29>(AVERAGE($P28:$XX29)+_xlfn.STDEV.P($P28:$XX29)),W29<(AVERAGE($P28:$XX29)-_xlfn.STDEV.P($P28:$XX29))),"DESCARTADO",W29))) | ... AI31: =IF(AI29="","",IF((_xlfn.STDEV.P($P28:$XX29)/AVERAGE($P28:$XX29))<=25%,AI29,IF(OR(AI29>(AVERAGE($P28:$XX29)+_xlfn.STDEV.P($P28:$XX29)),AI29<(AVERAGE($P28:$XX29)-_xlfn.STDEV.P($P28:$XX29))),"DESCARTADO",AI29)))
B32: =B31 -> 1 | C32: =C31 -> 1 | D32: =D31 -> 1 | O32: ="6 POND" -> 6 POND | P32: =IF(IFERROR(VLOOKUP(P17,'Tabela de Apoio'!$D:$E,2,FALSE),1)=1,"",P33) | Q32: =IF(IFERROR(VLOOKUP(Q17,'Tabela de Apoio'!$D:$E,2,FALSE),1)=1,"",Q33) | R32: =IF(IFERROR(VLOOKUP(R17,'Tabela de Apoio'!$D:$E,2,FALSE),1)=1,"",R33) | S32: =IF(IFERROR(VLOOKUP(S17,'Tabela de Apoio'!$D:$E,2,FALSE),1)=1,"",S33) | T32: =IF(IFERROR(VLOOKUP(T17,'Tabela de Apoio'!$D:$E,2,FALSE),1)=1,"",T33) | U32: =IF(IFERROR(VLOOKUP(U17,'Tabela de Apoio'!$D:$E,2,FALSE),1)=1,"",U33) | V32: =IF(IFERROR(VLOOKUP(V17,'Tabela de Apoio'!$D:$E,2,FALSE),1)=1,"",V33) | W32: =IF(IFERROR(VLOOKUP(W17,'Tabela de Apoio'!$D:$E,2,FALSE),1)=1,"",W33) | ... AI32: =IF(IFERROR(VLOOKUP(AI17,'Tabela de Apoio'!$D:$E,2,FALSE),1)=1,"",AI33)
B33: =B32 -> 1 | C33: =C32 -> 1 | D33: =D32 -> 1 | H33: =COUNT($P33:$XX33) -> 1 | I33: =_xlfn.STDEV.P($P32:$XX33)/AVERAGE($P32:$XX33) -> 0 | J33: =IF(AND(H33>2, OR(L15="MÉDIA SANEADA",L15="MEDIANA SANEADA", AND(L15="PREÇO ESTIMADO",NOT(AND(P17="Orçamento",COUNTA(P15:XX15)=COUNTIF(P17:XX17,"Orçamento")))))), ROW(),0) -> 0 | O33: ="6 RODADA" -> 6 RODADA | P33: =IFERROR(IF(P31="","",IF((_xlfn.STDEV.P($P30:$XX31)/AVERAGE($P30:$XX31))<=25%,P31,IF(OR(P31>(AVERAGE($P30:$XX31)+_xlfn.STDEV.P($P30:$XX31)),P31<(AVERAGE($P30:$XX31)-_xlfn.STDEV.P($P30:$XX31))),"DESCARTADO",P31))),) -> 5716.26 | Q33: =IFERROR(IF(Q31="","",IF((_xlfn.STDEV.P($P30:$XX31)/AVERAGE($P30:$XX31))<=25%,Q31,IF(OR(Q31>(AVERAGE($P30:$XX31)+_xlfn.STDEV.P($P30:$XX31)),Q31<(AVERAGE($P30:$XX31)-_xlfn.STDEV.P($P30:$XX31))),"DESCARTADO",Q31))),) | R33: =IFERROR(IF(R31="","",IF((_xlfn.STDEV.P($P30:$XX31)/AVERAGE($P30:$XX31))<=25%,R31,IF(OR(R31>(AVERAGE($P30:$XX31)+_xlfn.STDEV.P($P30:$XX31)),R31<(AVERAGE($P30:$XX31)-_xlfn.STDEV.P($P30:$XX31))),"DESCARTADO",R31))),) | S33: =IFERROR(IF(S31="","",IF((_xlfn.STDEV.P($P30:$XX31)/AVERAGE($P30:$XX31))<=25%,S31,IF(OR(S31>(AVERAGE($P30:$XX31)+_xlfn.STDEV.P($P30:$XX31)),S31<(AVERAGE($P30:$XX31)-_xlfn.STDEV.P($P30:$XX31))),"DESCARTADO",S31))),) | T33: =IFERROR(IF(T31="","",IF((_xlfn.STDEV.P($P30:$XX31)/AVERAGE($P30:$XX31))<=25%,T31,IF(OR(T31>(AVERAGE($P30:$XX31)+_xlfn.STDEV.P($P30:$XX31)),T31<(AVERAGE($P30:$XX31)-_xlfn.STDEV.P($P30:$XX31))),"DESCARTADO",T31))),) | U33: =IFERROR(IF(U31="","",IF((_xlfn.STDEV.P($P30:$XX31)/AVERAGE($P30:$XX31))<=25%,U31,IF(OR(U31>(AVERAGE($P30:$XX31)+_xlfn.STDEV.P($P30:$XX31)),U31<(AVERAGE($P30:$XX31)-_xlfn.STDEV.P($P30:$XX31))),"DESCARTADO",U31))),) | V33: =IFERROR(IF(V31="","",IF((_xlfn.STDEV.P($P30:$XX31)/AVERAGE($P30:$XX31))<=25%,V31,IF(OR(V31>(AVERAGE($P30:$XX31)+_xlfn.STDEV.P($P30:$XX31)),V31<(AVERAGE($P30:$XX31)-_xlfn.STDEV.P($P30:$XX31))),"DESCARTADO",V31))),) | W33: =IFERROR(IF(W31="","",IF((_xlfn.STDEV.P($P30:$XX31)/AVERAGE($P30:$XX31))<=25%,W31,IF(OR(W31>(AVERAGE($P30:$XX31)+_xlfn.STDEV.P($P30:$XX31)),W31<(AVERAGE($P30:$XX31)-_xlfn.STDEV.P($P30:$XX31))),"DESCARTADO",W31))),) | ... AI33: =IFERROR(IF(AI31="","",IF((_xlfn.STDEV.P($P30:$XX31)/AVERAGE($P30:$XX31))<=25%,AI31,IF(OR(AI31>(AVERAGE($P30:$XX31)+_xlfn.STDEV.P($P30:$XX31)),AI31<(AVERAGE($P30:$XX31)-_xlfn.STDEV.P($P30:$XX31))),"DESCARTADO",AI31))),)
B34: =B33 -> 1 | C34: =C33 -> 1 | D34: =D33 -> 1 | L34: TOTAL ITEM | M34: =IFERROR(ROUND(M15*M17,2),"") -> 2103583.7 | O34: CONSIDERADO | P34: =INDEX(P21:P33,MATCH(MAX($J21:$J33),$J21:$J33,0)) -> 5716.26 | Q34: =INDEX(Q21:Q33,MATCH(MAX($J21:$J33),$J21:$J33,0)) | R34: =INDEX(R21:R33,MATCH(MAX($J21:$J33),$J21:$J33,0)) | S34: =INDEX(S21:S33,MATCH(MAX($J21:$J33),$J21:$J33,0)) | T34: =INDEX(T21:T33,MATCH(MAX($J21:$J33),$J21:$J33,0)) | U34: =INDEX(U21:U33,MATCH(MAX($J21:$J33),$J21:$J33,0)) | V34: =INDEX(V21:V33,MATCH(MAX($J21:$J33),$J21:$J33,0)) | W34: =INDEX(W21:W33,MATCH(MAX($J21:$J33),$J21:$J33,0)) | ... AI34: =INDEX(AI21:AI33,MATCH(MAX($J21:$J33),$J21:$J33,0))
B36: =LARGE(IFERROR(IF(B34+1>$H$8,"",B34+1),""),1) -> 2 | C36: =IF(_xlfn.ISFORMULA(E40),MAX(INDEX('BASE FORMAÇÃO'!A:A,B36+1),1),E40) -> 1 | D36: =IFERROR(IF(C36=C26,D26+1,1),1) -> 2 | E36: ITEM | G36: Identificador SGD | H36: =INDEX('BASE FORMAÇÃO'!B:B,B36+1) -> MS.6.0-A0004 | I36: Identificador Microsoft | J36: 076-01776 | L36: PREÇO ESTIMADO | M36: =IF(OR(ISBLANK($O$8),ISBLANK($O$7),ISBLANK($H$8),ISBLANK($O$6),ISBLANK($O$5),ISBLANK($H$5)),"",IFERROR(IF(VLOOKUP(L36,L42:M51,2,FALSE)<1,ROUND(VLOOKUP(L36,L42:M51,2,FALSE),4),ROUND(VLOOKUP(L36,L42:M51,2,FALSE),2)),"")) -> 6776.46 | O36: ORIGINAL | P36: =2258.82*3 -> 6776.46
B37: =B36 -> 2 | C37: =C36 -> 1 | D37: =D36 -> 2 | E37: =D36 -> 2 | G37: DESCRIÇÃO | H37: =INDEX('BASE FORMAÇÃO'!C:C,B36+1) -> Project Standard ALng LSA | O37: DATA | P37: 46118
B38: =B37 -> 2 | C38: =C37 -> 1 | D38: =D37 -> 2 | L38: QUANTIDADE | M38: =INDEX('BASE FORMAÇÃO'!H:H,B40+1) -> 3 | O38: PARÂMETRO | P38: Sítio especializado
B39: =B38 -> 2 | C39: =C38 -> 1 | D39: =D38 -> 2 | E39: LOTE | L39: UNIDADE | M39: =INDEX('BASE FORMAÇÃO'!D:D,B40+1) -> Unidade/Ano | O39: FONTE/LINK | P39: Catálogo SGD
B40: =B38 -> 2 | C40: =C38 -> 1 | D40: =D39 -> 2 | E40: =C36 -> 1 | G40: OBSERVAÇÕES | H40: Preços proporcionalizados de acordo com a vigência contratual | L40: COEF. VAR. | M40: =IFERROR(INDEX(I42:I54,MATCH(MAX(J42:J54),J42:J54,0)),"") -> 0 | O40: ATUALIZADO | P40: =IF(P36="","", IF(OR(P38="Orçamento",P37="",MAX('Tabela de Apoio'!$A:$A)<=P37), P36, (INDEX('Tabela de Apoio'!$B:$B,MATCH('MAPA DE PREÇOS'!$O$8,'Tabela de Apoio'!$A:$A,1))/INDEX('Tabela de Apoio'!$B:$B,MATCH('MAPA DE PREÇOS'!P37,'Tabela de Apoio'!$A:$A,1)-1))*P36)) -> 6776.46 | Q40: =IF(Q36="","", IF(OR(Q38="Orçamento",Q37="",MAX('Tabela de Apoio'!$A:$A)<=Q37), Q36, (INDEX('Tabela de Apoio'!$B:$B,MATCH('MAPA DE PREÇOS'!$O$8,'Tabela de Apoio'!$A:$A,1))/INDEX('Tabela de Apoio'!$B:$B,MATCH('MAPA DE PREÇOS'!Q37,'Tabela de Apoio'!$A:$A,1)-1))*Q36)) | R40: =IF(R36="","", IF(OR(R38="Orçamento",R37="",MAX('Tabela de Apoio'!$A:$A)<=R37), R36, (INDEX('Tabela de Apoio'!$B:$B,MATCH('MAPA DE PREÇOS'!$O$8,'Tabela de Apoio'!$A:$A,1))/INDEX('Tabela de Apoio'!$B:$B,MATCH('MAPA DE PREÇOS'!R37,'Tabela de Apoio'!$A:$A,1)-1))*R36)) | S40: =IF(S36="","", IF(OR(S38="Orçamento",S37="",MAX('Tabela de Apoio'!$A:$A)<=S37), S36, (INDEX('Tabela de Apoio'!$B:$B,MATCH('MAPA DE PREÇOS'!$O$8,'Tabela de Apoio'!$A:$A,1))/INDEX('Tabela de Apoio'!$B:$B,MATCH('MAPA DE PREÇOS'!S37,'Tabela de Apoio'!$A:$A,1)-1))*S36)) | T40: =IF(T36="","", IF(OR(T38="Orçamento",T37="",MAX('Tabela de Apoio'!$A:$A)<=T37), T36, (INDEX('Tabela de Apoio'!$B:$B,MATCH('MAPA DE PREÇOS'!$O$8,'Tabela de Apoio'!$A:$A,1))/INDEX('Tabela de Apoio'!$B:$B,MATCH('MAPA DE PREÇOS'!T37,'Tabela de Apoio'!$A:$A,1)-1))*T36)) | U40: =IF(U36="","", IF(OR(U38="Orçamento",U37="",MAX('Tabela de Apoio'!$A:$A)<=U37), U36, (INDEX('Tabela de Apoio'!$B:$B,MATCH('MAPA DE PREÇOS'!$O$8,'Tabela de Apoio'!$A:$A,1))/INDEX('Tabela de Apoio'!$B:$B,MATCH('MAPA DE PREÇOS'!U37,'Tabela de Apoio'!$A:$A,1)-1))*U36)) | V40: =IF(V36="","", IF(OR(V38="Orçamento",V37="",MAX('Tabela de Apoio'!$A:$A)<=V37), V36, (INDEX('Tabela de Apoio'!$B:$B,MATCH('MAPA DE PREÇOS'!$O$8,'Tabela de Apoio'!$A:$A,1))/INDEX('Tabela de Apoio'!$B:$B,MATCH('MAPA DE PREÇOS'!V37,'Tabela de Apoio'!$A:$A,1)-1))*V36)) | W40: =IF(W36="","", IF(OR(W38="Orçamento",W37="",MAX('Tabela de Apoio'!$A:$A)<=W37), W36, (INDEX('Tabela de Apoio'!$B:$B,MATCH('MAPA DE PREÇOS'!$O$8,'Tabela de Apoio'!$A:$A,1))/INDEX('Tabela de Apoio'!$B:$B,MATCH('MAPA DE PREÇOS'!W37,'Tabela de Apoio'!$A:$A,1)-1))*W36)) | ... AI40: =IF(AI36="","", IF(OR(AI38="Orçamento",AI37="",MAX('Tabela de Apoio'!$A:$A)<=AI37), AI36, (INDEX('Tabela de Apoio'!$B:$B,MATCH('MAPA DE PREÇOS'!$O$8,'Tabela de Apoio'!$A:$A,1))/INDEX('Tabela de Apoio'!$B:$B,MATCH('MAPA DE PREÇOS'!AI37,'Tabela de Apoio'!$A:$A,1)-1))*AI36))
B41: =B40 -> 2 | C41: =C40 -> 1 | D41: =D40 -> 2 | O41: P D CAIXAS | P41: =IF(IFERROR(VLOOKUP(P38,'Tabela de Apoio'!$D:$E,2,FALSE),1)=1,"",P42) | Q41: =IF(IFERROR(VLOOKUP(Q38,'Tabela de Apoio'!$D:$E,2,FALSE),1)=1,"",Q42) | R41: =IF(IFERROR(VLOOKUP(R38,'Tabela de Apoio'!$D:$E,2,FALSE),1)=1,"",R42) | S41: =IF(IFERROR(VLOOKUP(S38,'Tabela de Apoio'!$D:$E,2,FALSE),1)=1,"",S42) | T41: =IF(IFERROR(VLOOKUP(T38,'Tabela de Apoio'!$D:$E,2,FALSE),1)=1,"",T42) | U41: =IF(IFERROR(VLOOKUP(U38,'Tabela de Apoio'!$D:$E,2,FALSE),1)=1,"",U42) | V41: =IF(IFERROR(VLOOKUP(V38,'Tabela de Apoio'!$D:$E,2,FALSE),1)=1,"",V42) | W41: =IF(IFERROR(VLOOKUP(W38,'Tabela de Apoio'!$D:$E,2,FALSE),1)=1,"",W42) | ... AI41: =IF(IFERROR(VLOOKUP(AI38,'Tabela de Apoio'!$D:$E,2,FALSE),1)=1,"",AI42)
B42: =B41 -> 2 | C42: =C41 -> 1 | D42: =D41 -> 2 | H42: =COUNT($P42:$XX42) -> 1 | I42: =_xlfn.STDEV.P($P41:$XX42)/AVERAGE($P41:$XX42) -> 0 | J42: =ROW() -> 42 | L42: PREÇO ESTIMADO | M42: =IFERROR( IF(COUNTA(P36:AI36)=COUNTIF(P38:XX38,"Orçamento"),MIN(M47,M44), IF(M45<>"",M45, IF(M46<>"",M46, M44 ))),"") -> 6776.46 | O42: D CAIXAS | P42: =IFERROR(IF(P40="", "", IF(COUNT($P40:$XX40)<=4, P40, IF(OR(P40>(QUARTILE($P40:$XX40,3)+(QUARTILE($P40:$XX40,3)-QUARTILE($P40:$XX40,1))), P40<(QUARTILE($P40:$XX40,1)-(QUARTILE($P40:$XX40,3)-QUARTILE($P40:$XX40,1))) ), "DESCARTADO",P40) ) ),P40) -> 6776.46 | Q42: =IFERROR(IF(Q40="", "", IF(COUNT($P40:$XX40)<=4, Q40, IF(OR(Q40>(QUARTILE($P40:$XX40,3)+(QUARTILE($P40:$XX40,3)-QUARTILE($P40:$XX40,1))), Q40<(QUARTILE($P40:$XX40,1)-(QUARTILE($P40:$XX40,3)-QUARTILE($P40:$XX40,1))) ), "DESCARTADO",Q40) ) ),Q40) | R42: =IFERROR(IF(R40="", "", IF(COUNT($P40:$XX40)<=4, R40, IF(OR(R40>(QUARTILE($P40:$XX40,3)+(QUARTILE($P40:$XX40,3)-QUARTILE($P40:$XX40,1))), R40<(QUARTILE($P40:$XX40,1)-(QUARTILE($P40:$XX40,3)-QUARTILE($P40:$XX40,1))) ), "DESCARTADO",R40) ) ),R40) | S42: =IFERROR(IF(S40="", "", IF(COUNT($P40:$XX40)<=4, S40, IF(OR(S40>(QUARTILE($P40:$XX40,3)+(QUARTILE($P40:$XX40,3)-QUARTILE($P40:$XX40,1))), S40<(QUARTILE($P40:$XX40,1)-(QUARTILE($P40:$XX40,3)-QUARTILE($P40:$XX40,1))) ), "DESCARTADO",S40) ) ),S40) | T42: =IFERROR(IF(T40="", "", IF(COUNT($P40:$XX40)<=4, T40, IF(OR(T40>(QUARTILE($P40:$XX40,3)+(QUARTILE($P40:$XX40,3)-QUARTILE($P40:$XX40,1))), T40<(QUARTILE($P40:$XX40,1)-(QUARTILE($P40:$XX40,3)-QUARTILE($P40:$XX40,1))) ), "DESCARTADO",T40) ) ),T40) | U42: =IFERROR(IF(U40="", "", IF(COUNT($P40:$XX40)<=4, U40, IF(OR(U40>(QUARTILE($P40:$XX40,3)+(QUARTILE($P40:$XX40,3)-QUARTILE($P40:$XX40,1))), U40<(QUARTILE($P40:$XX40,1)-(QUARTILE($P40:$XX40,3)-QUARTILE($P40:$XX40,1))) ), "DESCARTADO",U40) ) ),U40) | V42: =IFERROR(IF(V40="", "", IF(COUNT($P40:$XX40)<=4, V40, IF(OR(V40>(QUARTILE($P40:$XX40,3)+(QUARTILE($P40:$XX40,3)-QUARTILE($P40:$XX40,1))), V40<(QUARTILE($P40:$XX40,1)-(QUARTILE($P40:$XX40,3)-QUARTILE($P40:$XX40,1))) ), "DESCARTADO",V40) ) ),V40) | W42: =IFERROR(IF(W40="", "", IF(COUNT($P40:$XX40)<=4, W40, IF(OR(W40>(QUARTILE($P40:$XX40,3)+(QUARTILE($P40:$XX40,3)-QUARTILE($P40:$XX40,1))), W40<(QUARTILE($P40:$XX40,1)-(QUARTILE($P40:$XX40,3)-QUARTILE($P40:$XX40,1))) ), "DESCARTADO",W40) ) ),W40) | ... AI42: =IFERROR(IF(AI40="", "", IF(COUNT($P40:$XX40)<=4, AI40, IF(OR(AI40>(QUARTILE($P40:$XX40,3)+(QUARTILE($P40:$XX40,3)-QUARTILE($P40:$XX40,1))), AI40<(QUARTILE($P40:$XX40,1)-(QUARTILE($P40:$XX40,3)-QUARTILE($P40:$XX40,1))) ), "DESCARTADO",AI40) ) ),AI40)
B43: =B42 -> 2 | C43: =C42 -> 1 | D43: =D42 -> 2 | L43: MÉDIA | M43: =AVERAGE($P42:$XX42) -> 6776.46 | O43: ="1 POND" -> 1 POND | P43: =IF(IFERROR(VLOOKUP(P38,'Tabela de Apoio'!$D:$E,2,FALSE),1)=1,"",P44) | Q43: =IF(IFERROR(VLOOKUP(Q38,'Tabela de Apoio'!$D:$E,2,FALSE),1)=1,"",Q44) | R43: =IF(IFERROR(VLOOKUP(R38,'Tabela de Apoio'!$D:$E,2,FALSE),1)=1,"",R44) | S43: =IF(IFERROR(VLOOKUP(S38,'Tabela de Apoio'!$D:$E,2,FALSE),1)=1,"",S44) | T43: =IF(IFERROR(VLOOKUP(T38,'Tabela de Apoio'!$D:$E,2,FALSE),1)=1,"",T44) | U43: =IF(IFERROR(VLOOKUP(U38,'Tabela de Apoio'!$D:$E,2,FALSE),1)=1,"",U44) | V43: =IF(IFERROR(VLOOKUP(V38,'Tabela de Apoio'!$D:$E,2,FALSE),1)=1,"",V44) | W43: =IF(IFERROR(VLOOKUP(W38,'Tabela de Apoio'!$D:$E,2,FALSE),1)=1,"",W44) | ... AI43: =IF(IFERROR(VLOOKUP(AI38,'Tabela de Apoio'!$D:$E,2,FALSE),1)=1,"",AI44)
B44: =B43 -> 2 | C44: =C43 -> 1 | D44: =D43 -> 2 | H44: =COUNT($P44:$XX44) -> 1 | I44: =_xlfn.STDEV.P($P43:$XX44)/AVERAGE($P43:$XX44) -> 0 | J44: =IF(AND(H44>2, OR(L36="MÉDIA SANEADA",L36="MEDIANA SANEADA", AND(L36="PREÇO ESTIMADO",NOT(AND(P38="Orçamento",COUNTA(P36:XX36)=COUNTIF(P38:XX38,"Orçamento")))))), ROW(),0) -> 0 | L44: MEDIANA | M44: =MEDIAN($P42:$XX42) -> 6776.46 | O44: ="1 RODADA" -> 1 RODADA | P44: =IF(P42="","",IF((_xlfn.STDEV.P($P41:$XX42)/AVERAGE($P41:$XX42))<=25%,P42,IF(OR(P42>(AVERAGE($P41:$XX42)+_xlfn.STDEV.P($P41:$XX42)),P42<(AVERAGE($P41:$XX42)-_xlfn.STDEV.P($P41:$XX42))),"DESCARTADO",P42))) -> 6776.46 | Q44: =IF(Q42="","",IF((_xlfn.STDEV.P($P41:$XX42)/AVERAGE($P41:$XX42))<=25%,Q42,IF(OR(Q42>(AVERAGE($P41:$XX42)+_xlfn.STDEV.P($P41:$XX42)),Q42<(AVERAGE($P41:$XX42)-_xlfn.STDEV.P($P41:$XX42))),"DESCARTADO",Q42))) | R44: =IF(R42="","",IF((_xlfn.STDEV.P($P41:$XX42)/AVERAGE($P41:$XX42))<=25%,R42,IF(OR(R42>(AVERAGE($P41:$XX42)+_xlfn.STDEV.P($P41:$XX42)),R42<(AVERAGE($P41:$XX42)-_xlfn.STDEV.P($P41:$XX42))),"DESCARTADO",R42))) | S44: =IF(S42="","",IF((_xlfn.STDEV.P($P41:$XX42)/AVERAGE($P41:$XX42))<=25%,S42,IF(OR(S42>(AVERAGE($P41:$XX42)+_xlfn.STDEV.P($P41:$XX42)),S42<(AVERAGE($P41:$XX42)-_xlfn.STDEV.P($P41:$XX42))),"DESCARTADO",S42))) | T44: =IF(T42="","",IF((_xlfn.STDEV.P($P41:$XX42)/AVERAGE($P41:$XX42))<=25%,T42,IF(OR(T42>(AVERAGE($P41:$XX42)+_xlfn.STDEV.P($P41:$XX42)),T42<(AVERAGE($P41:$XX42)-_xlfn.STDEV.P($P41:$XX42))),"DESCARTADO",T42))) | U44: =IF(U42="","",IF((_xlfn.STDEV.P($P41:$XX42)/AVERAGE($P41:$XX42))<=25%,U42,IF(OR(U42>(AVERAGE($P41:$XX42)+_xlfn.STDEV.P($P41:$XX42)),U42<(AVERAGE($P41:$XX42)-_xlfn.STDEV.P($P41:$XX42))),"DESCARTADO",U42))) | V44: =IF(V42="","",IF((_xlfn.STDEV.P($P41:$XX42)/AVERAGE($P41:$XX42))<=25%,V42,IF(OR(V42>(AVERAGE($P41:$XX42)+_xlfn.STDEV.P($P41:$XX42)),V42<(AVERAGE($P41:$XX42)-_xlfn.STDEV.P($P41:$XX42))),"DESCARTADO",V42))) | W44: =IF(W42="","",IF((_xlfn.STDEV.P($P41:$XX42)/AVERAGE($P41:$XX42))<=25%,W42,IF(OR(W42>(AVERAGE($P41:$XX42)+_xlfn.STDEV.P($P41:$XX42)),W42<(AVERAGE($P41:$XX42)-_xlfn.STDEV.P($P41:$XX42))),"DESCARTADO",W42))) | ... AI44: =IF(AI42="","",IF((_xlfn.STDEV.P($P41:$XX42)/AVERAGE($P41:$XX42))<=25%,AI42,IF(OR(AI42>(AVERAGE($P41:$XX42)+_xlfn.STDEV.P($P41:$XX42)),AI42<(AVERAGE($P41:$XX42)-_xlfn.STDEV.P($P41:$XX42))),"DESCARTADO",AI42)))
B45: =B44 -> 2 | C45: =C44 -> 1 | D45: =D44 -> 2 | L45: MÉDIA SANEADA | M45: =IFERROR( IF(AND(H44>2,I44<=25%),AVERAGE(P43:XX44), IF(AND(H46>2,I46<=25%),AVERAGE(P45:XX46), IF(AND(H48>2,I48<=25%),AVERAGE(P47:XX48), IF(AND(H50>2,I50<=25%),AVERAGE(P49:XX50), IF(AND(H52>2,I52<=25%),AVERAGE(P51:XX52), IF(AND(H54>2,I54<=25%),AVERAGE(P53:XX54), IF(I42<=25%,AVERAGE(P41:XX42),""))))))),"") -> 6776.46 | O45: ="2 POND" -> 2 POND | P45: =IF(IFERROR(VLOOKUP(P38,'Tabela de Apoio'!$D:$E,2,FALSE),1)=1,"",P46) | Q45: =IF(IFERROR(VLOOKUP(Q38,'Tabela de Apoio'!$D:$E,2,FALSE),1)=1,"",Q46) | R45: =IF(IFERROR(VLOOKUP(R38,'Tabela de Apoio'!$D:$E,2,FALSE),1)=1,"",R46) | S45: =IF(IFERROR(VLOOKUP(S38,'Tabela de Apoio'!$D:$E,2,FALSE),1)=1,"",S46) | T45: =IF(IFERROR(VLOOKUP(T38,'Tabela de Apoio'!$D:$E,2,FALSE),1)=1,"",T46) | U45: =IF(IFERROR(VLOOKUP(U38,'Tabela de Apoio'!$D:$E,2,FALSE),1)=1,"",U46) | V45: =IF(IFERROR(VLOOKUP(V38,'Tabela de Apoio'!$D:$E,2,FALSE),1)=1,"",V46) | W45: =IF(IFERROR(VLOOKUP(W38,'Tabela de Apoio'!$D:$E,2,FALSE),1)=1,"",W46) | ... AI45: =IF(IFERROR(VLOOKUP(AI38,'Tabela de Apoio'!$D:$E,2,FALSE),1)=1,"",AI46)
B46: =B45 -> 2 | C46: =C45 -> 1 | D46: =D45 -> 2 | H46: =COUNT($P46:$XX46) -> 1 | I46: =_xlfn.STDEV.P($P45:$XX46)/AVERAGE($P45:$XX46) -> 0 | J46: =IF(AND(H46>2, OR(L36="MÉDIA SANEADA",L36="MEDIANA SANEADA", AND(L36="PREÇO ESTIMADO",NOT(AND(P38="Orçamento",COUNTA(P36:XX36)=COUNTIF(P38:XX38,"Orçamento")))))), ROW(),0) -> 0 | L46: MEDIANA SANEADA | M46: =IF(H44>2,MEDIAN(P43:XX44), IF(H46>2,MEDIAN(P45:XX46), IF(H48>2,MEDIAN(P47:XX48), IF(H50>2,MEDIAN(P49:XX50), IF(H52>2,MEDIAN(P51:XX52), IF(H54>2,MEDIAN(P53:XX54), MEDIAN(P41:XX42))))))) -> 6776.46 | O46: ="2 RODADA" -> 2 RODADA | P46: =IF(P44="","",IF((_xlfn.STDEV.P($P43:$XX44)/AVERAGE($P43:$XX44))<=25%,P44,IF(OR(P44>(AVERAGE($P43:$XX44)+_xlfn.STDEV.P($P43:$XX44)),P44<(AVERAGE($P43:$XX44)-_xlfn.STDEV.P($P43:$XX44))),"DESCARTADO",P44))) -> 6776.46 | Q46: =IF(Q44="","",IF((_xlfn.STDEV.P($P43:$XX44)/AVERAGE($P43:$XX44))<=25%,Q44,IF(OR(Q44>(AVERAGE($P43:$XX44)+_xlfn.STDEV.P($P43:$XX44)),Q44<(AVERAGE($P43:$XX44)-_xlfn.STDEV.P($P43:$XX44))),"DESCARTADO",Q44))) | R46: =IF(R44="","",IF((_xlfn.STDEV.P($P43:$XX44)/AVERAGE($P43:$XX44))<=25%,R44,IF(OR(R44>(AVERAGE($P43:$XX44)+_xlfn.STDEV.P($P43:$XX44)),R44<(AVERAGE($P43:$XX44)-_xlfn.STDEV.P($P43:$XX44))),"DESCARTADO",R44))) | S46: =IF(S44="","",IF((_xlfn.STDEV.P($P43:$XX44)/AVERAGE($P43:$XX44))<=25%,S44,IF(OR(S44>(AVERAGE($P43:$XX44)+_xlfn.STDEV.P($P43:$XX44)),S44<(AVERAGE($P43:$XX44)-_xlfn.STDEV.P($P43:$XX44))),"DESCARTADO",S44))) | T46: =IF(T44="","",IF((_xlfn.STDEV.P($P43:$XX44)/AVERAGE($P43:$XX44))<=25%,T44,IF(OR(T44>(AVERAGE($P43:$XX44)+_xlfn.STDEV.P($P43:$XX44)),T44<(AVERAGE($P43:$XX44)-_xlfn.STDEV.P($P43:$XX44))),"DESCARTADO",T44))) | U46: =IF(U44="","",IF((_xlfn.STDEV.P($P43:$XX44)/AVERAGE($P43:$XX44))<=25%,U44,IF(OR(U44>(AVERAGE($P43:$XX44)+_xlfn.STDEV.P($P43:$XX44)),U44<(AVERAGE($P43:$XX44)-_xlfn.STDEV.P($P43:$XX44))),"DESCARTADO",U44))) | V46: =IF(V44="","",IF((_xlfn.STDEV.P($P43:$XX44)/AVERAGE($P43:$XX44))<=25%,V44,IF(OR(V44>(AVERAGE($P43:$XX44)+_xlfn.STDEV.P($P43:$XX44)),V44<(AVERAGE($P43:$XX44)-_xlfn.STDEV.P($P43:$XX44))),"DESCARTADO",V44))) | W46: =IF(W44="","",IF((_xlfn.STDEV.P($P43:$XX44)/AVERAGE($P43:$XX44))<=25%,W44,IF(OR(W44>(AVERAGE($P43:$XX44)+_xlfn.STDEV.P($P43:$XX44)),W44<(AVERAGE($P43:$XX44)-_xlfn.STDEV.P($P43:$XX44))),"DESCARTADO",W44))) | ... AI46: =IF(AI44="","",IF((_xlfn.STDEV.P($P43:$XX44)/AVERAGE($P43:$XX44))<=25%,AI44,IF(OR(AI44>(AVERAGE($P43:$XX44)+_xlfn.STDEV.P($P43:$XX44)),AI44<(AVERAGE($P43:$XX44)-_xlfn.STDEV.P($P43:$XX44))),"DESCARTADO",AI44)))
B47: =B46 -> 2 | C47: =C46 -> 1 | D47: =D46 -> 2 | L47: MÉDIA HARMÔNICA | M47: =HARMEAN($P41:$XX42) -> 6776.46 | O47: ="3 POND" -> 3 POND | P47: =IF(IFERROR(VLOOKUP(P38,'Tabela de Apoio'!$D:$E,2,FALSE),1)=1,"",P48) | Q47: =IF(IFERROR(VLOOKUP(Q38,'Tabela de Apoio'!$D:$E,2,FALSE),1)=1,"",Q48) | R47: =IF(IFERROR(VLOOKUP(R38,'Tabela de Apoio'!$D:$E,2,FALSE),1)=1,"",R48) | S47: =IF(IFERROR(VLOOKUP(S38,'Tabela de Apoio'!$D:$E,2,FALSE),1)=1,"",S48) | T47: =IF(IFERROR(VLOOKUP(T38,'Tabela de Apoio'!$D:$E,2,FALSE),1)=1,"",T48) | U47: =IF(IFERROR(VLOOKUP(U38,'Tabela de Apoio'!$D:$E,2,FALSE),1)=1,"",U48) | V47: =IF(IFERROR(VLOOKUP(V38,'Tabela de Apoio'!$D:$E,2,FALSE),1)=1,"",V48) | W47: =IF(IFERROR(VLOOKUP(W38,'Tabela de Apoio'!$D:$E,2,FALSE),1)=1,"",W48) | ... AI47: =IF(IFERROR(VLOOKUP(AI38,'Tabela de Apoio'!$D:$E,2,FALSE),1)=1,"",AI48)
B48: =B47 -> 2 | C48: =C47 -> 1 | D48: =D47 -> 2 | H48: =COUNT($P48:$XX48) -> 1 | I48: =_xlfn.STDEV.P($P47:$XX48)/AVERAGE($P47:$XX48) -> 0 | J48: =IF(AND(H48>2, OR(L36="MÉDIA SANEADA",L36="MEDIANA SANEADA", AND(L36="PREÇO ESTIMADO",NOT(AND(P38="Orçamento",COUNTA(P36:XX36)=COUNTIF(P38:XX38,"Orçamento")))))), ROW(),0) -> 0 | L48: PRIMEIRO QUARTIL | M48: =IFERROR(_xlfn.QUARTILE.EXC($P42:$XX42,1),"") | O48: ="3 RODADA" -> 3 RODADA | P48: =IF(P46="","",IF((_xlfn.STDEV.P($P45:$XX46)/AVERAGE($P45:$XX46))<=25%,P46,IF(OR(P46>(AVERAGE($P45:$XX46)+_xlfn.STDEV.P($P45:$XX46)),P46<(AVERAGE($P45:$XX46)-_xlfn.STDEV.P($P45:$XX46))),"DESCARTADO",P46))) -> 6776.46 | Q48: =IF(Q46="","",IF((_xlfn.STDEV.P($P45:$XX46)/AVERAGE($P45:$XX46))<=25%,Q46,IF(OR(Q46>(AVERAGE($P45:$XX46)+_xlfn.STDEV.P($P45:$XX46)),Q46<(AVERAGE($P45:$XX46)-_xlfn.STDEV.P($P45:$XX46))),"DESCARTADO",Q46))) | R48: =IF(R46="","",IF((_xlfn.STDEV.P($P45:$XX46)/AVERAGE($P45:$XX46))<=25%,R46,IF(OR(R46>(AVERAGE($P45:$XX46)+_xlfn.STDEV.P($P45:$XX46)),R46<(AVERAGE($P45:$XX46)-_xlfn.STDEV.P($P45:$XX46))),"DESCARTADO",R46))) | S48: =IF(S46="","",IF((_xlfn.STDEV.P($P45:$XX46)/AVERAGE($P45:$XX46))<=25%,S46,IF(OR(S46>(AVERAGE($P45:$XX46)+_xlfn.STDEV.P($P45:$XX46)),S46<(AVERAGE($P45:$XX46)-_xlfn.STDEV.P($P45:$XX46))),"DESCARTADO",S46))) | T48: =IF(T46="","",IF((_xlfn.STDEV.P($P45:$XX46)/AVERAGE($P45:$XX46))<=25%,T46,IF(OR(T46>(AVERAGE($P45:$XX46)+_xlfn.STDEV.P($P45:$XX46)),T46<(AVERAGE($P45:$XX46)-_xlfn.STDEV.P($P45:$XX46))),"DESCARTADO",T46))) | U48: =IF(U46="","",IF((_xlfn.STDEV.P($P45:$XX46)/AVERAGE($P45:$XX46))<=25%,U46,IF(OR(U46>(AVERAGE($P45:$XX46)+_xlfn.STDEV.P($P45:$XX46)),U46<(AVERAGE($P45:$XX46)-_xlfn.STDEV.P($P45:$XX46))),"DESCARTADO",U46))) | V48: =IF(V46="","",IF((_xlfn.STDEV.P($P45:$XX46)/AVERAGE($P45:$XX46))<=25%,V46,IF(OR(V46>(AVERAGE($P45:$XX46)+_xlfn.STDEV.P($P45:$XX46)),V46<(AVERAGE($P45:$XX46)-_xlfn.STDEV.P($P45:$XX46))),"DESCARTADO",V46))) | W48: =IF(W46="","",IF((_xlfn.STDEV.P($P45:$XX46)/AVERAGE($P45:$XX46))<=25%,W46,IF(OR(W46>(AVERAGE($P45:$XX46)+_xlfn.STDEV.P($P45:$XX46)),W46<(AVERAGE($P45:$XX46)-_xlfn.STDEV.P($P45:$XX46))),"DESCARTADO",W46))) | ... AI48: =IF(AI46="","",IF((_xlfn.STDEV.P($P45:$XX46)/AVERAGE($P45:$XX46))<=25%,AI46,IF(OR(AI46>(AVERAGE($P45:$XX46)+_xlfn.STDEV.P($P45:$XX46)),AI46<(AVERAGE($P45:$XX46)-_xlfn.STDEV.P($P45:$XX46))),"DESCARTADO",AI46)))
B49: =B48 -> 2 | C49: =C48 -> 1 | D49: =D48 -> 2 | L49: TERCEIRO QUARTIL | M49: =IFERROR(_xlfn.QUARTILE.EXC($P42:$XX42,3),"") | O49: ="4 POND" -> 4 POND | P49: =IF(IFERROR(VLOOKUP(P38,'Tabela de Apoio'!$D:$E,2,FALSE),1)=1,"",P50) | Q49: =IF(IFERROR(VLOOKUP(Q38,'Tabela de Apoio'!$D:$E,2,FALSE),1)=1,"",Q50) | R49: =IF(IFERROR(VLOOKUP(R38,'Tabela de Apoio'!$D:$E,2,FALSE),1)=1,"",R50) | S49: =IF(IFERROR(VLOOKUP(S38,'Tabela de Apoio'!$D:$E,2,FALSE),1)=1,"",S50) | T49: =IF(IFERROR(VLOOKUP(T38,'Tabela de Apoio'!$D:$E,2,FALSE),1)=1,"",T50) | U49: =IF(IFERROR(VLOOKUP(U38,'Tabela de Apoio'!$D:$E,2,FALSE),1)=1,"",U50) | V49: =IF(IFERROR(VLOOKUP(V38,'Tabela de Apoio'!$D:$E,2,FALSE),1)=1,"",V50) | W49: =IF(IFERROR(VLOOKUP(W38,'Tabela de Apoio'!$D:$E,2,FALSE),1)=1,"",W50) | ... AI49: =IF(IFERROR(VLOOKUP(AI38,'Tabela de Apoio'!$D:$E,2,FALSE),1)=1,"",AI50)
B50: =B49 -> 2 | C50: =C49 -> 1 | D50: =D49 -> 2 | H50: =COUNT($P50:$XX50) -> 1 | I50: =_xlfn.STDEV.P($P49:$XX50)/AVERAGE($P49:$XX50) -> 0 | J50: =IF(AND(H50>2, OR(L36="MÉDIA SANEADA",L36="MEDIANA SANEADA", AND(L36="PREÇO ESTIMADO",NOT(AND(P38="Orçamento",COUNTA(P36:XX36)=COUNTIF(P38:XX38,"Orçamento")))))), ROW(),0) -> 0 | L50: MENOR VALOR | M50: =MIN($P42:$XX42) -> 6776.46 | O50: ="4 RODADA" -> 4 RODADA | P50: =IF(P48="","",IF((_xlfn.STDEV.P($P47:$XX48)/AVERAGE($P47:$XX48))<=25%,P48,IF(OR(P48>(AVERAGE($P47:$XX48)+_xlfn.STDEV.P($P47:$XX48)),P48<(AVERAGE($P47:$XX48)-_xlfn.STDEV.P($P47:$XX48))),"DESCARTADO",P48))) -> 6776.46 | Q50: =IF(Q48="","",IF((_xlfn.STDEV.P($P47:$XX48)/AVERAGE($P47:$XX48))<=25%,Q48,IF(OR(Q48>(AVERAGE($P47:$XX48)+_xlfn.STDEV.P($P47:$XX48)),Q48<(AVERAGE($P47:$XX48)-_xlfn.STDEV.P($P47:$XX48))),"DESCARTADO",Q48))) | R50: =IF(R48="","",IF((_xlfn.STDEV.P($P47:$XX48)/AVERAGE($P47:$XX48))<=25%,R48,IF(OR(R48>(AVERAGE($P47:$XX48)+_xlfn.STDEV.P($P47:$XX48)),R48<(AVERAGE($P47:$XX48)-_xlfn.STDEV.P($P47:$XX48))),"DESCARTADO",R48))) | S50: =IF(S48="","",IF((_xlfn.STDEV.P($P47:$XX48)/AVERAGE($P47:$XX48))<=25%,S48,IF(OR(S48>(AVERAGE($P47:$XX48)+_xlfn.STDEV.P($P47:$XX48)),S48<(AVERAGE($P47:$XX48)-_xlfn.STDEV.P($P47:$XX48))),"DESCARTADO",S48))) | T50: =IF(T48="","",IF((_xlfn.STDEV.P($P47:$XX48)/AVERAGE($P47:$XX48))<=25%,T48,IF(OR(T48>(AVERAGE($P47:$XX48)+_xlfn.STDEV.P($P47:$XX48)),T48<(AVERAGE($P47:$XX48)-_xlfn.STDEV.P($P47:$XX48))),"DESCARTADO",T48))) | U50: =IF(U48="","",IF((_xlfn.STDEV.P($P47:$XX48)/AVERAGE($P47:$XX48))<=25%,U48,IF(OR(U48>(AVERAGE($P47:$XX48)+_xlfn.STDEV.P($P47:$XX48)),U48<(AVERAGE($P47:$XX48)-_xlfn.STDEV.P($P47:$XX48))),"DESCARTADO",U48))) | V50: =IF(V48="","",IF((_xlfn.STDEV.P($P47:$XX48)/AVERAGE($P47:$XX48))<=25%,V48,IF(OR(V48>(AVERAGE($P47:$XX48)+_xlfn.STDEV.P($P47:$XX48)),V48<(AVERAGE($P47:$XX48)-_xlfn.STDEV.P($P47:$XX48))),"DESCARTADO",V48))) | W50: =IF(W48="","",IF((_xlfn.STDEV.P($P47:$XX48)/AVERAGE($P47:$XX48))<=25%,W48,IF(OR(W48>(AVERAGE($P47:$XX48)+_xlfn.STDEV.P($P47:$XX48)),W48<(AVERAGE($P47:$XX48)-_xlfn.STDEV.P($P47:$XX48))),"DESCARTADO",W48))) | ... AI50: =IF(AI48="","",IF((_xlfn.STDEV.P($P47:$XX48)/AVERAGE($P47:$XX48))<=25%,AI48,IF(OR(AI48>(AVERAGE($P47:$XX48)+_xlfn.STDEV.P($P47:$XX48)),AI48<(AVERAGE($P47:$XX48)-_xlfn.STDEV.P($P47:$XX48))),"DESCARTADO",AI48)))
B51: =B50 -> 2 | C51: =C50 -> 1 | D51: =D50 -> 2 | L51: MAIOR VALOR | M51: =MAX($P42:$XX42) -> 6776.46 | O51: ="5 POND" -> 5 POND | P51: =IF(IFERROR(VLOOKUP(P38,'Tabela de Apoio'!$D:$E,2,FALSE),1)=1,"",P52) | Q51: =IF(IFERROR(VLOOKUP(Q38,'Tabela de Apoio'!$D:$E,2,FALSE),1)=1,"",Q52) | R51: =IF(IFERROR(VLOOKUP(R38,'Tabela de Apoio'!$D:$E,2,FALSE),1)=1,"",R52) | S51: =IF(IFERROR(VLOOKUP(S38,'Tabela de Apoio'!$D:$E,2,FALSE),1)=1,"",S52) | T51: =IF(IFERROR(VLOOKUP(T38,'Tabela de Apoio'!$D:$E,2,FALSE),1)=1,"",T52) | U51: =IF(IFERROR(VLOOKUP(U38,'Tabela de Apoio'!$D:$E,2,FALSE),1)=1,"",U52) | V51: =IF(IFERROR(VLOOKUP(V38,'Tabela de Apoio'!$D:$E,2,FALSE),1)=1,"",V52) | W51: =IF(IFERROR(VLOOKUP(W38,'Tabela de Apoio'!$D:$E,2,FALSE),1)=1,"",W52) | ... AI51: =IF(IFERROR(VLOOKUP(AI38,'Tabela de Apoio'!$D:$E,2,FALSE),1)=1,"",AI52)
B52: =B51 -> 2 | C52: =C51 -> 1 | D52: =D51 -> 2 | H52: =COUNT($P52:$XX52) -> 1 | I52: =_xlfn.STDEV.P($P51:$XX52)/AVERAGE($P51:$XX52) -> 0 | J52: =IF(AND(H52>2, OR(L36="MÉDIA SANEADA",L36="MEDIANA SANEADA", AND(L36="PREÇO ESTIMADO",NOT(AND(P38="Orçamento",COUNTA(P36:XX36)=COUNTIF(P38:XX38,"Orçamento")))))), ROW(),0) -> 0 | O52: ="5 RODADA" -> 5 RODADA | P52: =IF(P50="","",IF((_xlfn.STDEV.P($P49:$XX50)/AVERAGE($P49:$XX50))<=25%,P50,IF(OR(P50>(AVERAGE($P49:$XX50)+_xlfn.STDEV.P($P49:$XX50)),P50<(AVERAGE($P49:$XX50)-_xlfn.STDEV.P($P49:$XX50))),"DESCARTADO",P50))) -> 6776.46 | Q52: =IF(Q50="","",IF((_xlfn.STDEV.P($P49:$XX50)/AVERAGE($P49:$XX50))<=25%,Q50,IF(OR(Q50>(AVERAGE($P49:$XX50)+_xlfn.STDEV.P($P49:$XX50)),Q50<(AVERAGE($P49:$XX50)-_xlfn.STDEV.P($P49:$XX50))),"DESCARTADO",Q50))) | R52: =IF(R50="","",IF((_xlfn.STDEV.P($P49:$XX50)/AVERAGE($P49:$XX50))<=25%,R50,IF(OR(R50>(AVERAGE($P49:$XX50)+_xlfn.STDEV.P($P49:$XX50)),R50<(AVERAGE($P49:$XX50)-_xlfn.STDEV.P($P49:$XX50))),"DESCARTADO",R50))) | S52: =IF(S50="","",IF((_xlfn.STDEV.P($P49:$XX50)/AVERAGE($P49:$XX50))<=25%,S50,IF(OR(S50>(AVERAGE($P49:$XX50)+_xlfn.STDEV.P($P49:$XX50)),S50<(AVERAGE($P49:$XX50)-_xlfn.STDEV.P($P49:$XX50))),"DESCARTADO",S50))) | T52: =IF(T50="","",IF((_xlfn.STDEV.P($P49:$XX50)/AVERAGE($P49:$XX50))<=25%,T50,IF(OR(T50>(AVERAGE($P49:$XX50)+_xlfn.STDEV.P($P49:$XX50)),T50<(AVERAGE($P49:$XX50)-_xlfn.STDEV.P($P49:$XX50))),"DESCARTADO",T50))) | U52: =IF(U50="","",IF((_xlfn.STDEV.P($P49:$XX50)/AVERAGE($P49:$XX50))<=25%,U50,IF(OR(U50>(AVERAGE($P49:$XX50)+_xlfn.STDEV.P($P49:$XX50)),U50<(AVERAGE($P49:$XX50)-_xlfn.STDEV.P($P49:$XX50))),"DESCARTADO",U50))) | V52: =IF(V50="","",IF((_xlfn.STDEV.P($P49:$XX50)/AVERAGE($P49:$XX50))<=25%,V50,IF(OR(V50>(AVERAGE($P49:$XX50)+_xlfn.STDEV.P($P49:$XX50)),V50<(AVERAGE($P49:$XX50)-_xlfn.STDEV.P($P49:$XX50))),"DESCARTADO",V50))) | W52: =IF(W50="","",IF((_xlfn.STDEV.P($P49:$XX50)/AVERAGE($P49:$XX50))<=25%,W50,IF(OR(W50>(AVERAGE($P49:$XX50)+_xlfn.STDEV.P($P49:$XX50)),W50<(AVERAGE($P49:$XX50)-_xlfn.STDEV.P($P49:$XX50))),"DESCARTADO",W50))) | ... AI52: =IF(AI50="","",IF((_xlfn.STDEV.P($P49:$XX50)/AVERAGE($P49:$XX50))<=25%,AI50,IF(OR(AI50>(AVERAGE($P49:$XX50)+_xlfn.STDEV.P($P49:$XX50)),AI50<(AVERAGE($P49:$XX50)-_xlfn.STDEV.P($P49:$XX50))),"DESCARTADO",AI50)))
B53: =B52 -> 2 | C53: =C52 -> 1 | D53: =D52 -> 2 | O53: ="6 POND" -> 6 POND | P53: =IF(IFERROR(VLOOKUP(P38,'Tabela de Apoio'!$D:$E,2,FALSE),1)=1,"",P54) | Q53: =IF(IFERROR(VLOOKUP(Q38,'Tabela de Apoio'!$D:$E,2,FALSE),1)=1,"",Q54) | R53: =IF(IFERROR(VLOOKUP(R38,'Tabela de Apoio'!$D:$E,2,FALSE),1)=1,"",R54) | S53: =IF(IFERROR(VLOOKUP(S38,'Tabela de Apoio'!$D:$E,2,FALSE),1)=1,"",S54) | T53: =IF(IFERROR(VLOOKUP(T38,'Tabela de Apoio'!$D:$E,2,FALSE),1)=1,"",T54) | U53: =IF(IFERROR(VLOOKUP(U38,'Tabela de Apoio'!$D:$E,2,FALSE),1)=1,"",U54) | V53: =IF(IFERROR(VLOOKUP(V38,'Tabela de Apoio'!$D:$E,2,FALSE),1)=1,"",V54) | W53: =IF(IFERROR(VLOOKUP(W38,'Tabela de Apoio'!$D:$E,2,FALSE),1)=1,"",W54) | ... AI53: =IF(IFERROR(VLOOKUP(AI38,'Tabela de Apoio'!$D:$E,2,FALSE),1)=1,"",AI54)
B54: =B53 -> 2 | C54: =C53 -> 1 | D54: =D53 -> 2 | H54: =COUNT($P54:$XX54) -> 1 | I54: =_xlfn.STDEV.P($P53:$XX54)/AVERAGE($P53:$XX54) -> 0 | J54: =IF(AND(H54>2, OR(L36="MÉDIA SANEADA",L36="MEDIANA SANEADA", AND(L36="PREÇO ESTIMADO",NOT(AND(P38="Orçamento",COUNTA(P36:XX36)=COUNTIF(P38:XX38,"Orçamento")))))), ROW(),0) -> 0 | O54: ="6 RODADA" -> 6 RODADA | P54: =IFERROR(IF(P52="","",IF((_xlfn.STDEV.P($P51:$XX52)/AVERAGE($P51:$XX52))<=25%,P52,IF(OR(P52>(AVERAGE($P51:$XX52)+_xlfn.STDEV.P($P51:$XX52)),P52<(AVERAGE($P51:$XX52)-_xlfn.STDEV.P($P51:$XX52))),"DESCARTADO",P52))),) -> 6776.46 | Q54: =IFERROR(IF(Q52="","",IF((_xlfn.STDEV.P($P51:$XX52)/AVERAGE($P51:$XX52))<=25%,Q52,IF(OR(Q52>(AVERAGE($P51:$XX52)+_xlfn.STDEV.P($P51:$XX52)),Q52<(AVERAGE($P51:$XX52)-_xlfn.STDEV.P($P51:$XX52))),"DESCARTADO",Q52))),) | R54: =IFERROR(IF(R52="","",IF((_xlfn.STDEV.P($P51:$XX52)/AVERAGE($P51:$XX52))<=25%,R52,IF(OR(R52>(AVERAGE($P51:$XX52)+_xlfn.STDEV.P($P51:$XX52)),R52<(AVERAGE($P51:$XX52)-_xlfn.STDEV.P($P51:$XX52))),"DESCARTADO",R52))),) | S54: =IFERROR(IF(S52="","",IF((_xlfn.STDEV.P($P51:$XX52)/AVERAGE($P51:$XX52))<=25%,S52,IF(OR(S52>(AVERAGE($P51:$XX52)+_xlfn.STDEV.P($P51:$XX52)),S52<(AVERAGE($P51:$XX52)-_xlfn.STDEV.P($P51:$XX52))),"DESCARTADO",S52))),) | T54: =IFERROR(IF(T52="","",IF((_xlfn.STDEV.P($P51:$XX52)/AVERAGE($P51:$XX52))<=25%,T52,IF(OR(T52>(AVERAGE($P51:$XX52)+_xlfn.STDEV.P($P51:$XX52)),T52<(AVERAGE($P51:$XX52)-_xlfn.STDEV.P($P51:$XX52))),"DESCARTADO",T52))),) | U54: =IFERROR(IF(U52="","",IF((_xlfn.STDEV.P($P51:$XX52)/AVERAGE($P51:$XX52))<=25%,U52,IF(OR(U52>(AVERAGE($P51:$XX52)+_xlfn.STDEV.P($P51:$XX52)),U52<(AVERAGE($P51:$XX52)-_xlfn.STDEV.P($P51:$XX52))),"DESCARTADO",U52))),) | V54: =IFERROR(IF(V52="","",IF((_xlfn.STDEV.P($P51:$XX52)/AVERAGE($P51:$XX52))<=25%,V52,IF(OR(V52>(AVERAGE($P51:$XX52)+_xlfn.STDEV.P($P51:$XX52)),V52<(AVERAGE($P51:$XX52)-_xlfn.STDEV.P($P51:$XX52))),"DESCARTADO",V52))),) | W54: =IFERROR(IF(W52="","",IF((_xlfn.STDEV.P($P51:$XX52)/AVERAGE($P51:$XX52))<=25%,W52,IF(OR(W52>(AVERAGE($P51:$XX52)+_xlfn.STDEV.P($P51:$XX52)),W52<(AVERAGE($P51:$XX52)-_xlfn.STDEV.P($P51:$XX52))),"DESCARTADO",W52))),) | ... AI54: =IFERROR(IF(AI52="","",IF((_xlfn.STDEV.P($P51:$XX52)/AVERAGE($P51:$XX52))<=25%,AI52,IF(OR(AI52>(AVERAGE($P51:$XX52)+_xlfn.STDEV.P($P51:$XX52)),AI52<(AVERAGE($P51:$XX52)-_xlfn.STDEV.P($P51:$XX52))),"DESCARTADO",AI52))),)
B55: =B54 -> 2 | C55: =C54 -> 1 | D55: =D54 -> 2 | L55: TOTAL ITEM | M55: =IFERROR(ROUND(M36*M38,2),"") -> 20329.38 | O55: CONSIDERADO | P55: =INDEX(P42:P54,MATCH(MAX($J42:$J54),$J42:$J54,0)) -> 6776.46 | Q55: =INDEX(Q42:Q54,MATCH(MAX($J42:$J54),$J42:$J54,0)) | R55: =INDEX(R42:R54,MATCH(MAX($J42:$J54),$J42:$J54,0)) | S55: =INDEX(S42:S54,MATCH(MAX($J42:$J54),$J42:$J54,0)) | T55: =INDEX(T42:T54,MATCH(MAX($J42:$J54),$J42:$J54,0)) | U55: =INDEX(U42:U54,MATCH(MAX($J42:$J54),$J42:$J54,0)) | V55: =INDEX(V42:V54,MATCH(MAX($J42:$J54),$J42:$J54,0)) | W55: =INDEX(W42:W54,MATCH(MAX($J42:$J54),$J42:$J54,0)) | ... AI55: =INDEX(AI42:AI54,MATCH(MAX($J42:$J54),$J42:$J54,0))
B57: =LARGE(IFERROR(IF(B55+1>$H$8,"",B55+1),""),1) -> 3 | C57: =IF(_xlfn.ISFORMULA(E61),MAX(INDEX('BASE FORMAÇÃO'!A:A,B57+1),1),E61) -> 1 | D57: =IFERROR(IF(C57=C47,D47+1,1),1) -> 3 | E57: ITEM | G57: Identificador SGD | H57: =INDEX('BASE FORMAÇÃO'!B:B,B57+1) -> MS.6.0-A1343 | I57: Identificador Microsoft | J57: H30-00237 | L57: PREÇO ESTIMADO | M57: =IF(OR(ISBLANK($O$8),ISBLANK($O$7),ISBLANK($H$8),ISBLANK($O$6),ISBLANK($O$5),ISBLANK($H$5)),"",IFERROR(IF(VLOOKUP(L57,L63:M72,2,FALSE)<1,ROUND(VLOOKUP(L57,L63:M72,2,FALSE),4),ROUND(VLOOKUP(L57,L63:M72,2,FALSE),2)),"")) -> 11257.83 | O57: ORIGINAL | P57: =3752.61*3 -> 11257.83
B58: =B57 -> 3 | C58: =C57 -> 1 | D58: =D57 -> 3 | E58: =D57 -> 3 | G58: DESCRIÇÃO | H58: =INDEX('BASE FORMAÇÃO'!C:C,B57+1) -> Project Professional ALng LSA 1 Server CAL | O58: DATA | P58: 46118
B59: =B58 -> 3 | C59: =C58 -> 1 | D59: =D58 -> 3 | L59: QUANTIDADE | M59: =INDEX('BASE FORMAÇÃO'!H:H,B61+1) -> 16 | O59: PARÂMETRO | P59: Sítio especializado
B60: =B59 -> 3 | C60: =C59 -> 1 | D60: =D59 -> 3 | E60: LOTE | L60: UNIDADE | M60: =INDEX('BASE FORMAÇÃO'!D:D,B61+1) -> Unidade/Ano | O60: FONTE/LINK | P60: Catálogo SGD
B61: =B59 -> 3 | C61: =C59 -> 1 | D61: =D60 -> 3 | E61: =C57 -> 1 | G61: OBSERVAÇÕES | H61: Preços proporcionalizados de acordo com a vigência contratual | L61: COEF. VAR. | M61: =IFERROR(INDEX(I63:I75,MATCH(MAX(J63:J75),J63:J75,0)),"") -> 0 | O61: ATUALIZADO | P61: =IF(P57="","", IF(OR(P59="Orçamento",P58="",MAX('Tabela de Apoio'!$A:$A)<=P58), P57, (INDEX('Tabela de Apoio'!$B:$B,MATCH('MAPA DE PREÇOS'!$O$8,'Tabela de Apoio'!$A:$A,1))/INDEX('Tabela de Apoio'!$B:$B,MATCH('MAPA DE PREÇOS'!P58,'Tabela de Apoio'!$A:$A,1)-1))*P57)) -> 11257.83 | Q61: =IF(Q57="","", IF(OR(Q59="Orçamento",Q58="",MAX('Tabela de Apoio'!$A:$A)<=Q58), Q57, (INDEX('Tabela de Apoio'!$B:$B,MATCH('MAPA DE PREÇOS'!$O$8,'Tabela de Apoio'!$A:$A,1))/INDEX('Tabela de Apoio'!$B:$B,MATCH('MAPA DE PREÇOS'!Q58,'Tabela de Apoio'!$A:$A,1)-1))*Q57)) | R61: =IF(R57="","", IF(OR(R59="Orçamento",R58="",MAX('Tabela de Apoio'!$A:$A)<=R58), R57, (INDEX('Tabela de Apoio'!$B:$B,MATCH('MAPA DE PREÇOS'!$O$8,'Tabela de Apoio'!$A:$A,1))/INDEX('Tabela de Apoio'!$B:$B,MATCH('MAPA DE PREÇOS'!R58,'Tabela de Apoio'!$A:$A,1)-1))*R57)) | S61: =IF(S57="","", IF(OR(S59="Orçamento",S58="",MAX('Tabela de Apoio'!$A:$A)<=S58), S57, (INDEX('Tabela de Apoio'!$B:$B,MATCH('MAPA DE PREÇOS'!$O$8,'Tabela de Apoio'!$A:$A,1))/INDEX('Tabela de Apoio'!$B:$B,MATCH('MAPA DE PREÇOS'!S58,'Tabela de Apoio'!$A:$A,1)-1))*S57)) | T61: =IF(T57="","", IF(OR(T59="Orçamento",T58="",MAX('Tabela de Apoio'!$A:$A)<=T58), T57, (INDEX('Tabela de Apoio'!$B:$B,MATCH('MAPA DE PREÇOS'!$O$8,'Tabela de Apoio'!$A:$A,1))/INDEX('Tabela de Apoio'!$B:$B,MATCH('MAPA DE PREÇOS'!T58,'Tabela de Apoio'!$A:$A,1)-1))*T57)) | U61: =IF(U57="","", IF(OR(U59="Orçamento",U58="",MAX('Tabela de Apoio'!$A:$A)<=U58), U57, (INDEX('Tabela de Apoio'!$B:$B,MATCH('MAPA DE PREÇOS'!$O$8,'Tabela de Apoio'!$A:$A,1))/INDEX('Tabela de Apoio'!$B:$B,MATCH('MAPA DE PREÇOS'!U58,'Tabela de Apoio'!$A:$A,1)-1))*U57)) | V61: =IF(V57="","", IF(OR(V59="Orçamento",V58="",MAX('Tabela de Apoio'!$A:$A)<=V58), V57, (INDEX('Tabela de Apoio'!$B:$B,MATCH('MAPA DE PREÇOS'!$O$8,'Tabela de Apoio'!$A:$A,1))/INDEX('Tabela de Apoio'!$B:$B,MATCH('MAPA DE PREÇOS'!V58,'Tabela de Apoio'!$A:$A,1)-1))*V57)) | W61: =IF(W57="","", IF(OR(W59="Orçamento",W58="",MAX('Tabela de Apoio'!$A:$A)<=W58), W57, (INDEX('Tabela de Apoio'!$B:$B,MATCH('MAPA DE PREÇOS'!$O$8,'Tabela de Apoio'!$A:$A,1))/INDEX('Tabela de Apoio'!$B:$B,MATCH('MAPA DE PREÇOS'!W58,'Tabela de Apoio'!$A:$A,1)-1))*W57)) | ... AI61: =IF(AI57="","", IF(OR(AI59="Orçamento",AI58="",MAX('Tabela de Apoio'!$A:$A)<=AI58), AI57, (INDEX('Tabela de Apoio'!$B:$B,MATCH('MAPA DE PREÇOS'!$O$8,'Tabela de Apoio'!$A:$A,1))/INDEX('Tabela de Apoio'!$B:$B,MATCH('MAPA DE PREÇOS'!AI58,'Tabela de Apoio'!$A:$A,1)-1))*AI57))
B62: =B61 -> 3 | C62: =C61 -> 1 | D62: =D61 -> 3 | O62: P D CAIXAS | P62: =IF(IFERROR(VLOOKUP(P59,'Tabela de Apoio'!$D:$E,2,FALSE),1)=1,"",P63) | Q62: =IF(IFERROR(VLOOKUP(Q59,'Tabela de Apoio'!$D:$E,2,FALSE),1)=1,"",Q63) | R62: =IF(IFERROR(VLOOKUP(R59,'Tabela de Apoio'!$D:$E,2,FALSE),1)=1,"",R63) | S62: =IF(IFERROR(VLOOKUP(S59,'Tabela de Apoio'!$D:$E,2,FALSE),1)=1,"",S63) | T62: =IF(IFERROR(VLOOKUP(T59,'Tabela de Apoio'!$D:$E,2,FALSE),1)=1,"",T63) | U62: =IF(IFERROR(VLOOKUP(U59,'Tabela de Apoio'!$D:$E,2,FALSE),1)=1,"",U63) | V62: =IF(IFERROR(VLOOKUP(V59,'Tabela de Apoio'!$D:$E,2,FALSE),1)=1,"",V63) | W62: =IF(IFERROR(VLOOKUP(W59,'Tabela de Apoio'!$D:$E,2,FALSE),1)=1,"",W63) | ... AI62: =IF(IFERROR(VLOOKUP(AI59,'Tabela de Apoio'!$D:$E,2,FALSE),1)=1,"",AI63)
B63: =B62 -> 3 | C63: =C62 -> 1 | D63: =D62 -> 3 | H63: =COUNT($P63:$XX63) -> 1 | I63: =_xlfn.STDEV.P($P62:$XX63)/AVERAGE($P62:$XX63) -> 0 | J63: =ROW() -> 63 | L63: PREÇO ESTIMADO | M63: =IFERROR( IF(COUNTA(P57:AI57)=COUNTIF(P59:XX59,"Orçamento"),MIN(M68,M65), IF(M66<>"",M66, IF(M67<>"",M67, M65 ))),"") -> 11257.83 | O63: D CAIXAS | P63: =IFERROR(IF(P61="", "", IF(COUNT($P61:$XX61)<=4, P61, IF(OR(P61>(QUARTILE($P61:$XX61,3)+(QUARTILE($P61:$XX61,3)-QUARTILE($P61:$XX61,1))), P61<(QUARTILE($P61:$XX61,1)-(QUARTILE($P61:$XX61,3)-QUARTILE($P61:$XX61,1))) ), "DESCARTADO",P61) ) ),P61) -> 11257.83 | Q63: =IFERROR(IF(Q61="", "", IF(COUNT($P61:$XX61)<=4, Q61, IF(OR(Q61>(QUARTILE($P61:$XX61,3)+(QUARTILE($P61:$XX61,3)-QUARTILE($P61:$XX61,1))), Q61<(QUARTILE($P61:$XX61,1)-(QUARTILE($P61:$XX61,3)-QUARTILE($P61:$XX61,1))) ), "DESCARTADO",Q61) ) ),Q61) | R63: =IFERROR(IF(R61="", "", IF(COUNT($P61:$XX61)<=4, R61, IF(OR(R61>(QUARTILE($P61:$XX61,3)+(QUARTILE($P61:$XX61,3)-QUARTILE($P61:$XX61,1))), R61<(QUARTILE($P61:$XX61,1)-(QUARTILE($P61:$XX61,3)-QUARTILE($P61:$XX61,1))) ), "DESCARTADO",R61) ) ),R61) | S63: =IFERROR(IF(S61="", "", IF(COUNT($P61:$XX61)<=4, S61, IF(OR(S61>(QUARTILE($P61:$XX61,3)+(QUARTILE($P61:$XX61,3)-QUARTILE($P61:$XX61,1))), S61<(QUARTILE($P61:$XX61,1)-(QUARTILE($P61:$XX61,3)-QUARTILE($P61:$XX61,1))) ), "DESCARTADO",S61) ) ),S61) | T63: =IFERROR(IF(T61="", "", IF(COUNT($P61:$XX61)<=4, T61, IF(OR(T61>(QUARTILE($P61:$XX61,3)+(QUARTILE($P61:$XX61,3)-QUARTILE($P61:$XX61,1))), T61<(QUARTILE($P61:$XX61,1)-(QUARTILE($P61:$XX61,3)-QUARTILE($P61:$XX61,1))) ), "DESCARTADO",T61) ) ),T61) | U63: =IFERROR(IF(U61="", "", IF(COUNT($P61:$XX61)<=4, U61, IF(OR(U61>(QUARTILE($P61:$XX61,3)+(QUARTILE($P61:$XX61,3)-QUARTILE($P61:$XX61,1))), U61<(QUARTILE($P61:$XX61,1)-(QUARTILE($P61:$XX61,3)-QUARTILE($P61:$XX61,1))) ), "DESCARTADO",U61) ) ),U61) | V63: =IFERROR(IF(V61="", "", IF(COUNT($P61:$XX61)<=4, V61, IF(OR(V61>(QUARTILE($P61:$XX61,3)+(QUARTILE($P61:$XX61,3)-QUARTILE($P61:$XX61,1))), V61<(QUARTILE($P61:$XX61,1)-(QUARTILE($P61:$XX61,3)-QUARTILE($P61:$XX61,1))) ), "DESCARTADO",V61) ) ),V61) | W63: =IFERROR(IF(W61="", "", IF(COUNT($P61:$XX61)<=4, W61, IF(OR(W61>(QUARTILE($P61:$XX61,3)+(QUARTILE($P61:$XX61,3)-QUARTILE($P61:$XX61,1))), W61<(QUARTILE($P61:$XX61,1)-(QUARTILE($P61:$XX61,3)-QUARTILE($P61:$XX61,1))) ), "DESCARTADO",W61) ) ),W61) | ... AI63: =IFERROR(IF(AI61="", "", IF(COUNT($P61:$XX61)<=4, AI61, IF(OR(AI61>(QUARTILE($P61:$XX61,3)+(QUARTILE($P61:$XX61,3)-QUARTILE($P61:$XX61,1))), AI61<(QUARTILE($P61:$XX61,1)-(QUARTILE($P61:$XX61,3)-QUARTILE($P61:$XX61,1))) ), "DESCARTADO",AI61) ) ),AI61)
B64: =B63 -> 3 | C64: =C63 -> 1 | D64: =D63 -> 3 | L64: MÉDIA | M64: =AVERAGE($P63:$XX63) -> 11257.83 | O64: ="1 POND" -> 1 POND | P64: =IF(IFERROR(VLOOKUP(P59,'Tabela de Apoio'!$D:$E,2,FALSE),1)=1,"",P65) | Q64: =IF(IFERROR(VLOOKUP(Q59,'Tabela de Apoio'!$D:$E,2,FALSE),1)=1,"",Q65) | R64: =IF(IFERROR(VLOOKUP(R59,'Tabela de Apoio'!$D:$E,2,FALSE),1)=1,"",R65) | S64: =IF(IFERROR(VLOOKUP(S59,'Tabela de Apoio'!$D:$E,2,FALSE),1)=1,"",S65) | T64: =IF(IFERROR(VLOOKUP(T59,'Tabela de Apoio'!$D:$E,2,FALSE),1)=1,"",T65) | U64: =IF(IFERROR(VLOOKUP(U59,'Tabela de Apoio'!$D:$E,2,FALSE),1)=1,"",U65) | V64: =IF(IFERROR(VLOOKUP(V59,'Tabela de Apoio'!$D:$E,2,FALSE),1)=1,"",V65) | W64: =IF(IFERROR(VLOOKUP(W59,'Tabela de Apoio'!$D:$E,2,FALSE),1)=1,"",W65) | ... AI64: =IF(IFERROR(VLOOKUP(AI59,'Tabela de Apoio'!$D:$E,2,FALSE),1)=1,"",AI65)
B65: =B64 -> 3 | C65: =C64 -> 1 | D65: =D64 -> 3 | H65: =COUNT($P65:$XX65) -> 1 | I65: =_xlfn.STDEV.P($P64:$XX65)/AVERAGE($P64:$XX65) -> 0 | J65: =IF(AND(H65>2, OR(L57="MÉDIA SANEADA",L57="MEDIANA SANEADA", AND(L57="PREÇO ESTIMADO",NOT(AND(P59="Orçamento",COUNTA(P57:XX57)=COUNTIF(P59:XX59,"Orçamento")))))), ROW(),0) -> 0 | L65: MEDIANA | M65: =MEDIAN($P63:$XX63) -> 11257.83 | O65: ="1 RODADA" -> 1 RODADA | P65: =IF(P63="","",IF((_xlfn.STDEV.P($P62:$XX63)/AVERAGE($P62:$XX63))<=25%,P63,IF(OR(P63>(AVERAGE($P62:$XX63)+_xlfn.STDEV.P($P62:$XX63)),P63<(AVERAGE($P62:$XX63)-_xlfn.STDEV.P($P62:$XX63))),"DESCARTADO",P63))) -> 11257.83 | Q65: =IF(Q63="","",IF((_xlfn.STDEV.P($P62:$XX63)/AVERAGE($P62:$XX63))<=25%,Q63,IF(OR(Q63>(AVERAGE($P62:$XX63)+_xlfn.STDEV.P($P62:$XX63)),Q63<(AVERAGE($P62:$XX63)-_xlfn.STDEV.P($P62:$XX63))),"DESCARTADO",Q63))) | R65: =IF(R63="","",IF((_xlfn.STDEV.P($P62:$XX63)/AVERAGE($P62:$XX63))<=25%,R63,IF(OR(R63>(AVERAGE($P62:$XX63)+_xlfn.STDEV.P($P62:$XX63)),R63<(AVERAGE($P62:$XX63)-_xlfn.STDEV.P($P62:$XX63))),"DESCARTADO",R63))) | S65: =IF(S63="","",IF((_xlfn.STDEV.P($P62:$XX63)/AVERAGE($P62:$XX63))<=25%,S63,IF(OR(S63>(AVERAGE($P62:$XX63)+_xlfn.STDEV.P($P62:$XX63)),S63<(AVERAGE($P62:$XX63)-_xlfn.STDEV.P($P62:$XX63))),"DESCARTADO",S63))) | T65: =IF(T63="","",IF((_xlfn.STDEV.P($P62:$XX63)/AVERAGE($P62:$XX63))<=25%,T63,IF(OR(T63>(AVERAGE($P62:$XX63)+_xlfn.STDEV.P($P62:$XX63)),T63<(AVERAGE($P62:$XX63)-_xlfn.STDEV.P($P62:$XX63))),"DESCARTADO",T63))) | U65: =IF(U63="","",IF((_xlfn.STDEV.P($P62:$XX63)/AVERAGE($P62:$XX63))<=25%,U63,IF(OR(U63>(AVERAGE($P62:$XX63)+_xlfn.STDEV.P($P62:$XX63)),U63<(AVERAGE($P62:$XX63)-_xlfn.STDEV.P($P62:$XX63))),"DESCARTADO",U63))) | V65: =IF(V63="","",IF((_xlfn.STDEV.P($P62:$XX63)/AVERAGE($P62:$XX63))<=25%,V63,IF(OR(V63>(AVERAGE($P62:$XX63)+_xlfn.STDEV.P($P62:$XX63)),V63<(AVERAGE($P62:$XX63)-_xlfn.STDEV.P($P62:$XX63))),"DESCARTADO",V63))) | W65: =IF(W63="","",IF((_xlfn.STDEV.P($P62:$XX63)/AVERAGE($P62:$XX63))<=25%,W63,IF(OR(W63>(AVERAGE($P62:$XX63)+_xlfn.STDEV.P($P62:$XX63)),W63<(AVERAGE($P62:$XX63)-_xlfn.STDEV.P($P62:$XX63))),"DESCARTADO",W63))) | ... AI65: =IF(AI63="","",IF((_xlfn.STDEV.P($P62:$XX63)/AVERAGE($P62:$XX63))<=25%,AI63,IF(OR(AI63>(AVERAGE($P62:$XX63)+_xlfn.STDEV.P($P62:$XX63)),AI63<(AVERAGE($P62:$XX63)-_xlfn.STDEV.P($P62:$XX63))),"DESCARTADO",AI63)))
B66: =B65 -> 3 | C66: =C65 -> 1 | D66: =D65 -> 3 | L66: MÉDIA SANEADA | M66: =IFERROR( IF(AND(H65>2,I65<=25%),AVERAGE(P64:XX65), IF(AND(H67>2,I67<=25%),AVERAGE(P66:XX67), IF(AND(H69>2,I69<=25%),AVERAGE(P68:XX69), IF(AND(H71>2,I71<=25%),AVERAGE(P70:XX71), IF(AND(H73>2,I73<=25%),AVERAGE(P72:XX73), IF(AND(H75>2,I75<=25%),AVERAGE(P74:XX75), IF(I63<=25%,AVERAGE(P62:XX63),""))))))),"") -> 11257.83 | O66: ="2 POND" -> 2 POND | P66: =IF(IFERROR(VLOOKUP(P59,'Tabela de Apoio'!$D:$E,2,FALSE),1)=1,"",P67) | Q66: =IF(IFERROR(VLOOKUP(Q59,'Tabela de Apoio'!$D:$E,2,FALSE),1)=1,"",Q67) | R66: =IF(IFERROR(VLOOKUP(R59,'Tabela de Apoio'!$D:$E,2,FALSE),1)=1,"",R67) | S66: =IF(IFERROR(VLOOKUP(S59,'Tabela de Apoio'!$D:$E,2,FALSE),1)=1,"",S67) | T66: =IF(IFERROR(VLOOKUP(T59,'Tabela de Apoio'!$D:$E,2,FALSE),1)=1,"",T67) | U66: =IF(IFERROR(VLOOKUP(U59,'Tabela de Apoio'!$D:$E,2,FALSE),1)=1,"",U67) | V66: =IF(IFERROR(VLOOKUP(V59,'Tabela de Apoio'!$D:$E,2,FALSE),1)=1,"",V67) | W66: =IF(IFERROR(VLOOKUP(W59,'Tabela de Apoio'!$D:$E,2,FALSE),1)=1,"",W67) | ... AI66: =IF(IFERROR(VLOOKUP(AI59,'Tabela de Apoio'!$D:$E,2,FALSE),1)=1,"",AI67)
B67: =B66 -> 3 | C67: =C66 -> 1 | D67: =D66 -> 3 | H67: =COUNT($P67:$XX67) -> 1 | I67: =_xlfn.STDEV.P($P66:$XX67)/AVERAGE($P66:$XX67) -> 0 | J67: =IF(AND(H67>2, OR(L57="MÉDIA SANEADA",L57="MEDIANA SANEADA", AND(L57="PREÇO ESTIMADO",NOT(AND(P59="Orçamento",COUNTA(P57:XX57)=COUNTIF(P59:XX59,"Orçamento")))))), ROW(),0) -> 0 | L67: MEDIANA SANEADA | M67: =IF(H65>2,MEDIAN(P64:XX65), IF(H67>2,MEDIAN(P66:XX67), IF(H69>2,MEDIAN(P68:XX69), IF(H71>2,MEDIAN(P70:XX71), IF(H73>2,MEDIAN(P72:XX73), IF(H75>2,MEDIAN(P74:XX75), MEDIAN(P62:XX63))))))) -> 11257.83 | O67: ="2 RODADA" -> 2 RODADA | P67: =IF(P65="","",IF((_xlfn.STDEV.P($P64:$XX65)/AVERAGE($P64:$XX65))<=25%,P65,IF(OR(P65>(AVERAGE($P64:$XX65)+_xlfn.STDEV.P($P64:$XX65)),P65<(AVERAGE($P64:$XX65)-_xlfn.STDEV.P($P64:$XX65))),"DESCARTADO",P65))) -> 11257.83 | Q67: =IF(Q65="","",IF((_xlfn.STDEV.P($P64:$XX65)/AVERAGE($P64:$XX65))<=25%,Q65,IF(OR(Q65>(AVERAGE($P64:$XX65)+_xlfn.STDEV.P($P64:$XX65)),Q65<(AVERAGE($P64:$XX65)-_xlfn.STDEV.P($P64:$XX65))),"DESCARTADO",Q65))) | R67: =IF(R65="","",IF((_xlfn.STDEV.P($P64:$XX65)/AVERAGE($P64:$XX65))<=25%,R65,IF(OR(R65>(AVERAGE($P64:$XX65)+_xlfn.STDEV.P($P64:$XX65)),R65<(AVERAGE($P64:$XX65)-_xlfn.STDEV.P($P64:$XX65))),"DESCARTADO",R65))) | S67: =IF(S65="","",IF((_xlfn.STDEV.P($P64:$XX65)/AVERAGE($P64:$XX65))<=25%,S65,IF(OR(S65>(AVERAGE($P64:$XX65)+_xlfn.STDEV.P($P64:$XX65)),S65<(AVERAGE($P64:$XX65)-_xlfn.STDEV.P($P64:$XX65))),"DESCARTADO",S65))) | T67: =IF(T65="","",IF((_xlfn.STDEV.P($P64:$XX65)/AVERAGE($P64:$XX65))<=25%,T65,IF(OR(T65>(AVERAGE($P64:$XX65)+_xlfn.STDEV.P($P64:$XX65)),T65<(AVERAGE($P64:$XX65)-_xlfn.STDEV.P($P64:$XX65))),"DESCARTADO",T65))) | U67: =IF(U65="","",IF((_xlfn.STDEV.P($P64:$XX65)/AVERAGE($P64:$XX65))<=25%,U65,IF(OR(U65>(AVERAGE($P64:$XX65)+_xlfn.STDEV.P($P64:$XX65)),U65<(AVERAGE($P64:$XX65)-_xlfn.STDEV.P($P64:$XX65))),"DESCARTADO",U65))) | V67: =IF(V65="","",IF((_xlfn.STDEV.P($P64:$XX65)/AVERAGE($P64:$XX65))<=25%,V65,IF(OR(V65>(AVERAGE($P64:$XX65)+_xlfn.STDEV.P($P64:$XX65)),V65<(AVERAGE($P64:$XX65)-_xlfn.STDEV.P($P64:$XX65))),"DESCARTADO",V65))) | W67: =IF(W65="","",IF((_xlfn.STDEV.P($P64:$XX65)/AVERAGE($P64:$XX65))<=25%,W65,IF(OR(W65>(AVERAGE($P64:$XX65)+_xlfn.STDEV.P($P64:$XX65)),W65<(AVERAGE($P64:$XX65)-_xlfn.STDEV.P($P64:$XX65))),"DESCARTADO",W65))) | ... AI67: =IF(AI65="","",IF((_xlfn.STDEV.P($P64:$XX65)/AVERAGE($P64:$XX65))<=25%,AI65,IF(OR(AI65>(AVERAGE($P64:$XX65)+_xlfn.STDEV.P($P64:$XX65)),AI65<(AVERAGE($P64:$XX65)-_xlfn.STDEV.P($P64:$XX65))),"DESCARTADO",AI65)))
B68: =B67 -> 3 | C68: =C67 -> 1 | D68: =D67 -> 3 | L68: MÉDIA HARMÔNICA | M68: =HARMEAN($P62:$XX63) -> 11257.83 | O68: ="3 POND" -> 3 POND | P68: =IF(IFERROR(VLOOKUP(P59,'Tabela de Apoio'!$D:$E,2,FALSE),1)=1,"",P69) | Q68: =IF(IFERROR(VLOOKUP(Q59,'Tabela de Apoio'!$D:$E,2,FALSE),1)=1,"",Q69) | R68: =IF(IFERROR(VLOOKUP(R59,'Tabela de Apoio'!$D:$E,2,FALSE),1)=1,"",R69) | S68: =IF(IFERROR(VLOOKUP(S59,'Tabela de Apoio'!$D:$E,2,FALSE),1)=1,"",S69) | T68: =IF(IFERROR(VLOOKUP(T59,'Tabela de Apoio'!$D:$E,2,FALSE),1)=1,"",T69) | U68: =IF(IFERROR(VLOOKUP(U59,'Tabela de Apoio'!$D:$E,2,FALSE),1)=1,"",U69) | V68: =IF(IFERROR(VLOOKUP(V59,'Tabela de Apoio'!$D:$E,2,FALSE),1)=1,"",V69) | W68: =IF(IFERROR(VLOOKUP(W59,'Tabela de Apoio'!$D:$E,2,FALSE),1)=1,"",W69) | ... AI68: =IF(IFERROR(VLOOKUP(AI59,'Tabela de Apoio'!$D:$E,2,FALSE),1)=1,"",AI69)
B69: =B68 -> 3 | C69: =C68 -> 1 | D69: =D68 -> 3 | H69: =COUNT($P69:$XX69) -> 1 | I69: =_xlfn.STDEV.P($P68:$XX69)/AVERAGE($P68:$XX69) -> 0 | J69: =IF(AND(H69>2, OR(L57="MÉDIA SANEADA",L57="MEDIANA SANEADA", AND(L57="PREÇO ESTIMADO",NOT(AND(P59="Orçamento",COUNTA(P57:XX57)=COUNTIF(P59:XX59,"Orçamento")))))), ROW(),0) -> 0 | L69: PRIMEIRO QUARTIL | M69: =IFERROR(_xlfn.QUARTILE.EXC($P63:$XX63,1),"") | O69: ="3 RODADA" -> 3 RODADA | P69: =IF(P67="","",IF((_xlfn.STDEV.P($P66:$XX67)/AVERAGE($P66:$XX67))<=25%,P67,IF(OR(P67>(AVERAGE($P66:$XX67)+_xlfn.STDEV.P($P66:$XX67)),P67<(AVERAGE($P66:$XX67)-_xlfn.STDEV.P($P66:$XX67))),"DESCARTADO",P67))) -> 11257.83 | Q69: =IF(Q67="","",IF((_xlfn.STDEV.P($P66:$XX67)/AVERAGE($P66:$XX67))<=25%,Q67,IF(OR(Q67>(AVERAGE($P66:$XX67)+_xlfn.STDEV.P($P66:$XX67)),Q67<(AVERAGE($P66:$XX67)-_xlfn.STDEV.P($P66:$XX67))),"DESCARTADO",Q67))) | R69: =IF(R67="","",IF((_xlfn.STDEV.P($P66:$XX67)/AVERAGE($P66:$XX67))<=25%,R67,IF(OR(R67>(AVERAGE($P66:$XX67)+_xlfn.STDEV.P($P66:$XX67)),R67<(AVERAGE($P66:$XX67)-_xlfn.STDEV.P($P66:$XX67))),"DESCARTADO",R67))) | S69: =IF(S67="","",IF((_xlfn.STDEV.P($P66:$XX67)/AVERAGE($P66:$XX67))<=25%,S67,IF(OR(S67>(AVERAGE($P66:$XX67)+_xlfn.STDEV.P($P66:$XX67)),S67<(AVERAGE($P66:$XX67)-_xlfn.STDEV.P($P66:$XX67))),"DESCARTADO",S67))) | T69: =IF(T67="","",IF((_xlfn.STDEV.P($P66:$XX67)/AVERAGE($P66:$XX67))<=25%,T67,IF(OR(T67>(AVERAGE($P66:$XX67)+_xlfn.STDEV.P($P66:$XX67)),T67<(AVERAGE($P66:$XX67)-_xlfn.STDEV.P($P66:$XX67))),"DESCARTADO",T67))) | U69: =IF(U67="","",IF((_xlfn.STDEV.P($P66:$XX67)/AVERAGE($P66:$XX67))<=25%,U67,IF(OR(U67>(AVERAGE($P66:$XX67)+_xlfn.STDEV.P($P66:$XX67)),U67<(AVERAGE($P66:$XX67)-_xlfn.STDEV.P($P66:$XX67))),"DESCARTADO",U67))) | V69: =IF(V67="","",IF((_xlfn.STDEV.P($P66:$XX67)/AVERAGE($P66:$XX67))<=25%,V67,IF(OR(V67>(AVERAGE($P66:$XX67)+_xlfn.STDEV.P($P66:$XX67)),V67<(AVERAGE($P66:$XX67)-_xlfn.STDEV.P($P66:$XX67))),"DESCARTADO",V67))) | W69: =IF(W67="","",IF((_xlfn.STDEV.P($P66:$XX67)/AVERAGE($P66:$XX67))<=25%,W67,IF(OR(W67>(AVERAGE($P66:$XX67)+_xlfn.STDEV.P($P66:$XX67)),W67<(AVERAGE($P66:$XX67)-_xlfn.STDEV.P($P66:$XX67))),"DESCARTADO",W67))) | ... AI69: =IF(AI67="","",IF((_xlfn.STDEV.P($P66:$XX67)/AVERAGE($P66:$XX67))<=25%,AI67,IF(OR(AI67>(AVERAGE($P66:$XX67)+_xlfn.STDEV.P($P66:$XX67)),AI67<(AVERAGE($P66:$XX67)-_xlfn.STDEV.P($P66:$XX67))),"DESCARTADO",AI67)))
B70: =B69 -> 3 | C70: =C69 -> 1 | D70: =D69 -> 3 | L70: TERCEIRO QUARTIL | M70: =IFERROR(_xlfn.QUARTILE.EXC($P63:$XX63,3),"") | O70: ="4 POND" -> 4 POND | P70: =IF(IFERROR(VLOOKUP(P59,'Tabela de Apoio'!$D:$E,2,FALSE),1)=1,"",P71) | Q70: =IF(IFERROR(VLOOKUP(Q59,'Tabela de Apoio'!$D:$E,2,FALSE),1)=1,"",Q71) | R70: =IF(IFERROR(VLOOKUP(R59,'Tabela de Apoio'!$D:$E,2,FALSE),1)=1,"",R71) | S70: =IF(IFERROR(VLOOKUP(S59,'Tabela de Apoio'!$D:$E,2,FALSE),1)=1,"",S71) | T70: =IF(IFERROR(VLOOKUP(T59,'Tabela de Apoio'!$D:$E,2,FALSE),1)=1,"",T71) | U70: =IF(IFERROR(VLOOKUP(U59,'Tabela de Apoio'!$D:$E,2,FALSE),1)=1,"",U71) | V70: =IF(IFERROR(VLOOKUP(V59,'Tabela de Apoio'!$D:$E,2,FALSE),1)=1,"",V71) | W70: =IF(IFERROR(VLOOKUP(W59,'Tabela de Apoio'!$D:$E,2,FALSE),1)=1,"",W71) | ... AI70: =IF(IFERROR(VLOOKUP(AI59,'Tabela de Apoio'!$D:$E,2,FALSE),1)=1,"",AI71)
B71: =B70 -> 3 | C71: =C70 -> 1 | D71: =D70 -> 3 | H71: =COUNT($P71:$XX71) -> 1 | I71: =_xlfn.STDEV.P($P70:$XX71)/AVERAGE($P70:$XX71) -> 0 | J71: =IF(AND(H71>2, OR(L57="MÉDIA SANEADA",L57="MEDIANA SANEADA", AND(L57="PREÇO ESTIMADO",NOT(AND(P59="Orçamento",COUNTA(P57:XX57)=COUNTIF(P59:XX59,"Orçamento")))))), ROW(),0) -> 0 | L71: MENOR VALOR | M71: =MIN($P63:$XX63) -> 11257.83 | O71: ="4 RODADA" -> 4 RODADA | P71: =IF(P69="","",IF((_xlfn.STDEV.P($P68:$XX69)/AVERAGE($P68:$XX69))<=25%,P69,IF(OR(P69>(AVERAGE($P68:$XX69)+_xlfn.STDEV.P($P68:$XX69)),P69<(AVERAGE($P68:$XX69)-_xlfn.STDEV.P($P68:$XX69))),"DESCARTADO",P69))) -> 11257.83 | Q71: =IF(Q69="","",IF((_xlfn.STDEV.P($P68:$XX69)/AVERAGE($P68:$XX69))<=25%,Q69,IF(OR(Q69>(AVERAGE($P68:$XX69)+_xlfn.STDEV.P($P68:$XX69)),Q69<(AVERAGE($P68:$XX69)-_xlfn.STDEV.P($P68:$XX69))),"DESCARTADO",Q69))) | R71: =IF(R69="","",IF((_xlfn.STDEV.P($P68:$XX69)/AVERAGE($P68:$XX69))<=25%,R69,IF(OR(R69>(AVERAGE($P68:$XX69)+_xlfn.STDEV.P($P68:$XX69)),R69<(AVERAGE($P68:$XX69)-_xlfn.STDEV.P($P68:$XX69))),"DESCARTADO",R69))) | S71: =IF(S69="","",IF((_xlfn.STDEV.P($P68:$XX69)/AVERAGE($P68:$XX69))<=25%,S69,IF(OR(S69>(AVERAGE($P68:$XX69)+_xlfn.STDEV.P($P68:$XX69)),S69<(AVERAGE($P68:$XX69)-_xlfn.STDEV.P($P68:$XX69))),"DESCARTADO",S69))) | T71: =IF(T69="","",IF((_xlfn.STDEV.P($P68:$XX69)/AVERAGE($P68:$XX69))<=25%,T69,IF(OR(T69>(AVERAGE($P68:$XX69)+_xlfn.STDEV.P($P68:$XX69)),T69<(AVERAGE($P68:$XX69)-_xlfn.STDEV.P($P68:$XX69))),"DESCARTADO",T69))) | U71: =IF(U69="","",IF((_xlfn.STDEV.P($P68:$XX69)/AVERAGE($P68:$XX69))<=25%,U69,IF(OR(U69>(AVERAGE($P68:$XX69)+_xlfn.STDEV.P($P68:$XX69)),U69<(AVERAGE($P68:$XX69)-_xlfn.STDEV.P($P68:$XX69))),"DESCARTADO",U69))) | V71: =IF(V69="","",IF((_xlfn.STDEV.P($P68:$XX69)/AVERAGE($P68:$XX69))<=25%,V69,IF(OR(V69>(AVERAGE($P68:$XX69)+_xlfn.STDEV.P($P68:$XX69)),V69<(AVERAGE($P68:$XX69)-_xlfn.STDEV.P($P68:$XX69))),"DESCARTADO",V69))) | W71: =IF(W69="","",IF((_xlfn.STDEV.P($P68:$XX69)/AVERAGE($P68:$XX69))<=25%,W69,IF(OR(W69>(AVERAGE($P68:$XX69)+_xlfn.STDEV.P($P68:$XX69)),W69<(AVERAGE($P68:$XX69)-_xlfn.STDEV.P($P68:$XX69))),"DESCARTADO",W69))) | ... AI71: =IF(AI69="","",IF((_xlfn.STDEV.P($P68:$XX69)/AVERAGE($P68:$XX69))<=25%,AI69,IF(OR(AI69>(AVERAGE($P68:$XX69)+_xlfn.STDEV.P($P68:$XX69)),AI69<(AVERAGE($P68:$XX69)-_xlfn.STDEV.P($P68:$XX69))),"DESCARTADO",AI69)))
B72: =B71 -> 3 | C72: =C71 -> 1 | D72: =D71 -> 3 | L72: MAIOR VALOR | M72: =MAX($P63:$XX63) -> 11257.83 | O72: ="5 POND" -> 5 POND | P72: =IF(IFERROR(VLOOKUP(P59,'Tabela de Apoio'!$D:$E,2,FALSE),1)=1,"",P73) | Q72: =IF(IFERROR(VLOOKUP(Q59,'Tabela de Apoio'!$D:$E,2,FALSE),1)=1,"",Q73) | R72: =IF(IFERROR(VLOOKUP(R59,'Tabela de Apoio'!$D:$E,2,FALSE),1)=1,"",R73) | S72: =IF(IFERROR(VLOOKUP(S59,'Tabela de Apoio'!$D:$E,2,FALSE),1)=1,"",S73) | T72: =IF(IFERROR(VLOOKUP(T59,'Tabela de Apoio'!$D:$E,2,FALSE),1)=1,"",T73) | U72: =IF(IFERROR(VLOOKUP(U59,'Tabela de Apoio'!$D:$E,2,FALSE),1)=1,"",U73) | V72: =IF(IFERROR(VLOOKUP(V59,'Tabela de Apoio'!$D:$E,2,FALSE),1)=1,"",V73) | W72: =IF(IFERROR(VLOOKUP(W59,'Tabela de Apoio'!$D:$E,2,FALSE),1)=1,"",W73) | ... AI72: =IF(IFERROR(VLOOKUP(AI59,'Tabela de Apoio'!$D:$E,2,FALSE),1)=1,"",AI73)
B73: =B72 -> 3 | C73: =C72 -> 1 | D73: =D72 -> 3 | H73: =COUNT($P73:$XX73) -> 1 | I73: =_xlfn.STDEV.P($P72:$XX73)/AVERAGE($P72:$XX73) -> 0 | J73: =IF(AND(H73>2, OR(L57="MÉDIA SANEADA",L57="MEDIANA SANEADA", AND(L57="PREÇO ESTIMADO",NOT(AND(P59="Orçamento",COUNTA(P57:XX57)=COUNTIF(P59:XX59,"Orçamento")))))), ROW(),0) -> 0 | O73: ="5 RODADA" -> 5 RODADA | P73: =IF(P71="","",IF((_xlfn.STDEV.P($P70:$XX71)/AVERAGE($P70:$XX71))<=25%,P71,IF(OR(P71>(AVERAGE($P70:$XX71)+_xlfn.STDEV.P($P70:$XX71)),P71<(AVERAGE($P70:$XX71)-_xlfn.STDEV.P($P70:$XX71))),"DESCARTADO",P71))) -> 11257.83 | Q73: =IF(Q71="","",IF((_xlfn.STDEV.P($P70:$XX71)/AVERAGE($P70:$XX71))<=25%,Q71,IF(OR(Q71>(AVERAGE($P70:$XX71)+_xlfn.STDEV.P($P70:$XX71)),Q71<(AVERAGE($P70:$XX71)-_xlfn.STDEV.P($P70:$XX71))),"DESCARTADO",Q71))) | R73: =IF(R71="","",IF((_xlfn.STDEV.P($P70:$XX71)/AVERAGE($P70:$XX71))<=25%,R71,IF(OR(R71>(AVERAGE($P70:$XX71)+_xlfn.STDEV.P($P70:$XX71)),R71<(AVERAGE($P70:$XX71)-_xlfn.STDEV.P($P70:$XX71))),"DESCARTADO",R71))) | S73: =IF(S71="","",IF((_xlfn.STDEV.P($P70:$XX71)/AVERAGE($P70:$XX71))<=25%,S71,IF(OR(S71>(AVERAGE($P70:$XX71)+_xlfn.STDEV.P($P70:$XX71)),S71<(AVERAGE($P70:$XX71)-_xlfn.STDEV.P($P70:$XX71))),"DESCARTADO",S71))) | T73: =IF(T71="","",IF((_xlfn.STDEV.P($P70:$XX71)/AVERAGE($P70:$XX71))<=25%,T71,IF(OR(T71>(AVERAGE($P70:$XX71)+_xlfn.STDEV.P($P70:$XX71)),T71<(AVERAGE($P70:$XX71)-_xlfn.STDEV.P($P70:$XX71))),"DESCARTADO",T71))) | U73: =IF(U71="","",IF((_xlfn.STDEV.P($P70:$XX71)/AVERAGE($P70:$XX71))<=25%,U71,IF(OR(U71>(AVERAGE($P70:$XX71)+_xlfn.STDEV.P($P70:$XX71)),U71<(AVERAGE($P70:$XX71)-_xlfn.STDEV.P($P70:$XX71))),"DESCARTADO",U71))) | V73: =IF(V71="","",IF((_xlfn.STDEV.P($P70:$XX71)/AVERAGE($P70:$XX71))<=25%,V71,IF(OR(V71>(AVERAGE($P70:$XX71)+_xlfn.STDEV.P($P70:$XX71)),V71<(AVERAGE($P70:$XX71)-_xlfn.STDEV.P($P70:$XX71))),"DESCARTADO",V71))) | W73: =IF(W71="","",IF((_xlfn.STDEV.P($P70:$XX71)/AVERAGE($P70:$XX71))<=25%,W71,IF(OR(W71>(AVERAGE($P70:$XX71)+_xlfn.STDEV.P($P70:$XX71)),W71<(AVERAGE($P70:$XX71)-_xlfn.STDEV.P($P70:$XX71))),"DESCARTADO",W71))) | ... AI73: =IF(AI71="","",IF((_xlfn.STDEV.P($P70:$XX71)/AVERAGE($P70:$XX71))<=25%,AI71,IF(OR(AI71>(AVERAGE($P70:$XX71)+_xlfn.STDEV.P($P70:$XX71)),AI71<(AVERAGE($P70:$XX71)-_xlfn.STDEV.P($P70:$XX71))),"DESCARTADO",AI71)))
B74: =B73 -> 3 | C74: =C73 -> 1 | D74: =D73 -> 3 | O74: ="6 POND" -> 6 POND | P74: =IF(IFERROR(VLOOKUP(P59,'Tabela de Apoio'!$D:$E,2,FALSE),1)=1,"",P75) | Q74: =IF(IFERROR(VLOOKUP(Q59,'Tabela de Apoio'!$D:$E,2,FALSE),1)=1,"",Q75) | R74: =IF(IFERROR(VLOOKUP(R59,'Tabela de Apoio'!$D:$E,2,FALSE),1)=1,"",R75) | S74: =IF(IFERROR(VLOOKUP(S59,'Tabela de Apoio'!$D:$E,2,FALSE),1)=1,"",S75) | T74: =IF(IFERROR(VLOOKUP(T59,'Tabela de Apoio'!$D:$E,2,FALSE),1)=1,"",T75) | U74: =IF(IFERROR(VLOOKUP(U59,'Tabela de Apoio'!$D:$E,2,FALSE),1)=1,"",U75) | V74: =IF(IFERROR(VLOOKUP(V59,'Tabela de Apoio'!$D:$E,2,FALSE),1)=1,"",V75) | W74: =IF(IFERROR(VLOOKUP(W59,'Tabela de Apoio'!$D:$E,2,FALSE),1)=1,"",W75) | ... AI74: =IF(IFERROR(VLOOKUP(AI59,'Tabela de Apoio'!$D:$E,2,FALSE),1)=1,"",AI75)
B75: =B74 -> 3 | C75: =C74 -> 1 | D75: =D74 -> 3 | H75: =COUNT($P75:$XX75) -> 1 | I75: =_xlfn.STDEV.P($P74:$XX75)/AVERAGE($P74:$XX75) -> 0 | J75: =IF(AND(H75>2, OR(L57="MÉDIA SANEADA",L57="MEDIANA SANEADA", AND(L57="PREÇO ESTIMADO",NOT(AND(P59="Orçamento",COUNTA(P57:XX57)=COUNTIF(P59:XX59,"Orçamento")))))), ROW(),0) -> 0 | O75: ="6 RODADA" -> 6 RODADA | P75: =IFERROR(IF(P73="","",IF((_xlfn.STDEV.P($P72:$XX73)/AVERAGE($P72:$XX73))<=25%,P73,IF(OR(P73>(AVERAGE($P72:$XX73)+_xlfn.STDEV.P($P72:$XX73)),P73<(AVERAGE($P72:$XX73)-_xlfn.STDEV.P($P72:$XX73))),"DESCARTADO",P73))),) -> 11257.83 | Q75: =IFERROR(IF(Q73="","",IF((_xlfn.STDEV.P($P72:$XX73)/AVERAGE($P72:$XX73))<=25%,Q73,IF(OR(Q73>(AVERAGE($P72:$XX73)+_xlfn.STDEV.P($P72:$XX73)),Q73<(AVERAGE($P72:$XX73)-_xlfn.STDEV.P($P72:$XX73))),"DESCARTADO",Q73))),) | R75: =IFERROR(IF(R73="","",IF((_xlfn.STDEV.P($P72:$XX73)/AVERAGE($P72:$XX73))<=25%,R73,IF(OR(R73>(AVERAGE($P72:$XX73)+_xlfn.STDEV.P($P72:$XX73)),R73<(AVERAGE($P72:$XX73)-_xlfn.STDEV.P($P72:$XX73))),"DESCARTADO",R73))),) | S75: =IFERROR(IF(S73="","",IF((_xlfn.STDEV.P($P72:$XX73)/AVERAGE($P72:$XX73))<=25%,S73,IF(OR(S73>(AVERAGE($P72:$XX73)+_xlfn.STDEV.P($P72:$XX73)),S73<(AVERAGE($P72:$XX73)-_xlfn.STDEV.P($P72:$XX73))),"DESCARTADO",S73))),) | T75: =IFERROR(IF(T73="","",IF((_xlfn.STDEV.P($P72:$XX73)/AVERAGE($P72:$XX73))<=25%,T73,IF(OR(T73>(AVERAGE($P72:$XX73)+_xlfn.STDEV.P($P72:$XX73)),T73<(AVERAGE($P72:$XX73)-_xlfn.STDEV.P($P72:$XX73))),"DESCARTADO",T73))),) | U75: =IFERROR(IF(U73="","",IF((_xlfn.STDEV.P($P72:$XX73)/AVERAGE($P72:$XX73))<=25%,U73,IF(OR(U73>(AVERAGE($P72:$XX73)+_xlfn.STDEV.P($P72:$XX73)),U73<(AVERAGE($P72:$XX73)-_xlfn.STDEV.P($P72:$XX73))),"DESCARTADO",U73))),) | V75: =IFERROR(IF(V73="","",IF((_xlfn.STDEV.P($P72:$XX73)/AVERAGE($P72:$XX73))<=25%,V73,IF(OR(V73>(AVERAGE($P72:$XX73)+_xlfn.STDEV.P($P72:$XX73)),V73<(AVERAGE($P72:$XX73)-_xlfn.STDEV.P($P72:$XX73))),"DESCARTADO",V73))),) | W75: =IFERROR(IF(W73="","",IF((_xlfn.STDEV.P($P72:$XX73)/AVERAGE($P72:$XX73))<=25%,W73,IF(OR(W73>(AVERAGE($P72:$XX73)+_xlfn.STDEV.P($P72:$XX73)),W73<(AVERAGE($P72:$XX73)-_xlfn.STDEV.P($P72:$XX73))),"DESCARTADO",W73))),) | ... AI75: =IFERROR(IF(AI73="","",IF((_xlfn.STDEV.P($P72:$XX73)/AVERAGE($P72:$XX73))<=25%,AI73,IF(OR(AI73>(AVERAGE($P72:$XX73)+_xlfn.STDEV.P($P72:$XX73)),AI73<(AVERAGE($P72:$XX73)-_xlfn.STDEV.P($P72:$XX73))),"DESCARTADO",AI73))),)
B76: =B75 -> 3 | C76: =C75 -> 1 | D76: =D75 -> 3 | L76: TOTAL ITEM | M76: =IFERROR(ROUND(M57*M59,2),"") -> 180125.28 | O76: CONSIDERADO | P76: =INDEX(P63:P75,MATCH(MAX($J63:$J75),$J63:$J75,0)) -> 11257.83 | Q76: =INDEX(Q63:Q75,MATCH(MAX($J63:$J75),$J63:$J75,0)) | R76: =INDEX(R63:R75,MATCH(MAX($J63:$J75),$J63:$J75,0)) | S76: =INDEX(S63:S75,MATCH(MAX($J63:$J75),$J63:$J75,0)) | T76: =INDEX(T63:T75,MATCH(MAX($J63:$J75),$J63:$J75,0)) | U76: =INDEX(U63:U75,MATCH(MAX($J63:$J75),$J63:$J75,0)) | V76: =INDEX(V63:V75,MATCH(MAX($J63:$J75),$J63:$J75,0)) | W76: =INDEX(W63:W75,MATCH(MAX($J63:$J75),$J63:$J75,0)) | ... AI76: =INDEX(AI63:AI75,MATCH(MAX($J63:$J75),$J63:$J75,0))
B78: =LARGE(IFERROR(IF(B76+1>$H$8,"",B76+1),""),1) -> 4 | C78: =IF(_xlfn.ISFORMULA(E82),MAX(INDEX('BASE FORMAÇÃO'!A:A,B78+1),1),E82) -> 1 | D78: =IFERROR(IF(C78=C68,D68+1,1),1) -> 4 | E78: ITEM | G78: Identificador SGD | H78: =INDEX('BASE FORMAÇÃO'!B:B,B78+1) -> MS.6.0-A1506 | I78: Identificador Microsoft | J78: NK4-00002 | L78: PREÇO ESTIMADO | M78: =IF(OR(ISBLANK($O$8),ISBLANK($O$7),ISBLANK($H$8),ISBLANK($O$6),ISBLANK($O$5),ISBLANK($H$5)),"",IFERROR(IF(VLOOKUP(L78,L84:M93,2,FALSE)<1,ROUND(VLOOKUP(L78,L84:M93,2,FALSE),4),ROUND(VLOOKUP(L78,L84:M93,2,FALSE),2)),"")) -> 3043.08 | O78: ORIGINAL | P78: =84.53*36 -> 3043.08
B79: =B78 -> 4 | C79: =C78 -> 1 | D79: =D78 -> 4 | E79: =D78 -> 4 | G79: DESCRIÇÃO | H79: =INDEX('BASE FORMAÇÃO'!C:C,B78+1) -> Power BI Pro Sub Per User | O79: DATA | P79: 46118
B80: =B79 -> 4 | C80: =C79 -> 1 | D80: =D79 -> 4 | L80: QUANTIDADE | M80: =INDEX('BASE FORMAÇÃO'!H:H,B82+1) -> 81 | O80: PARÂMETRO | P80: Sítio especializado
B81: =B80 -> 4 | C81: =C80 -> 1 | D81: =D80 -> 4 | E81: LOTE | L81: UNIDADE | M81: =INDEX('BASE FORMAÇÃO'!D:D,B82+1) -> Unidade/Mensal | O81: FONTE/LINK | P81: Catálogo SGD
B82: =B80 -> 4 | C82: =C80 -> 1 | D82: =D81 -> 4 | E82: =C78 -> 1 | G82: OBSERVAÇÕES | H82: Preços proporcionalizados de acordo com a vigência contratual | L82: COEF. VAR. | M82: =IFERROR(INDEX(I84:I96,MATCH(MAX(J84:J96),J84:J96,0)),"") -> 0 | O82: ATUALIZADO | P82: =IF(P78="","", IF(OR(P80="Orçamento",P79="",MAX('Tabela de Apoio'!$A:$A)<=P79), P78, (INDEX('Tabela de Apoio'!$B:$B,MATCH('MAPA DE PREÇOS'!$O$8,'Tabela de Apoio'!$A:$A,1))/INDEX('Tabela de Apoio'!$B:$B,MATCH('MAPA DE PREÇOS'!P79,'Tabela de Apoio'!$A:$A,1)-1))*P78)) -> 3043.08 | Q82: =IF(Q78="","", IF(OR(Q80="Orçamento",Q79="",MAX('Tabela de Apoio'!$A:$A)<=Q79), Q78, (INDEX('Tabela de Apoio'!$B:$B,MATCH('MAPA DE PREÇOS'!$O$8,'Tabela de Apoio'!$A:$A,1))/INDEX('Tabela de Apoio'!$B:$B,MATCH('MAPA DE PREÇOS'!Q79,'Tabela de Apoio'!$A:$A,1)-1))*Q78)) | R82: =IF(R78="","", IF(OR(R80="Orçamento",R79="",MAX('Tabela de Apoio'!$A:$A)<=R79), R78, (INDEX('Tabela de Apoio'!$B:$B,MATCH('MAPA DE PREÇOS'!$O$8,'Tabela de Apoio'!$A:$A,1))/INDEX('Tabela de Apoio'!$B:$B,MATCH('MAPA DE PREÇOS'!R79,'Tabela de Apoio'!$A:$A,1)-1))*R78)) | S82: =IF(S78="","", IF(OR(S80="Orçamento",S79="",MAX('Tabela de Apoio'!$A:$A)<=S79), S78, (INDEX('Tabela de Apoio'!$B:$B,MATCH('MAPA DE PREÇOS'!$O$8,'Tabela de Apoio'!$A:$A,1))/INDEX('Tabela de Apoio'!$B:$B,MATCH('MAPA DE PREÇOS'!S79,'Tabela de Apoio'!$A:$A,1)-1))*S78)) | T82: =IF(T78="","", IF(OR(T80="Orçamento",T79="",MAX('Tabela de Apoio'!$A:$A)<=T79), T78, (INDEX('Tabela de Apoio'!$B:$B,MATCH('MAPA DE PREÇOS'!$O$8,'Tabela de Apoio'!$A:$A,1))/INDEX('Tabela de Apoio'!$B:$B,MATCH('MAPA DE PREÇOS'!T79,'Tabela de Apoio'!$A:$A,1)-1))*T78)) | U82: =IF(U78="","", IF(OR(U80="Orçamento",U79="",MAX('Tabela de Apoio'!$A:$A)<=U79), U78, (INDEX('Tabela de Apoio'!$B:$B,MATCH('MAPA DE PREÇOS'!$O$8,'Tabela de Apoio'!$A:$A,1))/INDEX('Tabela de Apoio'!$B:$B,MATCH('MAPA DE PREÇOS'!U79,'Tabela de Apoio'!$A:$A,1)-1))*U78)) | V82: =IF(V78="","", IF(OR(V80="Orçamento",V79="",MAX('Tabela de Apoio'!$A:$A)<=V79), V78, (INDEX('Tabela de Apoio'!$B:$B,MATCH('MAPA DE PREÇOS'!$O$8,'Tabela de Apoio'!$A:$A,1))/INDEX('Tabela de Apoio'!$B:$B,MATCH('MAPA DE PREÇOS'!V79,'Tabela de Apoio'!$A:$A,1)-1))*V78)) | W82: =IF(W78="","", IF(OR(W80="Orçamento",W79="",MAX('Tabela de Apoio'!$A:$A)<=W79), W78, (INDEX('Tabela de Apoio'!$B:$B,MATCH('MAPA DE PREÇOS'!$O$8,'Tabela de Apoio'!$A:$A,1))/INDEX('Tabela de Apoio'!$B:$B,MATCH('MAPA DE PREÇOS'!W79,'Tabela de Apoio'!$A:$A,1)-1))*W78)) | ... AI82: =IF(AI78="","", IF(OR(AI80="Orçamento",AI79="",MAX('Tabela de Apoio'!$A:$A)<=AI79), AI78, (INDEX('Tabela de Apoio'!$B:$B,MATCH('MAPA DE PREÇOS'!$O$8,'Tabela de Apoio'!$A:$A,1))/INDEX('Tabela de Apoio'!$B:$B,MATCH('MAPA DE PREÇOS'!AI79,'Tabela de Apoio'!$A:$A,1)-1))*AI78))
B83: =B82 -> 4 | C83: =C82 -> 1 | D83: =D82 -> 4 | O83: P D CAIXAS | P83: =IF(IFERROR(VLOOKUP(P80,'Tabela de Apoio'!$D:$E,2,FALSE),1)=1,"",P84) | Q83: =IF(IFERROR(VLOOKUP(Q80,'Tabela de Apoio'!$D:$E,2,FALSE),1)=1,"",Q84) | R83: =IF(IFERROR(VLOOKUP(R80,'Tabela de Apoio'!$D:$E,2,FALSE),1)=1,"",R84) | S83: =IF(IFERROR(VLOOKUP(S80,'Tabela de Apoio'!$D:$E,2,FALSE),1)=1,"",S84) | T83: =IF(IFERROR(VLOOKUP(T80,'Tabela de Apoio'!$D:$E,2,FALSE),1)=1,"",T84) | U83: =IF(IFERROR(VLOOKUP(U80,'Tabela de Apoio'!$D:$E,2,FALSE),1)=1,"",U84) | V83: =IF(IFERROR(VLOOKUP(V80,'Tabela de Apoio'!$D:$E,2,FALSE),1)=1,"",V84) | W83: =IF(IFERROR(VLOOKUP(W80,'Tabela de Apoio'!$D:$E,2,FALSE),1)=1,"",W84) | ... AI83: =IF(IFERROR(VLOOKUP(AI80,'Tabela de Apoio'!$D:$E,2,FALSE),1)=1,"",AI84)
B84: =B83 -> 4 | C84: =C83 -> 1 | D84: =D83 -> 4 | H84: =COUNT($P84:$XX84) -> 1 | I84: =_xlfn.STDEV.P($P83:$XX84)/AVERAGE($P83:$XX84) -> 0 | J84: =ROW() -> 84 | L84: PREÇO ESTIMADO | M84: =IFERROR( IF(COUNTA(P78:AI78)=COUNTIF(P80:XX80,"Orçamento"),MIN(M89,M86), IF(M87<>"",M87, IF(M88<>"",M88, M86 ))),"") -> 3043.08 | O84: D CAIXAS | P84: =IFERROR(IF(P82="", "", IF(COUNT($P82:$XX82)<=4, P82, IF(OR(P82>(QUARTILE($P82:$XX82,3)+(QUARTILE($P82:$XX82,3)-QUARTILE($P82:$XX82,1))), P82<(QUARTILE($P82:$XX82,1)-(QUARTILE($P82:$XX82,3)-QUARTILE($P82:$XX82,1))) ), "DESCARTADO",P82) ) ),P82) -> 3043.08 | Q84: =IFERROR(IF(Q82="", "", IF(COUNT($P82:$XX82)<=4, Q82, IF(OR(Q82>(QUARTILE($P82:$XX82,3)+(QUARTILE($P82:$XX82,3)-QUARTILE($P82:$XX82,1))), Q82<(QUARTILE($P82:$XX82,1)-(QUARTILE($P82:$XX82,3)-QUARTILE($P82:$XX82,1))) ), "DESCARTADO",Q82) ) ),Q82) | R84: =IFERROR(IF(R82="", "", IF(COUNT($P82:$XX82)<=4, R82, IF(OR(R82>(QUARTILE($P82:$XX82,3)+(QUARTILE($P82:$XX82,3)-QUARTILE($P82:$XX82,1))), R82<(QUARTILE($P82:$XX82,1)-(QUARTILE($P82:$XX82,3)-QUARTILE($P82:$XX82,1))) ), "DESCARTADO",R82) ) ),R82) | S84: =IFERROR(IF(S82="", "", IF(COUNT($P82:$XX82)<=4, S82, IF(OR(S82>(QUARTILE($P82:$XX82,3)+(QUARTILE($P82:$XX82,3)-QUARTILE($P82:$XX82,1))), S82<(QUARTILE($P82:$XX82,1)-(QUARTILE($P82:$XX82,3)-QUARTILE($P82:$XX82,1))) ), "DESCARTADO",S82) ) ),S82) | T84: =IFERROR(IF(T82="", "", IF(COUNT($P82:$XX82)<=4, T82, IF(OR(T82>(QUARTILE($P82:$XX82,3)+(QUARTILE($P82:$XX82,3)-QUARTILE($P82:$XX82,1))), T82<(QUARTILE($P82:$XX82,1)-(QUARTILE($P82:$XX82,3)-QUARTILE($P82:$XX82,1))) ), "DESCARTADO",T82) ) ),T82) | U84: =IFERROR(IF(U82="", "", IF(COUNT($P82:$XX82)<=4, U82, IF(OR(U82>(QUARTILE($P82:$XX82,3)+(QUARTILE($P82:$XX82,3)-QUARTILE($P82:$XX82,1))), U82<(QUARTILE($P82:$XX82,1)-(QUARTILE($P82:$XX82,3)-QUARTILE($P82:$XX82,1))) ), "DESCARTADO",U82) ) ),U82) | V84: =IFERROR(IF(V82="", "", IF(COUNT($P82:$XX82)<=4, V82, IF(OR(V82>(QUARTILE($P82:$XX82,3)+(QUARTILE($P82:$XX82,3)-QUARTILE($P82:$XX82,1))), V82<(QUARTILE($P82:$XX82,1)-(QUARTILE($P82:$XX82,3)-QUARTILE($P82:$XX82,1))) ), "DESCARTADO",V82) ) ),V82) | W84: =IFERROR(IF(W82="", "", IF(COUNT($P82:$XX82)<=4, W82, IF(OR(W82>(QUARTILE($P82:$XX82,3)+(QUARTILE($P82:$XX82,3)-QUARTILE($P82:$XX82,1))), W82<(QUARTILE($P82:$XX82,1)-(QUARTILE($P82:$XX82,3)-QUARTILE($P82:$XX82,1))) ), "DESCARTADO",W82) ) ),W82) | ... AI84: =IFERROR(IF(AI82="", "", IF(COUNT($P82:$XX82)<=4, AI82, IF(OR(AI82>(QUARTILE($P82:$XX82,3)+(QUARTILE($P82:$XX82,3)-QUARTILE($P82:$XX82,1))), AI82<(QUARTILE($P82:$XX82,1)-(QUARTILE($P82:$XX82,3)-QUARTILE($P82:$XX82,1))) ), "DESCARTADO",AI82) ) ),AI82)
B85: =B84 -> 4 | C85: =C84 -> 1 | D85: =D84 -> 4 | L85: MÉDIA | M85: =AVERAGE($P84:$XX84) -> 3043.08 | O85: ="1 POND" -> 1 POND | P85: =IF(IFERROR(VLOOKUP(P80,'Tabela de Apoio'!$D:$E,2,FALSE),1)=1,"",P86) | Q85: =IF(IFERROR(VLOOKUP(Q80,'Tabela de Apoio'!$D:$E,2,FALSE),1)=1,"",Q86) | R85: =IF(IFERROR(VLOOKUP(R80,'Tabela de Apoio'!$D:$E,2,FALSE),1)=1,"",R86) | S85: =IF(IFERROR(VLOOKUP(S80,'Tabela de Apoio'!$D:$E,2,FALSE),1)=1,"",S86) | T85: =IF(IFERROR(VLOOKUP(T80,'Tabela de Apoio'!$D:$E,2,FALSE),1)=1,"",T86) | U85: =IF(IFERROR(VLOOKUP(U80,'Tabela de Apoio'!$D:$E,2,FALSE),1)=1,"",U86) | V85: =IF(IFERROR(VLOOKUP(V80,'Tabela de Apoio'!$D:$E,2,FALSE),1)=1,"",V86) | W85: =IF(IFERROR(VLOOKUP(W80,'Tabela de Apoio'!$D:$E,2,FALSE),1)=1,"",W86) | ... AI85: =IF(IFERROR(VLOOKUP(AI80,'Tabela de Apoio'!$D:$E,2,FALSE),1)=1,"",AI86)
B86: =B85 -> 4 | C86: =C85 -> 1 | D86: =D85 -> 4 | H86: =COUNT($P86:$XX86) -> 1 | I86: =_xlfn.STDEV.P($P85:$XX86)/AVERAGE($P85:$XX86) -> 0 | J86: =IF(AND(H86>2, OR(L78="MÉDIA SANEADA",L78="MEDIANA SANEADA", AND(L78="PREÇO ESTIMADO",NOT(AND(P80="Orçamento",COUNTA(P78:XX78)=COUNTIF(P80:XX80,"Orçamento")))))), ROW(),0) -> 0 | L86: MEDIANA | M86: =MEDIAN($P84:$XX84) -> 3043.08 | O86: ="1 RODADA" -> 1 RODADA | P86: =IF(P84="","",IF((_xlfn.STDEV.P($P83:$XX84)/AVERAGE($P83:$XX84))<=25%,P84,IF(OR(P84>(AVERAGE($P83:$XX84)+_xlfn.STDEV.P($P83:$XX84)),P84<(AVERAGE($P83:$XX84)-_xlfn.STDEV.P($P83:$XX84))),"DESCARTADO",P84))) -> 3043.08 | Q86: =IF(Q84="","",IF((_xlfn.STDEV.P($P83:$XX84)/AVERAGE($P83:$XX84))<=25%,Q84,IF(OR(Q84>(AVERAGE($P83:$XX84)+_xlfn.STDEV.P($P83:$XX84)),Q84<(AVERAGE($P83:$XX84)-_xlfn.STDEV.P($P83:$XX84))),"DESCARTADO",Q84))) | R86: =IF(R84="","",IF((_xlfn.STDEV.P($P83:$XX84)/AVERAGE($P83:$XX84))<=25%,R84,IF(OR(R84>(AVERAGE($P83:$XX84)+_xlfn.STDEV.P($P83:$XX84)),R84<(AVERAGE($P83:$XX84)-_xlfn.STDEV.P($P83:$XX84))),"DESCARTADO",R84))) | S86: =IF(S84="","",IF((_xlfn.STDEV.P($P83:$XX84)/AVERAGE($P83:$XX84))<=25%,S84,IF(OR(S84>(AVERAGE($P83:$XX84)+_xlfn.STDEV.P($P83:$XX84)),S84<(AVERAGE($P83:$XX84)-_xlfn.STDEV.P($P83:$XX84))),"DESCARTADO",S84))) | T86: =IF(T84="","",IF((_xlfn.STDEV.P($P83:$XX84)/AVERAGE($P83:$XX84))<=25%,T84,IF(OR(T84>(AVERAGE($P83:$XX84)+_xlfn.STDEV.P($P83:$XX84)),T84<(AVERAGE($P83:$XX84)-_xlfn.STDEV.P($P83:$XX84))),"DESCARTADO",T84))) | U86: =IF(U84="","",IF((_xlfn.STDEV.P($P83:$XX84)/AVERAGE($P83:$XX84))<=25%,U84,IF(OR(U84>(AVERAGE($P83:$XX84)+_xlfn.STDEV.P($P83:$XX84)),U84<(AVERAGE($P83:$XX84)-_xlfn.STDEV.P($P83:$XX84))),"DESCARTADO",U84))) | V86: =IF(V84="","",IF((_xlfn.STDEV.P($P83:$XX84)/AVERAGE($P83:$XX84))<=25%,V84,IF(OR(V84>(AVERAGE($P83:$XX84)+_xlfn.STDEV.P($P83:$XX84)),V84<(AVERAGE($P83:$XX84)-_xlfn.STDEV.P($P83:$XX84))),"DESCARTADO",V84))) | W86: =IF(W84="","",IF((_xlfn.STDEV.P($P83:$XX84)/AVERAGE($P83:$XX84))<=25%,W84,IF(OR(W84>(AVERAGE($P83:$XX84)+_xlfn.STDEV.P($P83:$XX84)),W84<(AVERAGE($P83:$XX84)-_xlfn.STDEV.P($P83:$XX84))),"DESCARTADO",W84))) | ... AI86: =IF(AI84="","",IF((_xlfn.STDEV.P($P83:$XX84)/AVERAGE($P83:$XX84))<=25%,AI84,IF(OR(AI84>(AVERAGE($P83:$XX84)+_xlfn.STDEV.P($P83:$XX84)),AI84<(AVERAGE($P83:$XX84)-_xlfn.STDEV.P($P83:$XX84))),"DESCARTADO",AI84)))
B87: =B86 -> 4 | C87: =C86 -> 1 | D87: =D86 -> 4 | L87: MÉDIA SANEADA | M87: =IFERROR( IF(AND(H86>2,I86<=25%),AVERAGE(P85:XX86), IF(AND(H88>2,I88<=25%),AVERAGE(P87:XX88), IF(AND(H90>2,I90<=25%),AVERAGE(P89:XX90), IF(AND(H92>2,I92<=25%),AVERAGE(P91:XX92), IF(AND(H94>2,I94<=25%),AVERAGE(P93:XX94), IF(AND(H96>2,I96<=25%),AVERAGE(P95:XX96), IF(I84<=25%,AVERAGE(P83:XX84),""))))))),"") -> 3043.08 | O87: ="2 POND" -> 2 POND | P87: =IF(IFERROR(VLOOKUP(P80,'Tabela de Apoio'!$D:$E,2,FALSE),1)=1,"",P88) | Q87: =IF(IFERROR(VLOOKUP(Q80,'Tabela de Apoio'!$D:$E,2,FALSE),1)=1,"",Q88) | R87: =IF(IFERROR(VLOOKUP(R80,'Tabela de Apoio'!$D:$E,2,FALSE),1)=1,"",R88) | S87: =IF(IFERROR(VLOOKUP(S80,'Tabela de Apoio'!$D:$E,2,FALSE),1)=1,"",S88) | T87: =IF(IFERROR(VLOOKUP(T80,'Tabela de Apoio'!$D:$E,2,FALSE),1)=1,"",T88) | U87: =IF(IFERROR(VLOOKUP(U80,'Tabela de Apoio'!$D:$E,2,FALSE),1)=1,"",U88) | V87: =IF(IFERROR(VLOOKUP(V80,'Tabela de Apoio'!$D:$E,2,FALSE),1)=1,"",V88) | W87: =IF(IFERROR(VLOOKUP(W80,'Tabela de Apoio'!$D:$E,2,FALSE),1)=1,"",W88) | ... AI87: =IF(IFERROR(VLOOKUP(AI80,'Tabela de Apoio'!$D:$E,2,FALSE),1)=1,"",AI88)
B88: =B87 -> 4 | C88: =C87 -> 1 | D88: =D87 -> 4 | H88: =COUNT($P88:$XX88) -> 1 | I88: =_xlfn.STDEV.P($P87:$XX88)/AVERAGE($P87:$XX88) -> 0 | J88: =IF(AND(H88>2, OR(L78="MÉDIA SANEADA",L78="MEDIANA SANEADA", AND(L78="PREÇO ESTIMADO",NOT(AND(P80="Orçamento",COUNTA(P78:XX78)=COUNTIF(P80:XX80,"Orçamento")))))), ROW(),0) -> 0 | L88: MEDIANA SANEADA | M88: =IF(H86>2,MEDIAN(P85:XX86), IF(H88>2,MEDIAN(P87:XX88), IF(H90>2,MEDIAN(P89:XX90), IF(H92>2,MEDIAN(P91:XX92), IF(H94>2,MEDIAN(P93:XX94), IF(H96>2,MEDIAN(P95:XX96), MEDIAN(P83:XX84))))))) -> 3043.08 | O88: ="2 RODADA" -> 2 RODADA | P88: =IF(P86="","",IF((_xlfn.STDEV.P($P85:$XX86)/AVERAGE($P85:$XX86))<=25%,P86,IF(OR(P86>(AVERAGE($P85:$XX86)+_xlfn.STDEV.P($P85:$XX86)),P86<(AVERAGE($P85:$XX86)-_xlfn.STDEV.P($P85:$XX86))),"DESCARTADO",P86))) -> 3043.08 | Q88: =IF(Q86="","",IF((_xlfn.STDEV.P($P85:$XX86)/AVERAGE($P85:$XX86))<=25%,Q86,IF(OR(Q86>(AVERAGE($P85:$XX86)+_xlfn.STDEV.P($P85:$XX86)),Q86<(AVERAGE($P85:$XX86)-_xlfn.STDEV.P($P85:$XX86))),"DESCARTADO",Q86))) | R88: =IF(R86="","",IF((_xlfn.STDEV.P($P85:$XX86)/AVERAGE($P85:$XX86))<=25%,R86,IF(OR(R86>(AVERAGE($P85:$XX86)+_xlfn.STDEV.P($P85:$XX86)),R86<(AVERAGE($P85:$XX86)-_xlfn.STDEV.P($P85:$XX86))),"DESCARTADO",R86))) | S88: =IF(S86="","",IF((_xlfn.STDEV.P($P85:$XX86)/AVERAGE($P85:$XX86))<=25%,S86,IF(OR(S86>(AVERAGE($P85:$XX86)+_xlfn.STDEV.P($P85:$XX86)),S86<(AVERAGE($P85:$XX86)-_xlfn.STDEV.P($P85:$XX86))),"DESCARTADO",S86))) | T88: =IF(T86="","",IF((_xlfn.STDEV.P($P85:$XX86)/AVERAGE($P85:$XX86))<=25%,T86,IF(OR(T86>(AVERAGE($P85:$XX86)+_xlfn.STDEV.P($P85:$XX86)),T86<(AVERAGE($P85:$XX86)-_xlfn.STDEV.P($P85:$XX86))),"DESCARTADO",T86))) | U88: =IF(U86="","",IF((_xlfn.STDEV.P($P85:$XX86)/AVERAGE($P85:$XX86))<=25%,U86,IF(OR(U86>(AVERAGE($P85:$XX86)+_xlfn.STDEV.P($P85:$XX86)),U86<(AVERAGE($P85:$XX86)-_xlfn.STDEV.P($P85:$XX86))),"DESCARTADO",U86))) | V88: =IF(V86="","",IF((_xlfn.STDEV.P($P85:$XX86)/AVERAGE($P85:$XX86))<=25%,V86,IF(OR(V86>(AVERAGE($P85:$XX86)+_xlfn.STDEV.P($P85:$XX86)),V86<(AVERAGE($P85:$XX86)-_xlfn.STDEV.P($P85:$XX86))),"DESCARTADO",V86))) | W88: =IF(W86="","",IF((_xlfn.STDEV.P($P85:$XX86)/AVERAGE($P85:$XX86))<=25%,W86,IF(OR(W86>(AVERAGE($P85:$XX86)+_xlfn.STDEV.P($P85:$XX86)),W86<(AVERAGE($P85:$XX86)-_xlfn.STDEV.P($P85:$XX86))),"DESCARTADO",W86))) | ... AI88: =IF(AI86="","",IF((_xlfn.STDEV.P($P85:$XX86)/AVERAGE($P85:$XX86))<=25%,AI86,IF(OR(AI86>(AVERAGE($P85:$XX86)+_xlfn.STDEV.P($P85:$XX86)),AI86<(AVERAGE($P85:$XX86)-_xlfn.STDEV.P($P85:$XX86))),"DESCARTADO",AI86)))
B89: =B88 -> 4 | C89: =C88 -> 1 | D89: =D88 -> 4 | L89: MÉDIA HARMÔNICA | M89: =HARMEAN($P83:$XX84) -> 3043.08 | O89: ="3 POND" -> 3 POND | P89: =IF(IFERROR(VLOOKUP(P80,'Tabela de Apoio'!$D:$E,2,FALSE),1)=1,"",P90) | Q89: =IF(IFERROR(VLOOKUP(Q80,'Tabela de Apoio'!$D:$E,2,FALSE),1)=1,"",Q90) | R89: =IF(IFERROR(VLOOKUP(R80,'Tabela de Apoio'!$D:$E,2,FALSE),1)=1,"",R90) | S89: =IF(IFERROR(VLOOKUP(S80,'Tabela de Apoio'!$D:$E,2,FALSE),1)=1,"",S90) | T89: =IF(IFERROR(VLOOKUP(T80,'Tabela de Apoio'!$D:$E,2,FALSE),1)=1,"",T90) | U89: =IF(IFERROR(VLOOKUP(U80,'Tabela de Apoio'!$D:$E,2,FALSE),1)=1,"",U90) | V89: =IF(IFERROR(VLOOKUP(V80,'Tabela de Apoio'!$D:$E,2,FALSE),1)=1,"",V90) | W89: =IF(IFERROR(VLOOKUP(W80,'Tabela de Apoio'!$D:$E,2,FALSE),1)=1,"",W90) | ... AI89: =IF(IFERROR(VLOOKUP(AI80,'Tabela de Apoio'!$D:$E,2,FALSE),1)=1,"",AI90)
B90: =B89 -> 4 | C90: =C89 -> 1 | D90: =D89 -> 4 | H90: =COUNT($P90:$XX90) -> 1 | I90: =_xlfn.STDEV.P($P89:$XX90)/AVERAGE($P89:$XX90) -> 0 | J90: =IF(AND(H90>2, OR(L78="MÉDIA SANEADA",L78="MEDIANA SANEADA", AND(L78="PREÇO ESTIMADO",NOT(AND(P80="Orçamento",COUNTA(P78:XX78)=COUNTIF(P80:XX80,"Orçamento")))))), ROW(),0) -> 0 | L90: PRIMEIRO QUARTIL | M90: =IFERROR(_xlfn.QUARTILE.EXC($P84:$XX84,1),"") | O90: ="3 RODADA" -> 3 RODADA | P90: =IF(P88="","",IF((_xlfn.STDEV.P($P87:$XX88)/AVERAGE($P87:$XX88))<=25%,P88,IF(OR(P88>(AVERAGE($P87:$XX88)+_xlfn.STDEV.P($P87:$XX88)),P88<(AVERAGE($P87:$XX88)-_xlfn.STDEV.P($P87:$XX88))),"DESCARTADO",P88))) -> 3043.08 | Q90: =IF(Q88="","",IF((_xlfn.STDEV.P($P87:$XX88)/AVERAGE($P87:$XX88))<=25%,Q88,IF(OR(Q88>(AVERAGE($P87:$XX88)+_xlfn.STDEV.P($P87:$XX88)),Q88<(AVERAGE($P87:$XX88)-_xlfn.STDEV.P($P87:$XX88))),"DESCARTADO",Q88))) | R90: =IF(R88="","",IF((_xlfn.STDEV.P($P87:$XX88)/AVERAGE($P87:$XX88))<=25%,R88,IF(OR(R88>(AVERAGE($P87:$XX88)+_xlfn.STDEV.P($P87:$XX88)),R88<(AVERAGE($P87:$XX88)-_xlfn.STDEV.P($P87:$XX88))),"DESCARTADO",R88))) | S90: =IF(S88="","",IF((_xlfn.STDEV.P($P87:$XX88)/AVERAGE($P87:$XX88))<=25%,S88,IF(OR(S88>(AVERAGE($P87:$XX88)+_xlfn.STDEV.P($P87:$XX88)),S88<(AVERAGE($P87:$XX88)-_xlfn.STDEV.P($P87:$XX88))),"DESCARTADO",S88))) | T90: =IF(T88="","",IF((_xlfn.STDEV.P($P87:$XX88)/AVERAGE($P87:$XX88))<=25%,T88,IF(OR(T88>(AVERAGE($P87:$XX88)+_xlfn.STDEV.P($P87:$XX88)),T88<(AVERAGE($P87:$XX88)-_xlfn.STDEV.P($P87:$XX88))),"DESCARTADO",T88))) | U90: =IF(U88="","",IF((_xlfn.STDEV.P($P87:$XX88)/AVERAGE($P87:$XX88))<=25%,U88,IF(OR(U88>(AVERAGE($P87:$XX88)+_xlfn.STDEV.P($P87:$XX88)),U88<(AVERAGE($P87:$XX88)-_xlfn.STDEV.P($P87:$XX88))),"DESCARTADO",U88))) | V90: =IF(V88="","",IF((_xlfn.STDEV.P($P87:$XX88)/AVERAGE($P87:$XX88))<=25%,V88,IF(OR(V88>(AVERAGE($P87:$XX88)+_xlfn.STDEV.P($P87:$XX88)),V88<(AVERAGE($P87:$XX88)-_xlfn.STDEV.P($P87:$XX88))),"DESCARTADO",V88))) | W90: =IF(W88="","",IF((_xlfn.STDEV.P($P87:$XX88)/AVERAGE($P87:$XX88))<=25%,W88,IF(OR(W88>(AVERAGE($P87:$XX88)+_xlfn.STDEV.P($P87:$XX88)),W88<(AVERAGE($P87:$XX88)-_xlfn.STDEV.P($P87:$XX88))),"DESCARTADO",W88))) | ... AI90: =IF(AI88="","",IF((_xlfn.STDEV.P($P87:$XX88)/AVERAGE($P87:$XX88))<=25%,AI88,IF(OR(AI88>(AVERAGE($P87:$XX88)+_xlfn.STDEV.P($P87:$XX88)),AI88<(AVERAGE($P87:$XX88)-_xlfn.STDEV.P($P87:$XX88))),"DESCARTADO",AI88)))
B91: =B90 -> 4 | C91: =C90 -> 1 | D91: =D90 -> 4 | L91: TERCEIRO QUARTIL | M91: =IFERROR(_xlfn.QUARTILE.EXC($P84:$XX84,3),"") | O91: ="4 POND" -> 4 POND | P91: =IF(IFERROR(VLOOKUP(P80,'Tabela de Apoio'!$D:$E,2,FALSE),1)=1,"",P92) | Q91: =IF(IFERROR(VLOOKUP(Q80,'Tabela de Apoio'!$D:$E,2,FALSE),1)=1,"",Q92) | R91: =IF(IFERROR(VLOOKUP(R80,'Tabela de Apoio'!$D:$E,2,FALSE),1)=1,"",R92) | S91: =IF(IFERROR(VLOOKUP(S80,'Tabela de Apoio'!$D:$E,2,FALSE),1)=1,"",S92) | T91: =IF(IFERROR(VLOOKUP(T80,'Tabela de Apoio'!$D:$E,2,FALSE),1)=1,"",T92) | U91: =IF(IFERROR(VLOOKUP(U80,'Tabela de Apoio'!$D:$E,2,FALSE),1)=1,"",U92) | V91: =IF(IFERROR(VLOOKUP(V80,'Tabela de Apoio'!$D:$E,2,FALSE),1)=1,"",V92) | W91: =IF(IFERROR(VLOOKUP(W80,'Tabela de Apoio'!$D:$E,2,FALSE),1)=1,"",W92) | ... AI91: =IF(IFERROR(VLOOKUP(AI80,'Tabela de Apoio'!$D:$E,2,FALSE),1)=1,"",AI92)
B92: =B91 -> 4 | C92: =C91 -> 1 | D92: =D91 -> 4 | H92: =COUNT($P92:$XX92) -> 1 | I92: =_xlfn.STDEV.P($P91:$XX92)/AVERAGE($P91:$XX92) -> 0 | J92: =IF(AND(H92>2, OR(L78="MÉDIA SANEADA",L78="MEDIANA SANEADA", AND(L78="PREÇO ESTIMADO",NOT(AND(P80="Orçamento",COUNTA(P78:XX78)=COUNTIF(P80:XX80,"Orçamento")))))), ROW(),0) -> 0 | L92: MENOR VALOR | M92: =MIN($P84:$XX84) -> 3043.08 | O92: ="4 RODADA" -> 4 RODADA | P92: =IF(P90="","",IF((_xlfn.STDEV.P($P89:$XX90)/AVERAGE($P89:$XX90))<=25%,P90,IF(OR(P90>(AVERAGE($P89:$XX90)+_xlfn.STDEV.P($P89:$XX90)),P90<(AVERAGE($P89:$XX90)-_xlfn.STDEV.P($P89:$XX90))),"DESCARTADO",P90))) -> 3043.08 | Q92: =IF(Q90="","",IF((_xlfn.STDEV.P($P89:$XX90)/AVERAGE($P89:$XX90))<=25%,Q90,IF(OR(Q90>(AVERAGE($P89:$XX90)+_xlfn.STDEV.P($P89:$XX90)),Q90<(AVERAGE($P89:$XX90)-_xlfn.STDEV.P($P89:$XX90))),"DESCARTADO",Q90))) | R92: =IF(R90="","",IF((_xlfn.STDEV.P($P89:$XX90)/AVERAGE($P89:$XX90))<=25%,R90,IF(OR(R90>(AVERAGE($P89:$XX90)+_xlfn.STDEV.P($P89:$XX90)),R90<(AVERAGE($P89:$XX90)-_xlfn.STDEV.P($P89:$XX90))),"DESCARTADO",R90))) | S92: =IF(S90="","",IF((_xlfn.STDEV.P($P89:$XX90)/AVERAGE($P89:$XX90))<=25%,S90,IF(OR(S90>(AVERAGE($P89:$XX90)+_xlfn.STDEV.P($P89:$XX90)),S90<(AVERAGE($P89:$XX90)-_xlfn.STDEV.P($P89:$XX90))),"DESCARTADO",S90))) | T92: =IF(T90="","",IF((_xlfn.STDEV.P($P89:$XX90)/AVERAGE($P89:$XX90))<=25%,T90,IF(OR(T90>(AVERAGE($P89:$XX90)+_xlfn.STDEV.P($P89:$XX90)),T90<(AVERAGE($P89:$XX90)-_xlfn.STDEV.P($P89:$XX90))),"DESCARTADO",T90))) | U92: =IF(U90="","",IF((_xlfn.STDEV.P($P89:$XX90)/AVERAGE($P89:$XX90))<=25%,U90,IF(OR(U90>(AVERAGE($P89:$XX90)+_xlfn.STDEV.P($P89:$XX90)),U90<(AVERAGE($P89:$XX90)-_xlfn.STDEV.P($P89:$XX90))),"DESCARTADO",U90))) | V92: =IF(V90="","",IF((_xlfn.STDEV.P($P89:$XX90)/AVERAGE($P89:$XX90))<=25%,V90,IF(OR(V90>(AVERAGE($P89:$XX90)+_xlfn.STDEV.P($P89:$XX90)),V90<(AVERAGE($P89:$XX90)-_xlfn.STDEV.P($P89:$XX90))),"DESCARTADO",V90))) | W92: =IF(W90="","",IF((_xlfn.STDEV.P($P89:$XX90)/AVERAGE($P89:$XX90))<=25%,W90,IF(OR(W90>(AVERAGE($P89:$XX90)+_xlfn.STDEV.P($P89:$XX90)),W90<(AVERAGE($P89:$XX90)-_xlfn.STDEV.P($P89:$XX90))),"DESCARTADO",W90))) | ... AI92: =IF(AI90="","",IF((_xlfn.STDEV.P($P89:$XX90)/AVERAGE($P89:$XX90))<=25%,AI90,IF(OR(AI90>(AVERAGE($P89:$XX90)+_xlfn.STDEV.P($P89:$XX90)),AI90<(AVERAGE($P89:$XX90)-_xlfn.STDEV.P($P89:$XX90))),"DESCARTADO",AI90)))
B93: =B92 -> 4 | C93: =C92 -> 1 | D93: =D92 -> 4 | L93: MAIOR VALOR | M93: =MAX($P84:$XX84) -> 3043.08 | O93: ="5 POND" -> 5 POND | P93: =IF(IFERROR(VLOOKUP(P80,'Tabela de Apoio'!$D:$E,2,FALSE),1)=1,"",P94) | Q93: =IF(IFERROR(VLOOKUP(Q80,'Tabela de Apoio'!$D:$E,2,FALSE),1)=1,"",Q94) | R93: =IF(IFERROR(VLOOKUP(R80,'Tabela de Apoio'!$D:$E,2,FALSE),1)=1,"",R94) | S93: =IF(IFERROR(VLOOKUP(S80,'Tabela de Apoio'!$D:$E,2,FALSE),1)=1,"",S94) | T93: =IF(IFERROR(VLOOKUP(T80,'Tabela de Apoio'!$D:$E,2,FALSE),1)=1,"",T94) | U93: =IF(IFERROR(VLOOKUP(U80,'Tabela de Apoio'!$D:$E,2,FALSE),1)=1,"",U94) | V93: =IF(IFERROR(VLOOKUP(V80,'Tabela de Apoio'!$D:$E,2,FALSE),1)=1,"",V94) | W93: =IF(IFERROR(VLOOKUP(W80,'Tabela de Apoio'!$D:$E,2,FALSE),1)=1,"",W94) | ... AI93: =IF(IFERROR(VLOOKUP(AI80,'Tabela de Apoio'!$D:$E,2,FALSE),1)=1,"",AI94)
B94: =B93 -> 4 | C94: =C93 -> 1 | D94: =D93 -> 4 | H94: =COUNT($P94:$XX94) -> 1 | I94: =_xlfn.STDEV.P($P93:$XX94)/AVERAGE($P93:$XX94) -> 0 | J94: =IF(AND(H94>2, OR(L78="MÉDIA SANEADA",L78="MEDIANA SANEADA", AND(L78="PREÇO ESTIMADO",NOT(AND(P80="Orçamento",COUNTA(P78:XX78)=COUNTIF(P80:XX80,"Orçamento")))))), ROW(),0) -> 0 | O94: ="5 RODADA" -> 5 RODADA | P94: =IF(P92="","",IF((_xlfn.STDEV.P($P91:$XX92)/AVERAGE($P91:$XX92))<=25%,P92,IF(OR(P92>(AVERAGE($P91:$XX92)+_xlfn.STDEV.P($P91:$XX92)),P92<(AVERAGE($P91:$XX92)-_xlfn.STDEV.P($P91:$XX92))),"DESCARTADO",P92))) -> 3043.08 | Q94: =IF(Q92="","",IF((_xlfn.STDEV.P($P91:$XX92)/AVERAGE($P91:$XX92))<=25%,Q92,IF(OR(Q92>(AVERAGE($P91:$XX92)+_xlfn.STDEV.P($P91:$XX92)),Q92<(AVERAGE($P91:$XX92)-_xlfn.STDEV.P($P91:$XX92))),"DESCARTADO",Q92))) | R94: =IF(R92="","",IF((_xlfn.STDEV.P($P91:$XX92)/AVERAGE($P91:$XX92))<=25%,R92,IF(OR(R92>(AVERAGE($P91:$XX92)+_xlfn.STDEV.P($P91:$XX92)),R92<(AVERAGE($P91:$XX92)-_xlfn.STDEV.P($P91:$XX92))),"DESCARTADO",R92))) | S94: =IF(S92="","",IF((_xlfn.STDEV.P($P91:$XX92)/AVERAGE($P91:$XX92))<=25%,S92,IF(OR(S92>(AVERAGE($P91:$XX92)+_xlfn.STDEV.P($P91:$XX92)),S92<(AVERAGE($P91:$XX92)-_xlfn.STDEV.P($P91:$XX92))),"DESCARTADO",S92))) | T94: =IF(T92="","",IF((_xlfn.STDEV.P($P91:$XX92)/AVERAGE($P91:$XX92))<=25%,T92,IF(OR(T92>(AVERAGE($P91:$XX92)+_xlfn.STDEV.P($P91:$XX92)),T92<(AVERAGE($P91:$XX92)-_xlfn.STDEV.P($P91:$XX92))),"DESCARTADO",T92))) | U94: =IF(U92="","",IF((_xlfn.STDEV.P($P91:$XX92)/AVERAGE($P91:$XX92))<=25%,U92,IF(OR(U92>(AVERAGE($P91:$XX92)+_xlfn.STDEV.P($P91:$XX92)),U92<(AVERAGE($P91:$XX92)-_xlfn.STDEV.P($P91:$XX92))),"DESCARTADO",U92))) | V94: =IF(V92="","",IF((_xlfn.STDEV.P($P91:$XX92)/AVERAGE($P91:$XX92))<=25%,V92,IF(OR(V92>(AVERAGE($P91:$XX92)+_xlfn.STDEV.P($P91:$XX92)),V92<(AVERAGE($P91:$XX92)-_xlfn.STDEV.P($P91:$XX92))),"DESCARTADO",V92))) | W94: =IF(W92="","",IF((_xlfn.STDEV.P($P91:$XX92)/AVERAGE($P91:$XX92))<=25%,W92,IF(OR(W92>(AVERAGE($P91:$XX92)+_xlfn.STDEV.P($P91:$XX92)),W92<(AVERAGE($P91:$XX92)-_xlfn.STDEV.P($P91:$XX92))),"DESCARTADO",W92))) | ... AI94: =IF(AI92="","",IF((_xlfn.STDEV.P($P91:$XX92)/AVERAGE($P91:$XX92))<=25%,AI92,IF(OR(AI92>(AVERAGE($P91:$XX92)+_xlfn.STDEV.P($P91:$XX92)),AI92<(AVERAGE($P91:$XX92)-_xlfn.STDEV.P($P91:$XX92))),"DESCARTADO",AI92)))
B95: =B94 -> 4 | C95: =C94 -> 1 | D95: =D94 -> 4 | O95: ="6 POND" -> 6 POND | P95: =IF(IFERROR(VLOOKUP(P80,'Tabela de Apoio'!$D:$E,2,FALSE),1)=1,"",P96) | Q95: =IF(IFERROR(VLOOKUP(Q80,'Tabela de Apoio'!$D:$E,2,FALSE),1)=1,"",Q96) | R95: =IF(IFERROR(VLOOKUP(R80,'Tabela de Apoio'!$D:$E,2,FALSE),1)=1,"",R96) | S95: =IF(IFERROR(VLOOKUP(S80,'Tabela de Apoio'!$D:$E,2,FALSE),1)=1,"",S96) | T95: =IF(IFERROR(VLOOKUP(T80,'Tabela de Apoio'!$D:$E,2,FALSE),1)=1,"",T96) | U95: =IF(IFERROR(VLOOKUP(U80,'Tabela de Apoio'!$D:$E,2,FALSE),1)=1,"",U96) | V95: =IF(IFERROR(VLOOKUP(V80,'Tabela de Apoio'!$D:$E,2,FALSE),1)=1,"",V96) | W95: =IF(IFERROR(VLOOKUP(W80,'Tabela de Apoio'!$D:$E,2,FALSE),1)=1,"",W96) | ... AI95: =IF(IFERROR(VLOOKUP(AI80,'Tabela de Apoio'!$D:$E,2,FALSE),1)=1,"",AI96)
B96: =B95 -> 4 | C96: =C95 -> 1 | D96: =D95 -> 4 | H96: =COUNT($P96:$XX96) -> 1 | I96: =_xlfn.STDEV.P($P95:$XX96)/AVERAGE($P95:$XX96) -> 0 | J96: =IF(AND(H96>2, OR(L78="MÉDIA SANEADA",L78="MEDIANA SANEADA", AND(L78="PREÇO ESTIMADO",NOT(AND(P80="Orçamento",COUNTA(P78:XX78)=COUNTIF(P80:XX80,"Orçamento")))))), ROW(),0) -> 0 | O96: ="6 RODADA" -> 6 RODADA | P96: =IFERROR(IF(P94="","",IF((_xlfn.STDEV.P($P93:$XX94)/AVERAGE($P93:$XX94))<=25%,P94,IF(OR(P94>(AVERAGE($P93:$XX94)+_xlfn.STDEV.P($P93:$XX94)),P94<(AVERAGE($P93:$XX94)-_xlfn.STDEV.P($P93:$XX94))),"DESCARTADO",P94))),) -> 3043.08 | Q96: =IFERROR(IF(Q94="","",IF((_xlfn.STDEV.P($P93:$XX94)/AVERAGE($P93:$XX94))<=25%,Q94,IF(OR(Q94>(AVERAGE($P93:$XX94)+_xlfn.STDEV.P($P93:$XX94)),Q94<(AVERAGE($P93:$XX94)-_xlfn.STDEV.P($P93:$XX94))),"DESCARTADO",Q94))),) | R96: =IFERROR(IF(R94="","",IF((_xlfn.STDEV.P($P93:$XX94)/AVERAGE($P93:$XX94))<=25%,R94,IF(OR(R94>(AVERAGE($P93:$XX94)+_xlfn.STDEV.P($P93:$XX94)),R94<(AVERAGE($P93:$XX94)-_xlfn.STDEV.P($P93:$XX94))),"DESCARTADO",R94))),) | S96: =IFERROR(IF(S94="","",IF((_xlfn.STDEV.P($P93:$XX94)/AVERAGE($P93:$XX94))<=25%,S94,IF(OR(S94>(AVERAGE($P93:$XX94)+_xlfn.STDEV.P($P93:$XX94)),S94<(AVERAGE($P93:$XX94)-_xlfn.STDEV.P($P93:$XX94))),"DESCARTADO",S94))),) | T96: =IFERROR(IF(T94="","",IF((_xlfn.STDEV.P($P93:$XX94)/AVERAGE($P93:$XX94))<=25%,T94,IF(OR(T94>(AVERAGE($P93:$XX94)+_xlfn.STDEV.P($P93:$XX94)),T94<(AVERAGE($P93:$XX94)-_xlfn.STDEV.P($P93:$XX94))),"DESCARTADO",T94))),) | U96: =IFERROR(IF(U94="","",IF((_xlfn.STDEV.P($P93:$XX94)/AVERAGE($P93:$XX94))<=25%,U94,IF(OR(U94>(AVERAGE($P93:$XX94)+_xlfn.STDEV.P($P93:$XX94)),U94<(AVERAGE($P93:$XX94)-_xlfn.STDEV.P($P93:$XX94))),"DESCARTADO",U94))),) | V96: =IFERROR(IF(V94="","",IF((_xlfn.STDEV.P($P93:$XX94)/AVERAGE($P93:$XX94))<=25%,V94,IF(OR(V94>(AVERAGE($P93:$XX94)+_xlfn.STDEV.P($P93:$XX94)),V94<(AVERAGE($P93:$XX94)-_xlfn.STDEV.P($P93:$XX94))),"DESCARTADO",V94))),) | W96: =IFERROR(IF(W94="","",IF((_xlfn.STDEV.P($P93:$XX94)/AVERAGE($P93:$XX94))<=25%,W94,IF(OR(W94>(AVERAGE($P93:$XX94)+_xlfn.STDEV.P($P93:$XX94)),W94<(AVERAGE($P93:$XX94)-_xlfn.STDEV.P($P93:$XX94))),"DESCARTADO",W94))),) | ... AI96: =IFERROR(IF(AI94="","",IF((_xlfn.STDEV.P($P93:$XX94)/AVERAGE($P93:$XX94))<=25%,AI94,IF(OR(AI94>(AVERAGE($P93:$XX94)+_xlfn.STDEV.P($P93:$XX94)),AI94<(AVERAGE($P93:$XX94)-_xlfn.STDEV.P($P93:$XX94))),"DESCARTADO",AI94))),)
B97: =B96 -> 4 | C97: =C96 -> 1 | D97: =D96 -> 4 | L97: TOTAL ITEM | M97: =IFERROR(ROUND(M78*M80,2),"") -> 246489.48 | O97: CONSIDERADO | P97: =INDEX(P84:P96,MATCH(MAX($J84:$J96),$J84:$J96,0)) -> 3043.08 | Q97: =INDEX(Q84:Q96,MATCH(MAX($J84:$J96),$J84:$J96,0)) | R97: =INDEX(R84:R96,MATCH(MAX($J84:$J96),$J84:$J96,0)) | S97: =INDEX(S84:S96,MATCH(MAX($J84:$J96),$J84:$J96,0)) | T97: =INDEX(T84:T96,MATCH(MAX($J84:$J96),$J84:$J96,0)) | U97: =INDEX(U84:U96,MATCH(MAX($J84:$J96),$J84:$J96,0)) | V97: =INDEX(V84:V96,MATCH(MAX($J84:$J96),$J84:$J96,0)) | W97: =INDEX(W84:W96,MATCH(MAX($J84:$J96),$J84:$J96,0)) | ... AI97: =INDEX(AI84:AI96,MATCH(MAX($J84:$J96),$J84:$J96,0))
B99: =LARGE(IFERROR(IF(B97+1>$H$8,"",B97+1),""),1) -> 5 | C99: =IF(_xlfn.ISFORMULA(E103),MAX(INDEX('BASE FORMAÇÃO'!A:A,B99+1),1),E103) -> 1 | D99: =IFERROR(IF(C99=C89,D89+1,1),1) -> 5 | E99: ITEM | G99: Identificador SGD | H99: =INDEX('BASE FORMAÇÃO'!B:B,B99+1) -> MS.6.0-A0871 | I99: Identificador Microsoft | J99: AAA-10842 | L99: PREÇO ESTIMADO | M99: =IF(OR(ISBLANK($O$8),ISBLANK($O$7),ISBLANK($H$8),ISBLANK($O$6),ISBLANK($O$5),ISBLANK($H$5)),"",IFERROR(IF(VLOOKUP(L99,L105:M114,2,FALSE)<1,ROUND(VLOOKUP(L99,L105:M114,2,FALSE),4),ROUND(VLOOKUP(L99,L105:M114,2,FALSE),2)),"")) -> 4999.32 | O99: ORIGINAL | P99: =138.87*36 -> 4999.32
B100: =B99 -> 5 | C100: =C99 -> 1 | D100: =D99 -> 5 | E100: =D99 -> 5 | G100: DESCRIÇÃO | H100: =INDEX('BASE FORMAÇÃO'!C:C,B99+1) -> O365 E3 Sub Per User | O100: DATA | P100: 46118
B101: =B100 -> 5 | C101: =C100 -> 1 | D101: =D100 -> 5 | L101: QUANTIDADE | M101: =INDEX('BASE FORMAÇÃO'!H:H,B103+1) -> 83 | O101: PARÂMETRO | P101: Sítio especializado
B102: =B101 -> 5 | C102: =C101 -> 1 | D102: =D101 -> 5 | E102: LOTE | L102: UNIDADE | M102: =INDEX('BASE FORMAÇÃO'!D:D,B103+1) -> Unidade/Mensal | O102: FONTE/LINK | P102: Catálogo SGD
B103: =B101 -> 5 | C103: =C101 -> 1 | D103: =D102 -> 5 | E103: =C99 -> 1 | G103: OBSERVAÇÕES | H103: Preços proporcionalizados de acordo com a vigência contratual | L103: COEF. VAR. | M103: =IFERROR(INDEX(I105:I117,MATCH(MAX(J105:J117),J105:J117,0)),"") -> 0 | O103: ATUALIZADO | P103: =IF(P99="","", IF(OR(P101="Orçamento",P100="",MAX('Tabela de Apoio'!$A:$A)<=P100), P99, (INDEX('Tabela de Apoio'!$B:$B,MATCH('MAPA DE PREÇOS'!$O$8,'Tabela de Apoio'!$A:$A,1))/INDEX('Tabela de Apoio'!$B:$B,MATCH('MAPA DE PREÇOS'!P100,'Tabela de Apoio'!$A:$A,1)-1))*P99)) -> 4999.32 | Q103: =IF(Q99="","", IF(OR(Q101="Orçamento",Q100="",MAX('Tabela de Apoio'!$A:$A)<=Q100), Q99, (INDEX('Tabela de Apoio'!$B:$B,MATCH('MAPA DE PREÇOS'!$O$8,'Tabela de Apoio'!$A:$A,1))/INDEX('Tabela de Apoio'!$B:$B,MATCH('MAPA DE PREÇOS'!Q100,'Tabela de Apoio'!$A:$A,1)-1))*Q99)) | R103: =IF(R99="","", IF(OR(R101="Orçamento",R100="",MAX('Tabela de Apoio'!$A:$A)<=R100), R99, (INDEX('Tabela de Apoio'!$B:$B,MATCH('MAPA DE PREÇOS'!$O$8,'Tabela de Apoio'!$A:$A,1))/INDEX('Tabela de Apoio'!$B:$B,MATCH('MAPA DE PREÇOS'!R100,'Tabela de Apoio'!$A:$A,1)-1))*R99)) | S103: =IF(S99="","", IF(OR(S101="Orçamento",S100="",MAX('Tabela de Apoio'!$A:$A)<=S100), S99, (INDEX('Tabela de Apoio'!$B:$B,MATCH('MAPA DE PREÇOS'!$O$8,'Tabela de Apoio'!$A:$A,1))/INDEX('Tabela de Apoio'!$B:$B,MATCH('MAPA DE PREÇOS'!S100,'Tabela de Apoio'!$A:$A,1)-1))*S99)) | T103: =IF(T99="","", IF(OR(T101="Orçamento",T100="",MAX('Tabela de Apoio'!$A:$A)<=T100), T99, (INDEX('Tabela de Apoio'!$B:$B,MATCH('MAPA DE PREÇOS'!$O$8,'Tabela de Apoio'!$A:$A,1))/INDEX('Tabela de Apoio'!$B:$B,MATCH('MAPA DE PREÇOS'!T100,'Tabela de Apoio'!$A:$A,1)-1))*T99)) | U103: =IF(U99="","", IF(OR(U101="Orçamento",U100="",MAX('Tabela de Apoio'!$A:$A)<=U100), U99, (INDEX('Tabela de Apoio'!$B:$B,MATCH('MAPA DE PREÇOS'!$O$8,'Tabela de Apoio'!$A:$A,1))/INDEX('Tabela de Apoio'!$B:$B,MATCH('MAPA DE PREÇOS'!U100,'Tabela de Apoio'!$A:$A,1)-1))*U99)) | V103: =IF(V99="","", IF(OR(V101="Orçamento",V100="",MAX('Tabela de Apoio'!$A:$A)<=V100), V99, (INDEX('Tabela de Apoio'!$B:$B,MATCH('MAPA DE PREÇOS'!$O$8,'Tabela de Apoio'!$A:$A,1))/INDEX('Tabela de Apoio'!$B:$B,MATCH('MAPA DE PREÇOS'!V100,'Tabela de Apoio'!$A:$A,1)-1))*V99)) | W103: =IF(W99="","", IF(OR(W101="Orçamento",W100="",MAX('Tabela de Apoio'!$A:$A)<=W100), W99, (INDEX('Tabela de Apoio'!$B:$B,MATCH('MAPA DE PREÇOS'!$O$8,'Tabela de Apoio'!$A:$A,1))/INDEX('Tabela de Apoio'!$B:$B,MATCH('MAPA DE PREÇOS'!W100,'Tabela de Apoio'!$A:$A,1)-1))*W99)) | ... AI103: =IF(AI99="","", IF(OR(AI101="Orçamento",AI100="",MAX('Tabela de Apoio'!$A:$A)<=AI100), AI99, (INDEX('Tabela de Apoio'!$B:$B,MATCH('MAPA DE PREÇOS'!$O$8,'Tabela de Apoio'!$A:$A,1))/INDEX('Tabela de Apoio'!$B:$B,MATCH('MAPA DE PREÇOS'!AI100,'Tabela de Apoio'!$A:$A,1)-1))*AI99))
B104: =B103 -> 5 | C104: =C103 -> 1 | D104: =D103 -> 5 | O104: P D CAIXAS | P104: =IF(IFERROR(VLOOKUP(P101,'Tabela de Apoio'!$D:$E,2,FALSE),1)=1,"",P105) | Q104: =IF(IFERROR(VLOOKUP(Q101,'Tabela de Apoio'!$D:$E,2,FALSE),1)=1,"",Q105) | R104: =IF(IFERROR(VLOOKUP(R101,'Tabela de Apoio'!$D:$E,2,FALSE),1)=1,"",R105) | S104: =IF(IFERROR(VLOOKUP(S101,'Tabela de Apoio'!$D:$E,2,FALSE),1)=1,"",S105) | T104: =IF(IFERROR(VLOOKUP(T101,'Tabela de Apoio'!$D:$E,2,FALSE),1)=1,"",T105) | U104: =IF(IFERROR(VLOOKUP(U101,'Tabela de Apoio'!$D:$E,2,FALSE),1)=1,"",U105) | V104: =IF(IFERROR(VLOOKUP(V101,'Tabela de Apoio'!$D:$E,2,FALSE),1)=1,"",V105) | W104: =IF(IFERROR(VLOOKUP(W101,'Tabela de Apoio'!$D:$E,2,FALSE),1)=1,"",W105) | ... AI104: =IF(IFERROR(VLOOKUP(AI101,'Tabela de Apoio'!$D:$E,2,FALSE),1)=1,"",AI105)
B105: =B104 -> 5 | C105: =C104 -> 1 | D105: =D104 -> 5 | H105: =COUNT($P105:$XX105) -> 1 | I105: =_xlfn.STDEV.P($P104:$XX105)/AVERAGE($P104:$XX105) -> 0 | J105: =ROW() -> 105 | L105: PREÇO ESTIMADO | M105: =IFERROR( IF(COUNTA(P99:AI99)=COUNTIF(P101:XX101,"Orçamento"),MIN(M110,M107), IF(M108<>"",M108, IF(M109<>"",M109, M107 ))),"") -> 4999.32 | O105: D CAIXAS | P105: =IFERROR(IF(P103="", "", IF(COUNT($P103:$XX103)<=4, P103, IF(OR(P103>(QUARTILE($P103:$XX103,3)+(QUARTILE($P103:$XX103,3)-QUARTILE($P103:$XX103,1))), P103<(QUARTILE($P103:$XX103,1)-(QUARTILE($P103:$XX103,3)-QUARTILE($P103:$XX103,1))) ), "DESCARTADO",P103) ) ),P103) -> 4999.32 | Q105: =IFERROR(IF(Q103="", "", IF(COUNT($P103:$XX103)<=4, Q103, IF(OR(Q103>(QUARTILE($P103:$XX103,3)+(QUARTILE($P103:$XX103,3)-QUARTILE($P103:$XX103,1))), Q103<(QUARTILE($P103:$XX103,1)-(QUARTILE($P103:$XX103,3)-QUARTILE($P103:$XX103,1))) ), "DESCARTADO",Q103) ) ),Q103) | R105: =IFERROR(IF(R103="", "", IF(COUNT($P103:$XX103)<=4, R103, IF(OR(R103>(QUARTILE($P103:$XX103,3)+(QUARTILE($P103:$XX103,3)-QUARTILE($P103:$XX103,1))), R103<(QUARTILE($P103:$XX103,1)-(QUARTILE($P103:$XX103,3)-QUARTILE($P103:$XX103,1))) ), "DESCARTADO",R103) ) ),R103) | S105: =IFERROR(IF(S103="", "", IF(COUNT($P103:$XX103)<=4, S103, IF(OR(S103>(QUARTILE($P103:$XX103,3)+(QUARTILE($P103:$XX103,3)-QUARTILE($P103:$XX103,1))), S103<(QUARTILE($P103:$XX103,1)-(QUARTILE($P103:$XX103,3)-QUARTILE($P103:$XX103,1))) ), "DESCARTADO",S103) ) ),S103) | T105: =IFERROR(IF(T103="", "", IF(COUNT($P103:$XX103)<=4, T103, IF(OR(T103>(QUARTILE($P103:$XX103,3)+(QUARTILE($P103:$XX103,3)-QUARTILE($P103:$XX103,1))), T103<(QUARTILE($P103:$XX103,1)-(QUARTILE($P103:$XX103,3)-QUARTILE($P103:$XX103,1))) ), "DESCARTADO",T103) ) ),T103) | U105: =IFERROR(IF(U103="", "", IF(COUNT($P103:$XX103)<=4, U103, IF(OR(U103>(QUARTILE($P103:$XX103,3)+(QUARTILE($P103:$XX103,3)-QUARTILE($P103:$XX103,1))), U103<(QUARTILE($P103:$XX103,1)-(QUARTILE($P103:$XX103,3)-QUARTILE($P103:$XX103,1))) ), "DESCARTADO",U103) ) ),U103) | V105: =IFERROR(IF(V103="", "", IF(COUNT($P103:$XX103)<=4, V103, IF(OR(V103>(QUARTILE($P103:$XX103,3)+(QUARTILE($P103:$XX103,3)-QUARTILE($P103:$XX103,1))), V103<(QUARTILE($P103:$XX103,1)-(QUARTILE($P103:$XX103,3)-QUARTILE($P103:$XX103,1))) ), "DESCARTADO",V103) ) ),V103) | W105: =IFERROR(IF(W103="", "", IF(COUNT($P103:$XX103)<=4, W103, IF(OR(W103>(QUARTILE($P103:$XX103,3)+(QUARTILE($P103:$XX103,3)-QUARTILE($P103:$XX103,1))), W103<(QUARTILE($P103:$XX103,1)-(QUARTILE($P103:$XX103,3)-QUARTILE($P103:$XX103,1))) ), "DESCARTADO",W103) ) ),W103) | ... AI105: =IFERROR(IF(AI103="", "", IF(COUNT($P103:$XX103)<=4, AI103, IF(OR(AI103>(QUARTILE($P103:$XX103,3)+(QUARTILE($P103:$XX103,3)-QUARTILE($P103:$XX103,1))), AI103<(QUARTILE($P103:$XX103,1)-(QUARTILE($P103:$XX103,3)-QUARTILE($P103:$XX103,1))) ), "DESCARTADO",AI103) ) ),AI103)
B106: =B105 -> 5 | C106: =C105 -> 1 | D106: =D105 -> 5 | L106: MÉDIA | M106: =AVERAGE($P105:$XX105) -> 4999.32 | O106: ="1 POND" -> 1 POND | P106: =IF(IFERROR(VLOOKUP(P101,'Tabela de Apoio'!$D:$E,2,FALSE),1)=1,"",P107) | Q106: =IF(IFERROR(VLOOKUP(Q101,'Tabela de Apoio'!$D:$E,2,FALSE),1)=1,"",Q107) | R106: =IF(IFERROR(VLOOKUP(R101,'Tabela de Apoio'!$D:$E,2,FALSE),1)=1,"",R107) | S106: =IF(IFERROR(VLOOKUP(S101,'Tabela de Apoio'!$D:$E,2,FALSE),1)=1,"",S107) | T106: =IF(IFERROR(VLOOKUP(T101,'Tabela de Apoio'!$D:$E,2,FALSE),1)=1,"",T107) | U106: =IF(IFERROR(VLOOKUP(U101,'Tabela de Apoio'!$D:$E,2,FALSE),1)=1,"",U107) | V106: =IF(IFERROR(VLOOKUP(V101,'Tabela de Apoio'!$D:$E,2,FALSE),1)=1,"",V107) | W106: =IF(IFERROR(VLOOKUP(W101,'Tabela de Apoio'!$D:$E,2,FALSE),1)=1,"",W107) | ... AI106: =IF(IFERROR(VLOOKUP(AI101,'Tabela de Apoio'!$D:$E,2,FALSE),1)=1,"",AI107)
B107: =B106 -> 5 | C107: =C106 -> 1 | D107: =D106 -> 5 | H107: =COUNT($P107:$XX107) -> 1 | I107: =_xlfn.STDEV.P($P106:$XX107)/AVERAGE($P106:$XX107) -> 0 | J107: =IF(AND(H107>2, OR(L99="MÉDIA SANEADA",L99="MEDIANA SANEADA", AND(L99="PREÇO ESTIMADO",NOT(AND(P101="Orçamento",COUNTA(P99:XX99)=COUNTIF(P101:XX101,"Orçamento")))))), ROW(),0) -> 0 | L107: MEDIANA | M107: =MEDIAN($P105:$XX105) -> 4999.32 | O107: ="1 RODADA" -> 1 RODADA | P107: =IF(P105="","",IF((_xlfn.STDEV.P($P104:$XX105)/AVERAGE($P104:$XX105))<=25%,P105,IF(OR(P105>(AVERAGE($P104:$XX105)+_xlfn.STDEV.P($P104:$XX105)),P105<(AVERAGE($P104:$XX105)-_xlfn.STDEV.P($P104:$XX105))),"DESCARTADO",P105))) -> 4999.32 | Q107: =IF(Q105="","",IF((_xlfn.STDEV.P($P104:$XX105)/AVERAGE($P104:$XX105))<=25%,Q105,IF(OR(Q105>(AVERAGE($P104:$XX105)+_xlfn.STDEV.P($P104:$XX105)),Q105<(AVERAGE($P104:$XX105)-_xlfn.STDEV.P($P104:$XX105))),"DESCARTADO",Q105))) | R107: =IF(R105="","",IF((_xlfn.STDEV.P($P104:$XX105)/AVERAGE($P104:$XX105))<=25%,R105,IF(OR(R105>(AVERAGE($P104:$XX105)+_xlfn.STDEV.P($P104:$XX105)),R105<(AVERAGE($P104:$XX105)-_xlfn.STDEV.P($P104:$XX105))),"DESCARTADO",R105))) | S107: =IF(S105="","",IF((_xlfn.STDEV.P($P104:$XX105)/AVERAGE($P104:$XX105))<=25%,S105,IF(OR(S105>(AVERAGE($P104:$XX105)+_xlfn.STDEV.P($P104:$XX105)),S105<(AVERAGE($P104:$XX105)-_xlfn.STDEV.P($P104:$XX105))),"DESCARTADO",S105))) | T107: =IF(T105="","",IF((_xlfn.STDEV.P($P104:$XX105)/AVERAGE($P104:$XX105))<=25%,T105,IF(OR(T105>(AVERAGE($P104:$XX105)+_xlfn.STDEV.P($P104:$XX105)),T105<(AVERAGE($P104:$XX105)-_xlfn.STDEV.P($P104:$XX105))),"DESCARTADO",T105))) | U107: =IF(U105="","",IF((_xlfn.STDEV.P($P104:$XX105)/AVERAGE($P104:$XX105))<=25%,U105,IF(OR(U105>(AVERAGE($P104:$XX105)+_xlfn.STDEV.P($P104:$XX105)),U105<(AVERAGE($P104:$XX105)-_xlfn.STDEV.P($P104:$XX105))),"DESCARTADO",U105))) | V107: =IF(V105="","",IF((_xlfn.STDEV.P($P104:$XX105)/AVERAGE($P104:$XX105))<=25%,V105,IF(OR(V105>(AVERAGE($P104:$XX105)+_xlfn.STDEV.P($P104:$XX105)),V105<(AVERAGE($P104:$XX105)-_xlfn.STDEV.P($P104:$XX105))),"DESCARTADO",V105))) | W107: =IF(W105="","",IF((_xlfn.STDEV.P($P104:$XX105)/AVERAGE($P104:$XX105))<=25%,W105,IF(OR(W105>(AVERAGE($P104:$XX105)+_xlfn.STDEV.P($P104:$XX105)),W105<(AVERAGE($P104:$XX105)-_xlfn.STDEV.P($P104:$XX105))),"DESCARTADO",W105))) | ... AI107: =IF(AI105="","",IF((_xlfn.STDEV.P($P104:$XX105)/AVERAGE($P104:$XX105))<=25%,AI105,IF(OR(AI105>(AVERAGE($P104:$XX105)+_xlfn.STDEV.P($P104:$XX105)),AI105<(AVERAGE($P104:$XX105)-_xlfn.STDEV.P($P104:$XX105))),"DESCARTADO",AI105)))
B108: =B107 -> 5 | C108: =C107 -> 1 | D108: =D107 -> 5 | L108: MÉDIA SANEADA | M108: =IFERROR( IF(AND(H107>2,I107<=25%),AVERAGE(P106:XX107), IF(AND(H109>2,I109<=25%),AVERAGE(P108:XX109), IF(AND(H111>2,I111<=25%),AVERAGE(P110:XX111), IF(AND(H113>2,I113<=25%),AVERAGE(P112:XX113), IF(AND(H115>2,I115<=25%),AVERAGE(P114:XX115), IF(AND(H117>2,I117<=25%),AVERAGE(P116:XX117), IF(I105<=25%,AVERAGE(P104:XX105),""))))))),"") -> 4999.32 | O108: ="2 POND" -> 2 POND | P108: =IF(IFERROR(VLOOKUP(P101,'Tabela de Apoio'!$D:$E,2,FALSE),1)=1,"",P109) | Q108: =IF(IFERROR(VLOOKUP(Q101,'Tabela de Apoio'!$D:$E,2,FALSE),1)=1,"",Q109) | R108: =IF(IFERROR(VLOOKUP(R101,'Tabela de Apoio'!$D:$E,2,FALSE),1)=1,"",R109) | S108: =IF(IFERROR(VLOOKUP(S101,'Tabela de Apoio'!$D:$E,2,FALSE),1)=1,"",S109) | T108: =IF(IFERROR(VLOOKUP(T101,'Tabela de Apoio'!$D:$E,2,FALSE),1)=1,"",T109) | U108: =IF(IFERROR(VLOOKUP(U101,'Tabela de Apoio'!$D:$E,2,FALSE),1)=1,"",U109) | V108: =IF(IFERROR(VLOOKUP(V101,'Tabela de Apoio'!$D:$E,2,FALSE),1)=1,"",V109) | W108: =IF(IFERROR(VLOOKUP(W101,'Tabela de Apoio'!$D:$E,2,FALSE),1)=1,"",W109) | ... AI108: =IF(IFERROR(VLOOKUP(AI101,'Tabela de Apoio'!$D:$E,2,FALSE),1)=1,"",AI109)
B109: =B108 -> 5 | C109: =C108 -> 1 | D109: =D108 -> 5 | H109: =COUNT($P109:$XX109) -> 1 | I109: =_xlfn.STDEV.P($P108:$XX109)/AVERAGE($P108:$XX109) -> 0 | J109: =IF(AND(H109>2, OR(L99="MÉDIA SANEADA",L99="MEDIANA SANEADA", AND(L99="PREÇO ESTIMADO",NOT(AND(P101="Orçamento",COUNTA(P99:XX99)=COUNTIF(P101:XX101,"Orçamento")))))), ROW(),0) -> 0 | L109: MEDIANA SANEADA | M109: =IF(H107>2,MEDIAN(P106:XX107), IF(H109>2,MEDIAN(P108:XX109), IF(H111>2,MEDIAN(P110:XX111), IF(H113>2,MEDIAN(P112:XX113), IF(H115>2,MEDIAN(P114:XX115), IF(H117>2,MEDIAN(P116:XX117), MEDIAN(P104:XX105))))))) -> 4999.32 | O109: ="2 RODADA" -> 2 RODADA | P109: =IF(P107="","",IF((_xlfn.STDEV.P($P106:$XX107)/AVERAGE($P106:$XX107))<=25%,P107,IF(OR(P107>(AVERAGE($P106:$XX107)+_xlfn.STDEV.P($P106:$XX107)),P107<(AVERAGE($P106:$XX107)-_xlfn.STDEV.P($P106:$XX107))),"DESCARTADO",P107))) -> 4999.32 | Q109: =IF(Q107="","",IF((_xlfn.STDEV.P($P106:$XX107)/AVERAGE($P106:$XX107))<=25%,Q107,IF(OR(Q107>(AVERAGE($P106:$XX107)+_xlfn.STDEV.P($P106:$XX107)),Q107<(AVERAGE($P106:$XX107)-_xlfn.STDEV.P($P106:$XX107))),"DESCARTADO",Q107))) | R109: =IF(R107="","",IF((_xlfn.STDEV.P($P106:$XX107)/AVERAGE($P106:$XX107))<=25%,R107,IF(OR(R107>(AVERAGE($P106:$XX107)+_xlfn.STDEV.P($P106:$XX107)),R107<(AVERAGE($P106:$XX107)-_xlfn.STDEV.P($P106:$XX107))),"DESCARTADO",R107))) | S109: =IF(S107="","",IF((_xlfn.STDEV.P($P106:$XX107)/AVERAGE($P106:$XX107))<=25%,S107,IF(OR(S107>(AVERAGE($P106:$XX107)+_xlfn.STDEV.P($P106:$XX107)),S107<(AVERAGE($P106:$XX107)-_xlfn.STDEV.P($P106:$XX107))),"DESCARTADO",S107))) | T109: =IF(T107="","",IF((_xlfn.STDEV.P($P106:$XX107)/AVERAGE($P106:$XX107))<=25%,T107,IF(OR(T107>(AVERAGE($P106:$XX107)+_xlfn.STDEV.P($P106:$XX107)),T107<(AVERAGE($P106:$XX107)-_xlfn.STDEV.P($P106:$XX107))),"DESCARTADO",T107))) | U109: =IF(U107="","",IF((_xlfn.STDEV.P($P106:$XX107)/AVERAGE($P106:$XX107))<=25%,U107,IF(OR(U107>(AVERAGE($P106:$XX107)+_xlfn.STDEV.P($P106:$XX107)),U107<(AVERAGE($P106:$XX107)-_xlfn.STDEV.P($P106:$XX107))),"DESCARTADO",U107))) | V109: =IF(V107="","",IF((_xlfn.STDEV.P($P106:$XX107)/AVERAGE($P106:$XX107))<=25%,V107,IF(OR(V107>(AVERAGE($P106:$XX107)+_xlfn.STDEV.P($P106:$XX107)),V107<(AVERAGE($P106:$XX107)-_xlfn.STDEV.P($P106:$XX107))),"DESCARTADO",V107))) | W109: =IF(W107="","",IF((_xlfn.STDEV.P($P106:$XX107)/AVERAGE($P106:$XX107))<=25%,W107,IF(OR(W107>(AVERAGE($P106:$XX107)+_xlfn.STDEV.P($P106:$XX107)),W107<(AVERAGE($P106:$XX107)-_xlfn.STDEV.P($P106:$XX107))),"DESCARTADO",W107))) | ... AI109: =IF(AI107="","",IF((_xlfn.STDEV.P($P106:$XX107)/AVERAGE($P106:$XX107))<=25%,AI107,IF(OR(AI107>(AVERAGE($P106:$XX107)+_xlfn.STDEV.P($P106:$XX107)),AI107<(AVERAGE($P106:$XX107)-_xlfn.STDEV.P($P106:$XX107))),"DESCARTADO",AI107)))
...

Sheet EDITAL
E2: PREFEITURA MUNICIPAL DE PORTO ALEGRE
E3: ='MAPA DE PREÇOS'!H5 -> SECRETARIA MUNICIPAL DE PLANEJAMENTO E GESTÃO (SMPG)
B4: 1 | C4: lote | D4: item
B5: =IFERROR(IF(C4=C1,IF(B4+1<='MAPA DE PREÇOS'!$H$8,B4+1,""),B4),"") -> 1 | C5: =IFERROR(VLOOKUP(B5,'MAPA DE PREÇOS'!B:D,2,FALSE),"") -> 1 | D5: =IFERROR(VLOOKUP(B5,'MAPA DE PREÇOS'!B:D,3,FALSE),"") -> 1 | E5: =IF($B4="","",IF($C5=$C2,D5,IF($C5=$C3,"Item",IF(AND(MAX(C:C)>1,$C5=$C4),CONCATENATE("LOTE ",C5),""))))
B6: =IFERROR(IF(C5=C2,IF(B5+1<='MAPA DE PREÇOS'!$H$8,B5+1,""),B5),"") -> 1 | C6: =IFERROR(VLOOKUP(B6,'MAPA DE PREÇOS'!B:D,2,FALSE),"") -> 1 | D6: =IFERROR(VLOOKUP(B6,'MAPA DE PREÇOS'!B:D,3,FALSE),"") -> 1 | E6: =IF($B5="","",IF($C6=$C3,D6,IF($C6=$C4,"Item",IF(AND(MAX(C:C)>1,$C6=$C5),CONCATENATE("LOTE ",C6),"")))) | F6: =IF($B5="","",IF($C6=$C3,INDEX('MAPA DE PREÇOS'!$H:$H,MATCH($B6,'MAPA DE PREÇOS'!$B:$B)-19),IF($C6=$C4,"Código",""))) | G6: =IF($B5="","",IF($C6=$C3,IF('BASE EDITAL'!$D$2="",INDEX('MAPA DE PREÇOS'!H:H,MATCH(EDITAL!B6,'MAPA DE PREÇOS'!B:B,0)+1),UPPER(INDEX('BASE EDITAL'!$D:$D,EDITAL!B6+1))),IF($C6=$C4,"Especificação do Objeto",""))) | H6: =IF($B5="","",IF($C6=$C3,INDEX('MAPA DE PREÇOS'!$M:$M,MATCH($B6,'MAPA DE PREÇOS'!$B:$B)-16),IF($C6=$C4,"Unidade",""))) | I6: =IF($B5="","",IF($C6=$C3,INDEX('MAPA DE PREÇOS'!$M:$M,MATCH($B6,'MAPA DE PREÇOS'!$B:$B)-17),IF($C6=$C4,"Quant.",""))) | J6: =IF(AND(COUNTBLANK($B3:$B5)=2,$B5="",$B4="",MAX(C:C)>1),"Total Estimado",IF($B5="","",IF($C6=$C3,INDEX('MAPA DE PREÇOS'!$M:$M,MATCH($B6,'MAPA DE PREÇOS'!$B:$B)-19),IF($C6=$C4,"Valor Unit. (R$)",IF(AND($C6<>$C5,$J5<>""),IF(MAX(C:C)=1,"Total Estimado","Subtotal"),""))))) | K6: =IFERROR(IF(AND(COUNTBLANK($B3:$B5)=2,$B5="",$B4="",MAX(C:C)>1),SUM($K$3:K5)/2,IF($B5="","",IF($C6=$C3,ROUND(J6*I6,2),IF($C6=$C4,"Total Item (R$)",IF(AND($C6<>$C5,$J5<>""),SUMIFS(K:K,C:C,C5,J:J,"<>Subtotal"),""))))),"") | L6: =IF($B5="","",IF($C6=$C3,"",IF($C6=$C4,"Benefício ME/EPP","")))
B7: =IFERROR(IF(C6=C3,IF(B6+1<='MAPA DE PREÇOS'!$H$8,B6+1,""),B6),"") -> 1 | C7: =IFERROR(VLOOKUP(B7,'MAPA DE PREÇOS'!B:D,2,FALSE),"") -> 1 | D7: =IFERROR(VLOOKUP(B7,'MAPA DE PREÇOS'!B:D,3,FALSE),"") -> 1 | E7: =IF($B6="","",IF($C7=$C4,D7,IF($C7=$C5,"Item",IF(AND(MAX(C:C)>1,$C7=$C6),CONCATENATE("LOTE ",C7),"")))) -> Item | F7: =IF($B6="","",IF($C7=$C4,INDEX('MAPA DE PREÇOS'!$H:$H,MATCH($B7,'MAPA DE PREÇOS'!$B:$B)-19),IF($C7=$C5,"Código",""))) -> Código | G7: =IF($B6="","",IF($C7=$C4,IF('BASE EDITAL'!$D$2="",INDEX('MAPA DE PREÇOS'!H:H,MATCH(EDITAL!B7,'MAPA DE PREÇOS'!B:B,0)+1),UPPER(INDEX('BASE EDITAL'!$D:$D,EDITAL!B7+1))),IF($C7=$C5,"Especificação do Objeto",""))) -> Especificação do Objeto | H7: =IF($B6="","",IF($C7=$C4,INDEX('MAPA DE PREÇOS'!$M:$M,MATCH($B7,'MAPA DE PREÇOS'!$B:$B)-16),IF($C7=$C5,"Unidade",""))) -> Unidade | I7: =IF($B6="","",IF($C7=$C4,INDEX('MAPA DE PREÇOS'!$M:$M,MATCH($B7,'MAPA DE PREÇOS'!$B:$B)-17),IF($C7=$C5,"Quant.",""))) -> Quant. | J7: =IF(AND(COUNTBLANK($B4:$B6)=2,$B6="",$B5="",MAX(C:C)>1),"Total Estimado",IF($B6="","",IF($C7=$C4,INDEX('MAPA DE PREÇOS'!$M:$M,MATCH($B7,'MAPA DE PREÇOS'!$B:$B)-19),IF($C7=$C5,"Valor Unit. (R$)",IF(AND($C7<>$C6,$J6<>""),IF(MAX(C:C)=1,"Total Estimado","Subtotal"),""))))) -> Valor Unit. (R$) | K7: =IFERROR(IF(AND(COUNTBLANK($B4:$B6)=2,$B6="",$B5="",MAX(C:C)>1),SUM($K$3:K6)/2,IF($B6="","",IF($C7=$C4,ROUND(J7*I7,2),IF($C7=$C5,"Total Item (R$)",IF(AND($C7<>$C6,$J6<>""),SUMIFS(K:K,C:C,C6,J:J,"<>Subtotal"),""))))),"") -> Total Item (R$) | L7: =IF($B6="","",IF($C7=$C4,"",IF($C7=$C5,"Benefício ME/EPP",""))) -> Benefício ME/EPP
B8: =IFERROR(IF(C7=C4,IF(B7+1<='MAPA DE PREÇOS'!$H$8,B7+1,""),B7),"") -> 1 | C8: =IFERROR(VLOOKUP(B8,'MAPA DE PREÇOS'!B:D,2,FALSE),"") -> 1 | D8: =IFERROR(VLOOKUP(B8,'MAPA DE PREÇOS'!B:D,3,FALSE),"") -> 1 | E8: =IF($B7="","",IF($C8=$C5,D8,IF($C8=$C6,"Item",IF(AND(MAX(C:C)>1,$C8=$C7),CONCATENATE("LOTE ",C8),"")))) -> 1 | F8: =IF($B7="","",IF($C8=$C5,INDEX('MAPA DE PREÇOS'!$H:$H,MATCH($B8,'MAPA DE PREÇOS'!$B:$B)-19),IF($C8=$C6,"Código",""))) -> MS.6.0-A0101 | G8: =IF($B7="","",IF($C8=$C5,IF('BASE EDITAL'!$D$2="",INDEX('MAPA DE PREÇOS'!H:H,MATCH(EDITAL!B8,'MAPA DE PREÇOS'!B:B,0)+1),UPPER(INDEX('BASE EDITAL'!$D:$D,EDITAL!B8+1))),IF($C8=$C6,"Especificação do Objeto",""))) -> OFFICE PROFESSIONAL PLUS ALNG LSA | H8: =IF($B7="","",IF($C8=$C5,INDEX('MAPA DE PREÇOS'!$M:$M,MATCH($B8,'MAPA DE PREÇOS'!$B:$B)-16),IF($C8=$C6,"Unidade",""))) -> Unidade/Ano | I8: =IF($B7="","",IF($C8=$C5,INDEX('MAPA DE PREÇOS'!$M:$M,MATCH($B8,'MAPA DE PREÇOS'!$B:$B)-17),IF($C8=$C6,"Quant.",""))) -> 368 | J8: =IF(AND(COUNTBLANK($B5:$B7)=2,$B7="",$B6="",MAX(C:C)>1),"Total Estimado",IF($B7="","",IF($C8=$C5,INDEX('MAPA DE PREÇOS'!$M:$M,MATCH($B8,'MAPA DE PREÇOS'!$B:$B)-19),IF($C8=$C6,"Valor Unit. (R$)",IF(AND($C8<>$C7,$J7<>""),IF(MAX(C:C)=1,"Total Estimado","Subtotal"),""))))) -> 5716.26 | K8: =IFERROR(IF(AND(COUNTBLANK($B5:$B7)=2,$B7="",$B6="",MAX($C:$C)>1),SUM($K$3:K7)/2,IF($B7="","",IF($C8=$C5,ROUND(J8*I8,2),IF($C8=$C6,"Total Item (R$)",IF(AND($C8<>$C7,$J7<>""),SUMIFS(K:K,$C:$C,C7,J:J,"<>Subtotal"),""))))),"") -> 2103583.7 | L8: =IF($B7="","",IF($C8=$C5,"",IF($C8=$C6,"Benefício ME/EPP","")))
B9: =IFERROR(IF(C8=C5,IF(B8+1<='MAPA DE PREÇOS'!$H$8,B8+1,""),B8),"") -> 2 | C9: =IFERROR(VLOOKUP(B9,'MAPA DE PREÇOS'!B:D,2,FALSE),"") -> 1 | D9: =IFERROR(VLOOKUP(B9,'MAPA DE PREÇOS'!B:D,3,FALSE),"") -> 2 | E9: =IF($B8="","",IF($C9=$C6,D9,IF($C9=$C7,"Item",IF(AND(MAX(C:C)>1,$C9=$C8),CONCATENATE("LOTE ",C9),"")))) -> 2 | F9: =IF($B8="","",IF($C9=$C6,INDEX('MAPA DE PREÇOS'!$H:$H,MATCH($B9,'MAPA DE PREÇOS'!$B:$B)-19),IF($C9=$C7,"Código",""))) -> MS.6.0-A0004 | G9: =IF($B8="","",IF($C9=$C6,IF('BASE EDITAL'!$D$2="",INDEX('MAPA DE PREÇOS'!H:H,MATCH(EDITAL!B9,'MAPA DE PREÇOS'!B:B,0)+1),UPPER(INDEX('BASE EDITAL'!$D:$D,EDITAL!B9+1))),IF($C9=$C7,"Especificação do Objeto",""))) -> PROJECT STANDARD ALNG LSA | H9: =IF($B8="","",IF($C9=$C6,INDEX('MAPA DE PREÇOS'!$M:$M,MATCH($B9,'MAPA DE PREÇOS'!$B:$B)-16),IF($C9=$C7,"Unidade",""))) -> Unidade/Ano | I9: =IF($B8="","",IF($C9=$C6,INDEX('MAPA DE PREÇOS'!$M:$M,MATCH($B9,'MAPA DE PREÇOS'!$B:$B)-17),IF($C9=$C7,"Quant.",""))) -> 3 | J9: =IF(AND(COUNTBLANK($B6:$B8)=2,$B8="",$B7="",MAX(C:C)>1),"Total Estimado",IF($B8="","",IF($C9=$C6,INDEX('MAPA DE PREÇOS'!$M:$M,MATCH($B9,'MAPA DE PREÇOS'!$B:$B)-19),IF($C9=$C7,"Valor Unit. (R$)",IF(AND($C9<>$C8,$J8<>""),IF(MAX(C:C)=1,"Total Estimado","Subtotal"),""))))) -> 6776.46 | K9: =IFERROR(IF(AND(COUNTBLANK($B6:$B8)=2,$B8="",$B7="",MAX(C:C)>1),SUM($K$3:K8)/2,IF($B8="","",IF($C9=$C6,ROUND(J9*I9,2),IF($C9=$C7,"Total Item (R$)",IF(AND($C9<>$C8,$J8<>""),SUMIFS(K:K,C:C,C8,J:J,"<>Subtotal"),""))))),"") -> 20329.38 | L9: =IF($B8="","",IF($C9=$C6,"",IF($C9=$C7,"Benefício ME/EPP","")))
B10: =IFERROR(IF(C9=C6,IF(B9+1<='MAPA DE PREÇOS'!$H$8,B9+1,""),B9),"") -> 3 | C10: =IFERROR(VLOOKUP(B10,'MAPA DE PREÇOS'!B:D,2,FALSE),"") -> 1 | D10: =IFERROR(VLOOKUP(B10,'MAPA DE PREÇOS'!B:D,3,FALSE),"") -> 3 | E10: =IF($B9="","",IF($C10=$C7,D10,IF($C10=$C8,"Item",IF(AND(MAX(C:C)>1,$C10=$C9),CONCATENATE("LOTE ",C10),"")))) -> 3 | F10: =IF($B9="","",IF($C10=$C7,INDEX('MAPA DE PREÇOS'!$H:$H,MATCH($B10,'MAPA DE PREÇOS'!$B:$B)-19),IF($C10=$C8,"Código",""))) -> MS.6.0-A1343 | G10: =IF($B9="","",IF($C10=$C7,IF('BASE EDITAL'!$D$2="",INDEX('MAPA DE PREÇOS'!H:H,MATCH(EDITAL!B10,'MAPA DE PREÇOS'!B:B,0)+1),UPPER(INDEX('BASE EDITAL'!$D:$D,EDITAL!B10+1))),IF($C10=$C8,"Especificação do Objeto",""))) -> PROJECT PROFESSIONAL ALNG LSA 1 SERVER CAL | H10: =IF($B9="","",IF($C10=$C7,INDEX('MAPA DE PREÇOS'!$M:$M,MATCH($B10,'MAPA DE PREÇOS'!$B:$B)-16),IF($C10=$C8,"Unidade",""))) -> Unidade/Ano | I10: =IF($B9="","",IF($C10=$C7,INDEX('MAPA DE PREÇOS'!$M:$M,MATCH($B10,'MAPA DE PREÇOS'!$B:$B)-17),IF($C10=$C8,"Quant.",""))) -> 16 | J10: =IF(AND(COUNTBLANK($B7:$B9)=2,$B9="",$B8="",MAX(C:C)>1),"Total Estimado",IF($B9="","",IF($C10=$C7,INDEX('MAPA DE PREÇOS'!$M:$M,MATCH($B10,'MAPA DE PREÇOS'!$B:$B)-19),IF($C10=$C8,"Valor Unit. (R$)",IF(AND($C10<>$C9,$J9<>""),IF(MAX(C:C)=1,"Total Estimado","Subtotal"),""))))) -> 11257.83 | K10: =IFERROR(IF(AND(COUNTBLANK($B7:$B9)=2,$B9="",$B8="",MAX(C:C)>1),SUM($K$3:K9)/2,IF($B9="","",IF($C10=$C7,ROUND(J10*I10,2),IF($C10=$C8,"Total Item (R$)",IF(AND($C10<>$C9,$J9<>""),SUMIFS(K:K,C:C,C9,J:J,"<>Subtotal"),""))))),"") -> 180125.28 | L10: =IF($B9="","",IF($C10=$C7,"",IF($C10=$C8,"Benefício ME/EPP","")))
B11: =IFERROR(IF(C10=C7,IF(B10+1<='MAPA DE PREÇOS'!$H$8,B10+1,""),B10),"") -> 4 | C11: =IFERROR(VLOOKUP(B11,'MAPA DE PREÇOS'!B:D,2,FALSE),"") -> 1 | D11: =IFERROR(VLOOKUP(B11,'MAPA DE PREÇOS'!B:D,3,FALSE),"") -> 4 | E11: =IF($B10="","",IF($C11=$C8,D11,IF($C11=$C9,"Item",IF(AND(MAX(C:C)>1,$C11=$C10),CONCATENATE("LOTE ",C11),"")))) -> 4 | F11: =IF($B10="","",IF($C11=$C8,INDEX('MAPA DE PREÇOS'!$H:$H,MATCH($B11,'MAPA DE PREÇOS'!$B:$B)-19),IF($C11=$C9,"Código",""))) -> MS.6.0-A1506 | G11: =IF($B10="","",IF($C11=$C8,IF('BASE EDITAL'!$D$2="",INDEX('MAPA DE PREÇOS'!H:H,MATCH(EDITAL!B11,'MAPA DE PREÇOS'!B:B,0)+1),UPPER(INDEX('BASE EDITAL'!$D:$D,EDITAL!B11+1))),IF($C11=$C9,"Especificação do Objeto",""))) -> POWER BI PRO SUB PER USER | H11: =IF($B10="","",IF($C11=$C8,INDEX('MAPA DE PREÇOS'!$M:$M,MATCH($B11,'MAPA DE PREÇOS'!$B:$B)-16),IF($C11=$C9,"Unidade",""))) -> Unidade/Mensal | I11: =IF($B10="","",IF($C11=$C8,INDEX('MAPA DE PREÇOS'!$M:$M,MATCH($B11,'MAPA DE PREÇOS'!$B:$B)-17),IF($C11=$C9,"Quant.",""))) -> 81 | J11: =IF(AND(COUNTBLANK($B8:$B10)=2,$B10="",$B9="",MAX(C:C)>1),"Total Estimado",IF($B10="","",IF($C11=$C8,INDEX('MAPA DE PREÇOS'!$M:$M,MATCH($B11,'MAPA DE PREÇOS'!$B:$B)-19),IF($C11=$C9,"Valor Unit. (R$)",IF(AND($C11<>$C10,$J10<>""),IF(MAX(C:C)=1,"Total Estimado","Subtotal"),""))))) -> 3043.08 | K11: =IFERROR(IF(AND(COUNTBLANK($B8:$B10)=2,$B10="",$B9="",MAX(C:C)>1),SUM($K$3:K10)/2,IF($B10="","",IF($C11=$C8,ROUND(J11*I11,2),IF($C11=$C9,"Total Item (R$)",IF(AND($C11<>$C10,$J10<>""),SUMIFS(K:K,C:C,C10,J:J,"<>Subtotal"),""))))),"") -> 246489.48 | L11: =IF($B10="","",IF($C11=$C8,"",IF($C11=$C9,"Benefício ME/EPP","")))
B12: =IFERROR(IF(C11=C8,IF(B11+1<='MAPA DE PREÇOS'!$H$8,B11+1,""),B11),"") -> 5 | C12: =IFERROR(VLOOKUP(B12,'MAPA DE PREÇOS'!B:D,2,FALSE),"") -> 1 | D12: =IFERROR(VLOOKUP(B12,'MAPA DE PREÇOS'!B:D,3,FALSE),"") -> 5 | E12: =IF($B11="","",IF($C12=$C9,D12,IF($C12=$C10,"Item",IF(AND(MAX(C:C)>1,$C12=$C11),CONCATENATE("LOTE ",C12),"")))) -> 5 | F12: =IF($B11="","",IF($C12=$C9,INDEX('MAPA DE PREÇOS'!$H:$H,MATCH($B12,'MAPA DE PREÇOS'!$B:$B)-19),IF($C12=$C10,"Código",""))) -> MS.6.0-A0871 | G12: =IF($B11="","",IF($C12=$C9,IF('BASE EDITAL'!$D$2="",INDEX('MAPA DE PREÇOS'!H:H,MATCH(EDITAL!B12,'MAPA DE PREÇOS'!B:B,0)+1),UPPER(INDEX('BASE EDITAL'!$D:$D,EDITAL!B12+1))),IF($C12=$C10,"Especificação do Objeto",""))) -> O365 E3 SUB PER USER | H12: =IF($B11="","",IF($C12=$C9,INDEX('MAPA DE PREÇOS'!$M:$M,MATCH($B12,'MAPA DE PREÇOS'!$B:$B)-16),IF($C12=$C10,"Unidade",""))) -> Unidade/Mensal | I12: =IF($B11="","",IF($C12=$C9,INDEX('MAPA DE PREÇOS'!$M:$M,MATCH($B12,'MAPA DE PREÇOS'!$B:$B)-17),IF($C12=$C10,"Quant.",""))) -> 83 | J12: =IF(AND(COUNTBLANK($B9:$B11)=2,$B11="",$B10="",MAX(C:C)>1),"Total Estimado",IF($B11="","",IF($C12=$C9,INDEX('MAPA DE PREÇOS'!$M:$M,MATCH($B12,'MAPA DE PREÇOS'!$B:$B)-19),IF($C12=$C10,"Valor Unit. (R$)",IF(AND($C12<>$C11,$J11<>""),IF(MAX(C:C)=1,"Total Estimado","Subtotal"),""))))) -> 4999.32 | K12: =IFERROR(IF(AND(COUNTBLANK($B9:$B11)=2,$B11="",$B10="",MAX(C:C)>1),SUM($K$3:K11)/2,IF($B11="","",IF($C12=$C9,ROUND(J12*I12,2),IF($C12=$C10,"Total Item (R$)",IF(AND($C12<>$C11,$J11<>""),SUMIFS(K:K,C:C,C11,J:J,"<>Subtotal"),""))))),"") -> 414943.56 | L12: =IF($B11="","",IF($C12=$C9,"",IF($C12=$C10,"Benefício ME/EPP","")))
B13: =IFERROR(IF(C12=C9,IF(B12+1<='MAPA DE PREÇOS'!$H$8,B12+1,""),B12),"") -> 6 | C13: =IFERROR(VLOOKUP(B13,'MAPA DE PREÇOS'!B:D,2,FALSE),"") -> 1 | D13: =IFERROR(VLOOKUP(B13,'MAPA DE PREÇOS'!B:D,3,FALSE),"") -> 6 | E13: =IF($B12="","",IF($C13=$C10,D13,IF($C13=$C11,"Item",IF(AND(MAX(C:C)>1,$C13=$C12),CONCATENATE("LOTE ",C13),"")))) -> 6 | F13: =IF($B12="","",IF($C13=$C10,INDEX('MAPA DE PREÇOS'!$H:$H,MATCH($B13,'MAPA DE PREÇOS'!$B:$B)-19),IF($C13=$C11,"Código",""))) -> MS.6.0-A1692 | G13: =IF($B12="","",IF($C13=$C10,IF('BASE EDITAL'!$D$2="",INDEX('MAPA DE PREÇOS'!H:H,MATCH(EDITAL!B13,'MAPA DE PREÇOS'!B:B,0)+1),UPPER(INDEX('BASE EDITAL'!$D:$D,EDITAL!B13+1))),IF($C13=$C11,"Especificação do Objeto",""))) -> O365 E5 SUB PER USER | H13: =IF($B12="","",IF($C13=$C10,INDEX('MAPA DE PREÇOS'!$M:$M,MATCH($B13,'MAPA DE PREÇOS'!$B:$B)-16),IF($C13=$C11,"Unidade",""))) -> Unidade/Mensal | I13: =IF($B12="","",IF($C13=$C10,INDEX('MAPA DE PREÇOS'!$M:$M,MATCH($B13,'MAPA DE PREÇOS'!$B:$B)-17),IF($C13=$C11,"Quant.",""))) -> 3 | J13: =IF(AND(COUNTBLANK($B10:$B12)=2,$B12="",$B11="",MAX(C:C)>1),"Total Estimado",IF($B12="","",IF($C13=$C10,INDEX('MAPA DE PREÇOS'!$M:$M,MATCH($B13,'MAPA DE PREÇOS'!$B:$B)-19),IF($C13=$C11,"Valor Unit. (R$)",IF(AND($C13<>$C12,$J12<>""),IF(MAX(C:C)=1,"Total Estimado","Subtotal"),""))))) -> 8260.56 | K13: =IFERROR(IF(AND(COUNTBLANK($B10:$B12)=2,$B12="",$B11="",MAX(C:C)>1),SUM($K$3:K12)/2,IF($B12="","",IF($C13=$C10,ROUND(J13*I13,2),IF($C13=$C11,"Total Item (R$)",IF(AND($C13<>$C12,$J12<>""),SUMIFS(K:K,C:C,C12,J:J,"<>Subtotal"),""))))),"") -> 24781.68 | L13: =IF($B12="","",IF($C13=$C10,"",IF($C13=$C11,"Benefício ME/EPP","")))
B14: =IFERROR(IF(C13=C10,IF(B13+1<='MAPA DE PREÇOS'!$H$8,B13+1,""),B13),"") -> 7 | C14: =IFERROR(VLOOKUP(B14,'MAPA DE PREÇOS'!B:D,2,FALSE),"") -> 1 | D14: =IFERROR(VLOOKUP(B14,'MAPA DE PREÇOS'!B:D,3,FALSE),"") -> 7 | E14: =IF($B13="","",IF($C14=$C11,D14,IF($C14=$C12,"Item",IF(AND(MAX(C:C)>1,$C14=$C13),CONCATENATE("LOTE ",C14),"")))) -> 7 | F14: =IF($B13="","",IF($C14=$C11,INDEX('MAPA DE PREÇOS'!$H:$H,MATCH($B14,'MAPA DE PREÇOS'!$B:$B)-19),IF($C14=$C12,"Código",""))) -> MS.6.0-A0463 | G14: =IF($B13="","",IF($C14=$C11,IF('BASE EDITAL'!$D$2="",INDEX('MAPA DE PREÇOS'!H:H,MATCH(EDITAL!B14,'MAPA DE PREÇOS'!B:B,0)+1),UPPER(INDEX('BASE EDITAL'!$D:$D,EDITAL!B14+1))),IF($C14=$C12,"Especificação do Objeto",""))) -> PLANNER & PROJECT P3 SUB PER USER | H14: =IF($B13="","",IF($C14=$C11,INDEX('MAPA DE PREÇOS'!$M:$M,MATCH($B14,'MAPA DE PREÇOS'!$B:$B)-16),IF($C14=$C12,"Unidade",""))) -> Unidade/Mensal | I14: =IF($B13="","",IF($C14=$C11,INDEX('MAPA DE PREÇOS'!$M:$M,MATCH($B14,'MAPA DE PREÇOS'!$B:$B)-17),IF($C14=$C12,"Quant.",""))) -> 41 | J14: =IF(AND(COUNTBLANK($B11:$B13)=2,$B13="",$B12="",MAX(C:C)>1),"Total Estimado",IF($B13="","",IF($C14=$C11,INDEX('MAPA DE PREÇOS'!$M:$M,MATCH($B14,'MAPA DE PREÇOS'!$B:$B)-19),IF($C14=$C12,"Valor Unit. (R$)",IF(AND($C14<>$C13,$J13<>""),IF(MAX(C:C)=1,"Total Estimado","Subtotal"),""))))) -> 6521.4 | K14: =IFERROR(IF(AND(COUNTBLANK($B11:$B13)=2,$B13="",$B12="",MAX(C:C)>1),SUM($K$3:K13)/2,IF($B13="","",IF($C14=$C11,ROUND(J14*I14,2),IF($C14=$C12,"Total Item (R$)",IF(AND($C14<>$C13,$J13<>""),SUMIFS(K:K,C:C,C13,J:J,"<>Subtotal"),""))))),"") -> 267377.4 | L14: =IF($B13="","",IF($C14=$C11,"",IF($C14=$C12,"Benefício ME/EPP","")))
B15: =IFERROR(IF(C14=C11,IF(B14+1<='MAPA DE PREÇOS'!$H$8,B14+1,""),B14),"") -> 8 | C15: =IFERROR(VLOOKUP(B15,'MAPA DE PREÇOS'!B:D,2,FALSE),"") -> 1 | D15: =IFERROR(VLOOKUP(B15,'MAPA DE PREÇOS'!B:D,3,FALSE),"") -> 8 | E15: =IF($B14="","",IF($C15=$C12,D15,IF($C15=$C13,"Item",IF(AND(MAX(C:C)>1,$C15=$C14),CONCATENATE("LOTE ",C15),"")))) -> 8 | F15: =IF($B14="","",IF($C15=$C12,INDEX('MAPA DE PREÇOS'!$H:$H,MATCH($B15,'MAPA DE PREÇOS'!$B:$B)-19),IF($C15=$C13,"Código",""))) -> MS.6.0-A0491 | G15: =IF($B14="","",IF($C15=$C12,IF('BASE EDITAL'!$D$2="",INDEX('MAPA DE PREÇOS'!H:H,MATCH(EDITAL!B15,'MAPA DE PREÇOS'!B:B,0)+1),UPPER(INDEX('BASE EDITAL'!$D:$D,EDITAL!B15+1))),IF($C15=$C13,"Especificação do Objeto",""))) -> PLANNER & PROJECT P5 SUB PER USER | H15: =IF($B14="","",IF($C15=$C12,INDEX('MAPA DE PREÇOS'!$M:$M,MATCH($B15,'MAPA DE PREÇOS'!$B:$B)-16),IF($C15=$C13,"Unidade",""))) -> Unidade/Mensal | I15: =IF($B14="","",IF($C15=$C12,INDEX('MAPA DE PREÇOS'!$M:$M,MATCH($B15,'MAPA DE PREÇOS'!$B:$B)-17),IF($C15=$C13,"Quant.",""))) -> 3 | J15: =IF(AND(COUNTBLANK($B12:$B14)=2,$B14="",$B13="",MAX(C:C)>1),"Total Estimado",IF($B14="","",IF($C15=$C12,INDEX('MAPA DE PREÇOS'!$M:$M,MATCH($B15,'MAPA DE PREÇOS'!$B:$B)-19),IF($C15=$C13,"Valor Unit. (R$)",IF(AND($C15<>$C14,$J14<>""),IF(MAX(C:C)=1,"Total Estimado","Subtotal"),""))))) -> 11955.24 | K15: =IFERROR(IF(AND(COUNTBLANK($B12:$B14)=2,$B14="",$B13="",MAX(C:C)>1),SUM($K$3:K14)/2,IF($B14="","",IF($C15=$C12,ROUND(J15*I15,2),IF($C15=$C13,"Total Item (R$)",IF(AND($C15<>$C14,$J14<>""),SUMIFS(K:K,C:C,C14,J:J,"<>Subtotal"),""))))),"") -> 35865.72 | L15: =IF($B14="","",IF($C15=$C12,"",IF($C15=$C13,"Benefício ME/EPP","")))
B16: =IFERROR(IF(C15=C12,IF(B15+1<='MAPA DE PREÇOS'!$H$8,B15+1,""),B15),"") -> 9 | C16: =IFERROR(VLOOKUP(B16,'MAPA DE PREÇOS'!B:D,2,FALSE),"") -> 1 | D16: =IFERROR(VLOOKUP(B16,'MAPA DE PREÇOS'!B:D,3,FALSE),"") -> 9 | E16: =IF($B15="","",IF($C16=$C13,D16,IF($C16=$C14,"Item",IF(AND(MAX(C:C)>1,$C16=$C15),CONCATENATE("LOTE ",C16),"")))) -> 9 | F16: =IF($B15="","",IF($C16=$C13,INDEX('MAPA DE PREÇOS'!$H:$H,MATCH($B16,'MAPA DE PREÇOS'!$B:$B)-19),IF($C16=$C14,"Código",""))) -> MS.6.0-A1769 | G16: =IF($B15="","",IF($C16=$C13,IF('BASE EDITAL'!$D$2="",INDEX('MAPA DE PREÇOS'!H:H,MATCH(EDITAL!B16,'MAPA DE PREÇOS'!B:B,0)+1),UPPER(INDEX('BASE EDITAL'!$D:$D,EDITAL!B16+1))),IF($C16=$C14,"Especificação do Objeto",""))) -> PLANNER P1 SUB PER USER | H16: =IF($B15="","",IF($C16=$C13,INDEX('MAPA DE PREÇOS'!$M:$M,MATCH($B16,'MAPA DE PREÇOS'!$B:$B)-16),IF($C16=$C14,"Unidade",""))) -> Unidade/Mensal | I16: =IF($B15="","",IF($C16=$C13,INDEX('MAPA DE PREÇOS'!$M:$M,MATCH($B16,'MAPA DE PREÇOS'!$B:$B)-17),IF($C16=$C14,"Quant.",""))) -> 13 | J16: =IF(AND(COUNTBLANK($B13:$B15)=2,$B15="",$B14="",MAX(C:C)>1),"Total Estimado",IF($B15="","",IF($C16=$C13,INDEX('MAPA DE PREÇOS'!$M:$M,MATCH($B16,'MAPA DE PREÇOS'!$B:$B)-19),IF($C16=$C14,"Valor Unit. (R$)",IF(AND($C16<>$C15,$J15<>""),IF(MAX(C:C)=1,"Total Estimado","Subtotal"),""))))) -> 2173.68 | K16: =IFERROR(IF(AND(COUNTBLANK($B13:$B15)=2,$B15="",$B14="",MAX(C:C)>1),SUM($K$3:K15)/2,IF($B15="","",IF($C16=$C13,ROUND(J16*I16,2),IF($C16=$C14,"Total Item (R$)",IF(AND($C16<>$C15,$J15<>""),SUMIFS(K:K,C:C,C15,J:J,"<>Subtotal"),""))))),"") -> 28257.84 | L16: =IF($B15="","",IF($C16=$C13,"",IF($C16=$C14,"Benefício ME/EPP","")))
B17: =IFERROR(IF(C16=C13,IF(B16+1<='MAPA DE PREÇOS'!$H$8,B16+1,""),B16),"") | C17: =IFERROR(VLOOKUP(B17,'MAPA DE PREÇOS'!B:D,2,FALSE),"") | D17: =IFERROR(VLOOKUP(B17,'MAPA DE PREÇOS'!B:D,3,FALSE),"") | E17: =IF($B16="","",IF($C17=$C14,D17,IF($C17=$C15,"Item",IF(AND(MAX(C:C)>1,$C17=$C16),CONCATENATE("LOTE ",C17),"")))) | F17: =IF($B16="","",IF($C17=$C14,INDEX('MAPA DE PREÇOS'!$H:$H,MATCH($B17,'MAPA DE PREÇOS'!$B:$B)-19),IF($C17=$C15,"Código",""))) | G17: =IF($B16="","",IF($C17=$C14,IF('BASE EDITAL'!$D$2="",INDEX('MAPA DE PREÇOS'!H:H,MATCH(EDITAL!B17,'MAPA DE PREÇOS'!B:B,0)+1),UPPER(INDEX('BASE EDITAL'!$D:$D,EDITAL!B17+1))),IF($C17=$C15,"Especificação do Objeto",""))) | H17: =IF($B16="","",IF($C17=$C14,INDEX('MAPA DE PREÇOS'!$M:$M,MATCH($B17,'MAPA DE PREÇOS'!$B:$B)-16),IF($C17=$C15,"Unidade",""))) | I17: =IF($B16="","",IF($C17=$C14,INDEX('MAPA DE PREÇOS'!$M:$M,MATCH($B17,'MAPA DE PREÇOS'!$B:$B)-17),IF($C17=$C15,"Quant.",""))) | J17: =IF(AND(COUNTBLANK($B14:$B16)=2,$B16="",$B15="",MAX(C:C)>1),"Total Estimado",IF($B16="","",IF($C17=$C14,INDEX('MAPA DE PREÇOS'!$M:$M,MATCH($B17,'MAPA DE PREÇOS'!$B:$B)-19),IF($C17=$C15,"Valor Unit. (R$)",IF(AND($C17<>$C16,$J16<>""),IF(MAX(C:C)=1,"Total Estimado","Subtotal"),""))))) -> Total Estimado | K17: =IFERROR(IF(AND(COUNTBLANK($B14:$B16)=2,$B16="",$B15="",MAX(C:C)>1),SUM($K$3:K16)/2,IF($B16="","",IF($C17=$C14,ROUND(J17*I17,2),IF($C17=$C15,"Total Item (R$)",IF(AND($C17<>$C16,$J16<>""),SUMIFS(K:K,C:C,C16,J:J,"<>Subtotal"),""))))),"") -> 3321754 | L17: =IF($B16="","",IF($C17=$C14,"",IF($C17=$C15,"Benefício ME/EPP","")))
B18: =IFERROR(IF(C17=C14,IF(B17+1<='MAPA DE PREÇOS'!$H$8,B17+1,""),B17),"") | C18: =IFERROR(VLOOKUP(B18,'MAPA DE PREÇOS'!B:D,2,FALSE),"") | D18: =IFERROR(VLOOKUP(B18,'MAPA DE PREÇOS'!B:D,3,FALSE),"") | E18: =IF($B17="","",IF($C18=$C15,D18,IF($C18=$C16,"Item",IF(AND(MAX(C:C)>1,$C18=$C17),CONCATENATE("LOTE ",C18),"")))) | F18: =IF($B17="","",IF($C18=$C15,INDEX('MAPA DE PREÇOS'!$H:$H,MATCH($B18,'MAPA DE PREÇOS'!$B:$B)-19),IF($C18=$C16,"Código",""))) | G18: =IF($B17="","",IF($C18=$C15,IF('BASE EDITAL'!$D$2="",INDEX('MAPA DE PREÇOS'!H:H,MATCH(EDITAL!B18,'MAPA DE PREÇOS'!B:B,0)+1),UPPER(INDEX('BASE EDITAL'!$D:$D,EDITAL!B18+1))),IF($C18=$C16,"Especificação do Objeto",""))) | H18: =IF($B17="","",IF($C18=$C15,INDEX('MAPA DE PREÇOS'!$M:$M,MATCH($B18,'MAPA DE PREÇOS'!$B:$B)-16),IF($C18=$C16,"Unidade",""))) | I18: =IF($B17="","",IF($C18=$C15,INDEX('MAPA DE PREÇOS'!$M:$M,MATCH($B18,'MAPA DE PREÇOS'!$B:$B)-17),IF($C18=$C16,"Quant.",""))) | J18: =IF(AND(COUNTBLANK($B15:$B17)=2,$B17="",$B16="",MAX(C:C)>1),"Total Estimado",IF($B17="","",IF($C18=$C15,INDEX('MAPA DE PREÇOS'!$M:$M,MATCH($B18,'MAPA DE PREÇOS'!$B:$B)-19),IF($C18=$C16,"Valor Unit. (R$)",IF(AND($C18<>$C17,$J17<>""),IF(MAX(C:C)=1,"Total Estimado","Subtotal"),""))))) | K18: =IFERROR(IF(AND(COUNTBLANK($B15:$B17)=2,$B17="",$B16="",MAX(C:C)>1),SUM($K$3:K17)/2,IF($B17="","",IF($C18=$C15,ROUND(J18*I18,2),IF($C18=$C16,"Total Item (R$)",IF(AND($C18<>$C17,$J17<>""),SUMIFS(K:K,C:C,C17,J:J,"<>Subtotal"),""))))),"") | L18: =IF($B17="","",IF($C18=$C15,"",IF($C18=$C16,"Benefício ME/EPP","")))
B19: =IFERROR(IF(C18=C15,IF(B18+1<='MAPA DE PREÇOS'!$H$8,B18+1,""),B18),"") | C19: =IFERROR(VLOOKUP(B19,'MAPA DE PREÇOS'!B:D,2,FALSE),"") | D19: =IFERROR(VLOOKUP(B19,'MAPA DE PREÇOS'!B:D,3,FALSE),"") | E19: =IF($B18="","",IF($C19=$C16,D19,IF($C19=$C17,"Item",IF(AND(MAX(C:C)>1,$C19=$C18),CONCATENATE("LOTE ",C19),"")))) | F19: =IF($B18="","",IF($C19=$C16,INDEX('MAPA DE PREÇOS'!$H:$H,MATCH($B19,'MAPA DE PREÇOS'!$B:$B)-19),IF($C19=$C17,"Código",""))) | G19: =IF($B18="","",IF($C19=$C16,IF('BASE EDITAL'!$D$2="",INDEX('MAPA DE PREÇOS'!H:H,MATCH(EDITAL!B19,'MAPA DE PREÇOS'!B:B,0)+1),UPPER(INDEX('BASE EDITAL'!$D:$D,EDITAL!B19+1))),IF($C19=$C17,"Especificação do Objeto",""))) | H19: =IF($B18="","",IF($C19=$C16,INDEX('MAPA DE PREÇOS'!$M:$M,MATCH($B19,'MAPA DE PREÇOS'!$B:$B)-16),IF($C19=$C17,"Unidade",""))) | I19: =IF($B18="","",IF($C19=$C16,INDEX('MAPA DE PREÇOS'!$M:$M,MATCH($B19,'MAPA DE PREÇOS'!$B:$B)-17),IF($C19=$C17,"Quant.",""))) | J19: =IF(AND(COUNTBLANK($B16:$B18)=2,$B18="",$B17="",MAX(C:C)>1),"Total Estimado",IF($B18="","",IF($C19=$C16,INDEX('MAPA DE PREÇOS'!$M:$M,MATCH($B19,'MAPA DE PREÇOS'!$B:$B)-19),IF($C19=$C17,"Valor Unit. (R$)",IF(AND($C19<>$C18,$J18<>""),IF(MAX(C:C)=1,"Total Estimado","Subtotal"),""))))) | K19: =IFERROR(IF(AND(COUNTBLANK($B16:$B18)=2,$B18="",$B17="",MAX(C:C)>1),SUM($K$3:K18)/2,IF($B18="","",IF($C19=$C16,ROUND(J19*I19,2),IF($C19=$C17,"Total Item (R$)",IF(AND($C19<>$C18,$J18<>""),SUMIFS(K:K,C:C,C18,J:J,"<>Subtotal"),""))))),"") | L19: =IF($B18="","",IF($C19=$C16,"",IF($C19=$C17,"Benefício ME/EPP","")))
B20: =IFERROR(IF(C19=C16,IF(B19+1<='MAPA DE PREÇOS'!$H$8,B19+1,""),B19),"") | C20: =IFERROR(VLOOKUP(B20,'MAPA DE PREÇOS'!B:D,2,FALSE),"") | D20: =IFERROR(VLOOKUP(B20,'MAPA DE PREÇOS'!B:D,3,FALSE),"") | E20: =IF($B19="","",IF($C20=$C17,D20,IF($C20=$C18,"Item",IF(AND(MAX(C:C)>1,$C20=$C19),CONCATENATE("LOTE ",C20),"")))) | F20: =IF($B19="","",IF($C20=$C17,INDEX('MAPA DE PREÇOS'!$H:$H,MATCH($B20,'MAPA DE PREÇOS'!$B:$B)-19),IF($C20=$C18,"Código",""))) | G20: =IF($B19="","",IF($C20=$C17,IF('BASE EDITAL'!$D$2="",INDEX('MAPA DE PREÇOS'!H:H,MATCH(EDITAL!B20,'MAPA DE PREÇOS'!B:B,0)+1),UPPER(INDEX('BASE EDITAL'!$D:$D,EDITAL!B20+1))),IF($C20=$C18,"Especificação do Objeto",""))) | H20: =IF($B19="","",IF($C20=$C17,INDEX('MAPA DE PREÇOS'!$M:$M,MATCH($B20,'MAPA DE PREÇOS'!$B:$B)-16),IF($C20=$C18,"Unidade",""))) | I20: =IF($B19="","",IF($C20=$C17,INDEX('MAPA DE PREÇOS'!$M:$M,MATCH($B20,'MAPA DE PREÇOS'!$B:$B)-17),IF($C20=$C18,"Quant.",""))) | J20: =IF(AND(COUNTBLANK($B17:$B19)=2,$B19="",$B18="",MAX(C:C)>1),"Total Estimado",IF($B19="","",IF($C20=$C17,INDEX('MAPA DE PREÇOS'!$M:$M,MATCH($B20,'MAPA DE PREÇOS'!$B:$B)-19),IF($C20=$C18,"Valor Unit. (R$)",IF(AND($C20<>$C19,$J19<>""),IF(MAX(C:C)=1,"Total Estimado","Subtotal"),""))))) | K20: =IFERROR(IF(AND(COUNTBLANK($B17:$B19)=2,$B19="",$B18="",MAX(C:C)>1),SUM($K$3:K19)/2,IF($B19="","",IF($C20=$C17,ROUND(J20*I20,2),IF($C20=$C18,"Total Item (R$)",IF(AND($C20<>$C19,$J19<>""),SUMIFS(K:K,C:C,C19,J:J,"<>Subtotal"),""))))),"") | L20: =IF($B19="","",IF($C20=$C17,"",IF($C20=$C18,"Benefício ME/EPP","")))
... B107: =IFERROR(IF(C106=C103,IF(B106+1<='MAPA DE PREÇOS'!$H$8,B106+1,""),B106),"") | C107: =IFERROR(VLOOKUP(B107,'MAPA DE PREÇOS'!B:D,2,FALSE),"") | D107: =IFERROR(VLOOKUP(B107,'MAPA DE PREÇOS'!B:D,3,FALSE),"") | E107: =IF($B106="","",IF($C107=$C104,D107,IF($C107=$C105,"Item",IF(AND(MAX(C:C)>1,$C107=$C106),CONCATENATE("LOTE ",C107),"")))) | F107: =IF($B106="","",IF($C107=$C104,INDEX('MAPA DE PREÇOS'!$H:$H,MATCH($B107,'MAPA DE PREÇOS'!$B:$B)-19),IF($C107=$C105,"Código",""))) | G107: =IF($B106="","",IF($C107=$C104,IF('BASE EDITAL'!$D$2="",INDEX('MAPA DE PREÇOS'!H:H,MATCH(EDITAL!B107,'MAPA DE PREÇOS'!B:B,0)+1),UPPER(INDEX('BASE EDITAL'!$D:$D,EDITAL!B107+1))),IF($C107=$C105,"Especificação do Objeto",""))) | H107: =IF($B106="","",IF($C107=$C104,INDEX('MAPA DE PREÇOS'!$M:$M,MATCH($B107,'MAPA DE PREÇOS'!$B:$B)-16),IF($C107=$C105,"Unidade",""))) | I107: =IF($B106="","",IF($C107=$C104,INDEX('MAPA DE PREÇOS'!$M:$M,MATCH($B107,'MAPA DE PREÇOS'!$B:$B)-17),IF($C107=$C105,"Quant.",""))) | J107: =IF(AND(COUNTBLANK($B104:$B106)=2,$B106="",$B105="",MAX(C:C)>1),"Total Estimado",IF($B106="","",IF($C107=$C104,INDEX('MAPA DE PREÇOS'!$M:$M,MATCH($B107,'MAPA DE PREÇOS'!$B:$B)-19),IF($C107=$C105,"Valor Unit. (R$)",IF(AND($C107<>$C106,$J106<>""),IF(MAX(C:C)=1,"Total Estimado","Subtotal"),""))))) | K107: =IFERROR(IF(AND(COUNTBLANK($B104:$B106)=2,$B106="",$B105="",MAX(C:C)>1),SUM($K$3:K106)/2,IF($B106="","",IF($C107=$C104,ROUND(J107*I107,2),IF($C107=$C105,"Total Item (R$)",IF(AND($C107<>$C106,$J106<>""),SUMIFS(K:K,C:C,C106,J:J,"<>Subtotal"),""))))),"") | L107: =IF($B106="","",IF($C107=$C104,"",IF($C107=$C105,"Benefício ME/EPP","")))

Sheet CRONOGRAMA
E2: PREFEITURA MUNICIPAL DE PORTO ALEGRE
E3: ='MAPA DE PREÇOS'!H5 -> SECRETARIA MUNICIPAL DE PLANEJAMENTO E GESTÃO (SMPG)
B4: 1 | C4: lote | D4: item
B5: =IFERROR(IF(C4=C1,IF(B4+1<='MAPA DE PREÇOS'!$H$8,B4+1,""),B4),"") -> 1 | C5: =IFERROR(VLOOKUP(B5,'MAPA DE PREÇOS'!B:D,2,FALSE),"") -> 1 | D5: =IFERROR(VLOOKUP(B5,'MAPA DE PREÇOS'!B:D,3,FALSE),"") -> 1 | E5: CRONOGRAMA FÍSICO-FINANCEIRO ESTIMADO
B6: =IFERROR(IF(C5=C2,IF(B5+1<='MAPA DE PREÇOS'!$H$8,B5+1,""),B5),"") -> 1 | C6: =IFERROR(VLOOKUP(B6,'MAPA DE PREÇOS'!B:D,2,FALSE),"") -> 1 | D6: =IFERROR(VLOOKUP(B6,'MAPA DE PREÇOS'!B:D,3,FALSE),"") -> 1
B7: =IFERROR(IF(C6=C3,IF(B6+1<='MAPA DE PREÇOS'!$H$8,B6+1,""),B6),"") -> 1 | C7: =IFERROR(VLOOKUP(B7,'MAPA DE PREÇOS'!B:D,2,FALSE),"") -> 1 | D7: =IFERROR(VLOOKUP(B7,'MAPA DE PREÇOS'!B:D,3,FALSE),"") -> 1 | E7: Item | F7: Código | G7: Especificação do Objeto | H7: Unidade | I7: Quant. | J7: Valor Unit. (R$) | K7: Total Item (R$) | L7: % Item | N7: Mês 1 | P7: Mês 2 | R7: Mês 3 | T7: Mês 4 | V7: Mês 5 | X7: Mês 6 | Z7: Mês 7 | AB7: Mês 8 | AD7: Mês 9 | AF7: Mês 10 | AH7: Mês 11 | AJ7: Mês 12
B8: =IFERROR(IF(C7=C4,IF(B7+1<='MAPA DE PREÇOS'!$H$8,B7+1,""),B7),"") -> 1 | C8: =IFERROR(VLOOKUP(B8,'MAPA DE PREÇOS'!B:D,2,FALSE),"") -> 1 | D8: =IFERROR(VLOOKUP(B8,'MAPA DE PREÇOS'!B:D,3,FALSE),"") -> 1 | E8: =IF($B7="","",IF($C8=$C5,D8,IF($C8=$C6,"Item",IF(AND(MAX(C:C)>1,$C8=$C7),CONCATENATE("LOTE ",C8),"")))) -> 1 | F8: =IF($B7="","",IF($C8=$C5,INDEX('MAPA DE PREÇOS'!$H:$H,MATCH($B8,'MAPA DE PREÇOS'!$B:$B)-19),IF($C8=$C6,"Código",""))) -> MS.6.0-A0101 | G8: =IF($B7="","",IF($C8=$C5,IF('BASE EDITAL'!$D$2="",INDEX('MAPA DE PREÇOS'!H:H,MATCH(EDITAL!B8,'MAPA DE PREÇOS'!B:B,0)+1),UPPER(INDEX('BASE EDITAL'!$D:$D,EDITAL!B8+1))),IF($C8=$C6,"Especificação do Objeto",""))) -> OFFICE PROFESSIONAL PLUS ALNG LSA | H8: =IF($B7="","",IF($C8=$C5,INDEX('MAPA DE PREÇOS'!$M:$M,MATCH($B8,'MAPA DE PREÇOS'!$B:$B)-16),IF($C8=$C6,"Unidade",""))) -> Unidade/Ano | I8: =IF($B7="","",IF($C8=$C5,INDEX('MAPA DE PREÇOS'!$M:$M,MATCH($B8,'MAPA DE PREÇOS'!$B:$B)-17),IF($C8=$C6,"Quant.",""))) -> 368 | J8: =IF(J7="Total Mensal","Total Acumulado",IF($B7="","",IF($C8=$C5,INDEX('MAPA DE PREÇOS'!$M:$M,MATCH($B8,'MAPA DE PREÇOS'!$B:$B)-19),IF($C8=$C6,"Valor Unit. (R$)",IF(AND($C8<>$C7,$J7<>""),"Total Mensal",""))))) -> 5716.26 | K8: =IF(J8="","",IF(J8="Total Mensal","-",IF(J8="Total Acumulado",SUM(K$7:K7),I8*J8))) -> 2103583.7 | L8: =IF(J8="","",IF(J8="Total Mensal","-",IF(J8="Total Acumulado",SUM(L$7:L7),K8/SUMIF(J:J,"Total Acumulado",K:K)))) -> 0.63327497 | N8: =IF($J8="","",IF($J8="Total Mensal",SUM(O$7:O7)/VLOOKUP("Total Acumulado",$J:$K,2,FALSE),IF($J8="Total Acumulado",N7+L8+IF(L$7="% Item",-1,0),0%))) -> 0 | O8: =IF($J8="","",IF($J8="Total Mensal",SUM(O$7:O7),IF($J8="Total Acumulado",SUM(O6:O$7)+M8,IFERROR(N8*$K8,0)))) -> 0 | P8: =IF($J8="","",IF($J8="Total Mensal",SUM(Q$7:Q7)/VLOOKUP("Total Acumulado",$J:$K,2,FALSE),IF($J8="Total Acumulado",P7+N8+IF(N$7="% Item",-1,0),0%))) -> 0 | Q8: =IF($J8="","",IF($J8="Total Mensal",SUM(Q$7:Q7),IF($J8="Total Acumulado",SUM(Q6:Q$7)+O8,IFERROR(P8*$K8,0)))) -> 0 | R8: =IF($J8="","",IF($J8="Total Mensal",SUM(S$7:S7)/VLOOKUP("Total Acumulado",$J:$K,2,FALSE),IF($J8="Total Acumulado",R7+P8+IF(P$7="% Item",-1,0),0%))) -> 0 | S8: =IF($J8="","",IF($J8="Total Mensal",SUM(S$7:S7),IF($J8="Total Acumulado",SUM(S6:S$7)+Q8,IFERROR(R8*$K8,0)))) -> 0 | T8: =IF($J8="","",IF($J8="Total Mensal",SUM(U$7:U7)/VLOOKUP("Total Acumulado",$J:$K,2,FALSE),IF($J8="Total Acumulado",T7+R8+IF(R$7="% Item",-1,0),0%))) -> 0 | U8: =IF($J8="","",IF($J8="Total Mensal",SUM(U$7:U7),IF($J8="Total Acumulado",SUM(U6:U$7)+S8,IFERROR(T8*$K8,0)))) -> 0 | V8: =IF($J8="","",IF($J8="Total Mensal",SUM(W$7:W7)/VLOOKUP("Total Acumulado",$J:$K,2,FALSE),IF($J8="Total Acumulado",V7+T8+IF(T$7="% Item",-1,0),0%))) -> 0 | W8: =IF($J8="","",IF($J8="Total Mensal",SUM(W$7:W7),IF($J8="Total Acumulado",SUM(W6:W$7)+U8,IFERROR(V8*$K8,0)))) -> 0 | X8: =IF($J8="","",IF($J8="Total Mensal",SUM(Y$7:Y7)/VLOOKUP("Total Acumulado",$J:$K,2,FALSE),IF($J8="Total Acumulado",X7+V8+IF(V$7="% Item",-1,0),0%))) -> 0 | Y8: =IF($J8="","",IF($J8="Total Mensal",SUM(Y$7:Y7),IF($J8="Total Acumulado",SUM(Y6:Y$7)+W8,IFERROR(X8*$K8,0)))) -> 0 | Z8: =IF($J8="","",IF($J8="Total Mensal",SUM(AA$7:AA7)/VLOOKUP("Total Acumulado",$J:$K,2,FALSE),IF($J8="Total Acumulado",Z7+X8+IF(X$7="% Item",-1,0),0%))) -> 0 | AA8: =IF($J8="","",IF($J8="Total Mensal",SUM(AA$7:AA7),IF($J8="Total Acumulado",SUM(AA6:AA$7)+Y8,IFERROR(Z8*$K8,0)))) -> 0 | AB8: =IF($J8="","",IF($J8="Total Mensal",SUM(AC$7:AC7)/VLOOKUP("Total Acumulado",$J:$K,2,FALSE),IF($J8="Total Acumulado",AB7+Z8+IF(Z$7="% Item",-1,0),0%))) -> 0 | AC8: =IF($J8="","",IF($J8="Total Mensal",SUM(AC$7:AC7),IF($J8="Total Acumulado",SUM(AC6:AC$7)+AA8,IFERROR(AB8*$K8,0)))) -> 0 | AD8: =IF($J8="","",IF($J8="Total Mensal",SUM(AE$7:AE7)/VLOOKUP("Total Acumulado",$J:$K,2,FALSE),IF($J8="Total Acumulado",AD7+AB8+IF(AB$7="% Item",-1,0),0%))) -> 0 | AE8: =IF($J8="","",IF($J8="Total Mensal",SUM(AE$7:AE7),IF($J8="Total Acumulado",SUM(AE6:AE$7)+AC8,IFERROR(AD8*$K8,0)))) -> 0 | AF8: =IF($J8="","",IF($J8="Total Mensal",SUM(AG$7:AG7)/VLOOKUP("Total Acumulado",$J:$K,2,FALSE),IF($J8="Total Acumulado",AF7+AD8+IF(AD$7="% Item",-1,0),0%))) -> 0 | AG8: =IF($J8="","",IF($J8="Total Mensal",SUM(AG$7:AG7),IF($J8="Total Acumulado",SUM(AG6:AG$7)+AE8,IFERROR(AF8*$K8,0)))) -> 0 | AH8: =IF($J8="","",IF($J8="Total Mensal",SUM(AI$7:AI7)/VLOOKUP("Total Acumulado",$J:$K,2,FALSE),IF($J8="Total Acumulado",AH7+AF8+IF(AF$7="% Item",-1,0),0%))) -> 0 | AI8: =IF($J8="","",IF($J8="Total Mensal",SUM(AI$7:AI7),IF($J8="Total Acumulado",SUM(AI6:AI$7)+AG8,IFERROR(AH8*$K8,0)))) -> 0 | AJ8: =IF($J8="","",IF($J8="Total Mensal",SUM(AK$7:AK7)/VLOOKUP("Total Acumulado",$J:$K,2,FALSE),IF($J8="Total Acumulado",AJ7+AH8+IF(AH$7="% Item",-1,0),0%))) -> 0 | AK8: =IF($J8="","",IF($J8="Total Mensal",SUM(AK$7:AK7),IF($J8="Total Acumulado",SUM(AK6:AK$7)+AI8,IFERROR(AJ8*$K8,0)))) -> 0
B9: =IFERROR(IF(C8=C5,IF(B8+1<='MAPA DE PREÇOS'!$H$8,B8+1,""),B8),"") -> 2 | C9: =IFERROR(VLOOKUP(B9,'MAPA DE PREÇOS'!B:D,2,FALSE),"") -> 1 | D9: =IFERROR(VLOOKUP(B9,'MAPA DE PREÇOS'!B:D,3,FALSE),"") -> 2 | E9: =IF($B8="","",IF($C9=$C6,D9,IF($C9=$C7,"Item",IF(AND(MAX(C:C)>1,$C9=$C8),CONCATENATE("LOTE ",C9),"")))) -> 2 | F9: =IF($B8="","",IF($C9=$C6,INDEX('MAPA DE PREÇOS'!$H:$H,MATCH($B9,'MAPA DE PREÇOS'!$B:$B)-19),IF($C9=$C7,"Código",""))) -> MS.6.0-A0004 | G9: =IF($B8="","",IF($C9=$C6,IF('BASE EDITAL'!$D$2="",INDEX('MAPA DE PREÇOS'!H:H,MATCH(EDITAL!B9,'MAPA DE PREÇOS'!B:B,0)+1),UPPER(INDEX('BASE EDITAL'!$D:$D,EDITAL!B9+1))),IF($C9=$C7,"Especificação do Objeto",""))) -> PROJECT STANDARD ALNG LSA | H9: =IF($B8="","",IF($C9=$C6,INDEX('MAPA DE PREÇOS'!$M:$M,MATCH($B9,'MAPA DE PREÇOS'!$B:$B)-16),IF($C9=$C7,"Unidade",""))) -> Unidade/Ano | I9: =IF($B8="","",IF($C9=$C6,INDEX('MAPA DE PREÇOS'!$M:$M,MATCH($B9,'MAPA DE PREÇOS'!$B:$B)-17),IF($C9=$C7,"Quant.",""))) -> 3 | J9: =IF(J8="Total Mensal","Total Acumulado",IF($B8="","",IF($C9=$C6,INDEX('MAPA DE PREÇOS'!$M:$M,MATCH($B9,'MAPA DE PREÇOS'!$B:$B)-19),IF($C9=$C7,"Valor Unit. (R$)",IF(AND($C9<>$C8,$J8<>""),"Total Mensal",""))))) -> 6776.46 | K9: =IF(J9="","",IF(J9="Total Mensal","-",IF(J9="Total Acumulado",SUM(K$7:K8),I9*J9))) -> 20329.38 | L9: =IF(J9="","",IF(J9="Total Mensal","-",IF(J9="Total Acumulado",SUM(L$7:L8),K9/SUMIF(J:J,"Total Acumulado",K:K)))) -> 0.0061200739 | N9: =IF($J9="","",IF($J9="Total Mensal",SUM(O$7:O8)/VLOOKUP("Total Acumulado",$J:$K,2,FALSE),IF($J9="Total Acumulado",N8+L9+IF(L$7="% Item",-1,0),0%))) -> 0 | O9: =IF($J9="","",IF($J9="Total Mensal",SUM(O$7:O8),IF($J9="Total Acumulado",SUM(O7:O$7)+M9,IFERROR(N9*$K9,0)))) -> 0 | P9: =IF($J9="","",IF($J9="Total Mensal",SUM(Q$7:Q8)/VLOOKUP("Total Acumulado",$J:$K,2,FALSE),IF($J9="Total Acumulado",P8+N9+IF(N$7="% Item",-1,0),0%))) -> 0 | Q9: =IF($J9="","",IF($J9="Total Mensal",SUM(Q$7:Q8),IF($J9="Total Acumulado",SUM(Q7:Q$7)+O9,IFERROR(P9*$K9,0)))) -> 0 | R9: =IF($J9="","",IF($J9="Total Mensal",SUM(S$7:S8)/VLOOKUP("Total Acumulado",$J:$K,2,FALSE),IF($J9="Total Acumulado",R8+P9+IF(P$7="% Item",-1,0),0%))) -> 0 | S9: =IF($J9="","",IF($J9="Total Mensal",SUM(S$7:S8),IF($J9="Total Acumulado",SUM(S7:S$7)+Q9,IFERROR(R9*$K9,0)))) -> 0 | T9: =IF($J9="","",IF($J9="Total Mensal",SUM(U$7:U8)/VLOOKUP("Total Acumulado",$J:$K,2,FALSE),IF($J9="Total Acumulado",T8+R9+IF(R$7="% Item",-1,0),0%))) -> 0 | U9: =IF($J9="","",IF($J9="Total Mensal",SUM(U$7:U8),IF($J9="Total Acumulado",SUM(U7:U$7)+S9,IFERROR(T9*$K9,0)))) -> 0 | V9: =IF($J9="","",IF($J9="Total Mensal",SUM(W$7:W8)/VLOOKUP("Total Acumulado",$J:$K,2,FALSE),IF($J9="Total Acumulado",V8+T9+IF(T$7="% Item",-1,0),0%))) -> 0 | W9: =IF($J9="","",IF($J9="Total Mensal",SUM(W$7:W8),IF($J9="Total Acumulado",SUM(W7:W$7)+U9,IFERROR(V9*$K9,0)))) -> 0 | X9: =IF($J9="","",IF($J9="Total Mensal",SUM(Y$7:Y8)/VLOOKUP("Total Acumulado",$J:$K,2,FALSE),IF($J9="Total Acumulado",X8+V9+IF(V$7="% Item",-1,0),0%))) -> 0 | Y9: =IF($J9="","",IF($J9="Total Mensal",SUM(Y$7:Y8),IF($J9="Total Acumulado",SUM(Y7:Y$7)+W9,IFERROR(X9*$K9,0)))) -> 0 | Z9: =IF($J9="","",IF($J9="Total Mensal",SUM(AA$7:AA8)/VLOOKUP("Total Acumulado",$J:$K,2,FALSE),IF($J9="Total Acumulado",Z8+X9+IF(X$7="% Item",-1,0),0%))) -> 0 | AA9: =IF($J9="","",IF($J9="Total Mensal",SUM(AA$7:AA8),IF($J9="Total Acumulado",SUM(AA7:AA$7)+Y9,IFERROR(Z9*$K9,0)))) -> 0 | AB9: =IF($J9="","",IF($J9="Total Mensal",SUM(AC$7:AC8)/VLOOKUP("Total Acumulado",$J:$K,2,FALSE),IF($J9="Total Acumulado",AB8+Z9+IF(Z$7="% Item",-1,0),0%))) -> 0 | AC9: =IF($J9="","",IF($J9="Total Mensal",SUM(AC$7:AC8),IF($J9="Total Acumulado",SUM(AC7:AC$7)+AA9,IFERROR(AB9*$K9,0)))) -> 0 | AD9: =IF($J9="","",IF($J9="Total Mensal",SUM(AE$7:AE8)/VLOOKUP("Total Acumulado",$J:$K,2,FALSE),IF($J9="Total Acumulado",AD8+AB9+IF(AB$7="% Item",-1,0),0%))) -> 0 | AE9: =IF($J9="","",IF($J9="Total Mensal",SUM(AE$7:AE8),IF($J9="Total Acumulado",SUM(AE7:AE$7)+AC9,IFERROR(AD9*$K9,0)))) -> 0 | AF9: =IF($J9="","",IF($J9="Total Mensal",SUM(AG$7:AG8)/VLOOKUP("Total Acumulado",$J:$K,2,FALSE),IF($J9="Total Acumulado",AF8+AD9+IF(AD$7="% Item",-1,0),0%))) -> 0 | AG9: =IF($J9="","",IF($J9="Total Mensal",SUM(AG$7:AG8),IF($J9="Total Acumulado",SUM(AG7:AG$7)+AE9,IFERROR(AF9*$K9,0)))) -> 0 | AH9: =IF($J9="","",IF($J9="Total Mensal",SUM(AI$7:AI8)/VLOOKUP("Total Acumulado",$J:$K,2,FALSE),IF($J9="Total Acumulado",AH8+AF9+IF(AF$7="% Item",-1,0),0%))) -> 0 | AI9: =IF($J9="","",IF($J9="Total Mensal",SUM(AI$7:AI8),IF($J9="Total Acumulado",SUM(AI7:AI$7)+AG9,IFERROR(AH9*$K9,0)))) -> 0 | AJ9: =IF($J9="","",IF($J9="Total Mensal",SUM(AK$7:AK8)/VLOOKUP("Total Acumulado",$J:$K,2,FALSE),IF($J9="Total Acumulado",AJ8+AH9+IF(AH$7="% Item",-1,0),0%))) -> 0 | AK9: =IF($J9="","",IF($J9="Total Mensal",SUM(AK$7:AK8),IF($J9="Total Acumulado",SUM(AK7:AK$7)+AI9,IFERROR(AJ9*$K9,0)))) -> 0
B10: =IFERROR(IF(C9=C6,IF(B9+1<='MAPA DE PREÇOS'!$H$8,B9+1,""),B9),"") -> 3 | C10: =IFERROR(VLOOKUP(B10,'MAPA DE PREÇOS'!B:D,2,FALSE),"") -> 1 | D10: =IFERROR(VLOOKUP(B10,'MAPA DE PREÇOS'!B:D,3,FALSE),"") -> 3 | E10: =IF($B9="","",IF($C10=$C7,D10,IF($C10=$C8,"Item",IF(AND(MAX(C:C)>1,$C10=$C9),CONCATENATE("LOTE ",C10),"")))) -> 3 | F10: =IF($B9="","",IF($C10=$C7,INDEX('MAPA DE PREÇOS'!$H:$H,MATCH($B10,'MAPA DE PREÇOS'!$B:$B)-19),IF($C10=$C8,"Código",""))) -> MS.6.0-A1343 | G10: =IF($B9="","",IF($C10=$C7,IF('BASE EDITAL'!$D$2="",INDEX('MAPA DE PREÇOS'!H:H,MATCH(EDITAL!B10,'MAPA DE PREÇOS'!B:B,0)+1),UPPER(INDEX('BASE EDITAL'!$D:$D,EDITAL!B10+1))),IF($C10=$C8,"Especificação do Objeto",""))) -> PROJECT PROFESSIONAL ALNG LSA 1 SERVER CAL | H10: =IF($B9="","",IF($C10=$C7,INDEX('MAPA DE PREÇOS'!$M:$M,MATCH($B10,'MAPA DE PREÇOS'!$B:$B)-16),IF($C10=$C8,"Unidade",""))) -> Unidade/Ano | I10: =IF($B9="","",IF($C10=$C7,INDEX('MAPA DE PREÇOS'!$M:$M,MATCH($B10,'MAPA DE PREÇOS'!$B:$B)-17),IF($C10=$C8,"Quant.",""))) -> 16 | J10: =IF(J9="Total Mensal","Total Acumulado",IF($B9="","",IF($C10=$C7,INDEX('MAPA DE PREÇOS'!$M:$M,MATCH($B10,'MAPA DE PREÇOS'!$B:$B)-19),IF($C10=$C8,"Valor Unit. (R$)",IF(AND($C10<>$C9,$J9<>""),"Total Mensal",""))))) -> 11257.83 | K10: =IF(J10="","",IF(J10="Total Mensal","-",IF(J10="Total Acumulado",SUM(K$7:K9),I10*J10))) -> 180125.28 | L10: =IF(J10="","",IF(J10="Total Mensal","-",IF(J10="Total Acumulado",SUM(L$7:L9),K10/SUMIF(J:J,"Total Acumulado",K:K)))) -> 0.054225954 | N10: =IF($J10="","",IF($J10="Total Mensal",SUM(O$7:O9)/VLOOKUP("Total Acumulado",$J:$K,2,FALSE),IF($J10="Total Acumulado",N9+L10+IF(L$7="% Item",-1,0),0%))) -> 0 | O10: =IF($J10="","",IF($J10="Total Mensal",SUM(O$7:O9),IF($J10="Total Acumulado",SUM(O$7:O8)+M10,IFERROR(N10*$K10,0)))) -> 0 | P10: =IF($J10="","",IF($J10="Total Mensal",SUM(Q$7:Q9)/VLOOKUP("Total Acumulado",$J:$K,2,FALSE),IF($J10="Total Acumulado",P9+N10+IF(N$7="% Item",-1,0),0%))) -> 0 | Q10: =IF($J10="","",IF($J10="Total Mensal",SUM(Q$7:Q9),IF($J10="Total Acumulado",SUM(Q$7:Q8)+O10,IFERROR(P10*$K10,0)))) -> 0 | R10: =IF($J10="","",IF($J10="Total Mensal",SUM(S$7:S9)/VLOOKUP("Total Acumulado",$J:$K,2,FALSE),IF($J10="Total Acumulado",R9+P10+IF(P$7="% Item",-1,0),0%))) -> 0 | S10: =IF($J10="","",IF($J10="Total Mensal",SUM(S$7:S9),IF($J10="Total Acumulado",SUM(S$7:S8)+Q10,IFERROR(R10*$K10,0)))) -> 0 | T10: =IF($J10="","",IF($J10="Total Mensal",SUM(U$7:U9)/VLOOKUP("Total Acumulado",$J:$K,2,FALSE),IF($J10="Total Acumulado",T9+R10+IF(R$7="% Item",-1,0),0%))) -> 0 | U10: =IF($J10="","",IF($J10="Total Mensal",SUM(U$7:U9),IF($J10="Total Acumulado",SUM(U$7:U8)+S10,IFERROR(T10*$K10,0)))) -> 0 | V10: =IF($J10="","",IF($J10="Total Mensal",SUM(W$7:W9)/VLOOKUP("Total Acumulado",$J:$K,2,FALSE),IF($J10="Total Acumulado",V9+T10+IF(T$7="% Item",-1,0),0%))) -> 0 | W10: =IF($J10="","",IF($J10="Total Mensal",SUM(W$7:W9),IF($J10="Total Acumulado",SUM(W$7:W8)+U10,IFERROR(V10*$K10,0)))) -> 0 | X10: =IF($J10="","",IF($J10="Total Mensal",SUM(Y$7:Y9)/VLOOKUP("Total Acumulado",$J:$K,2,FALSE),IF($J10="Total Acumulado",X9+V10+IF(V$7="% Item",-1,0),0%))) -> 0 | Y10: =IF($J10="","",IF($J10="Total Mensal",SUM(Y$7:Y9),IF($J10="Total Acumulado",SUM(Y$7:Y8)+W10,IFERROR(X10*$K10,0)))) -> 0 | Z10: =IF($J10="","",IF($J10="Total Mensal",SUM(AA$7:AA9)/VLOOKUP("Total Acumulado",$J:$K,2,FALSE),IF($J10="Total Acumulado",Z9+X10+IF(X$7="% Item",-1,0),0%))) -> 0 | AA10: =IF($J10="","",IF($J10="Total Mensal",SUM(AA$7:AA9),IF($J10="Total Acumulado",SUM(AA$7:AA8)+Y10,IFERROR(Z10*$K10,0)))) -> 0 | AB10: =IF($J10="","",IF($J10="Total Mensal",SUM(AC$7:AC9)/VLOOKUP("Total Acumulado",$J:$K,2,FALSE),IF($J10="Total Acumulado",AB9+Z10+IF(Z$7="% Item",-1,0),0%))) -> 0 | AC10: =IF($J10="","",IF($J10="Total Mensal",SUM(AC$7:AC9),IF($J10="Total Acumulado",SUM(AC$7:AC8)+AA10,IFERROR(AB10*$K10,0)))) -> 0 | AD10: =IF($J10="","",IF($J10="Total Mensal",SUM(AE$7:AE9)/VLOOKUP("Total Acumulado",$J:$K,2,FALSE),IF($J10="Total Acumulado",AD9+AB10+IF(AB$7="% Item",-1,0),0%))) -> 0 | AE10: =IF($J10="","",IF($J10="Total Mensal",SUM(AE$7:AE9),IF($J10="Total Acumulado",SUM(AE$7:AE8)+AC10,IFERROR(AD10*$K10,0)))) -> 0 | AF10: =IF($J10="","",IF($J10="Total Mensal",SUM(AG$7:AG9)/VLOOKUP("Total Acumulado",$J:$K,2,FALSE),IF($J10="Total Acumulado",AF9+AD10+IF(AD$7="% Item",-1,0),0%))) -> 0 | AG10: =IF($J10="","",IF($J10="Total Mensal",SUM(AG$7:AG9),IF($J10="Total Acumulado",SUM(AG$7:AG8)+AE10,IFERROR(AF10*$K10,0)))) -> 0 | AH10: =IF($J10="","",IF($J10="Total Mensal",SUM(AI$7:AI9)/VLOOKUP("Total Acumulado",$J:$K,2,FALSE),IF($J10="Total Acumulado",AH9+AF10+IF(AF$7="% Item",-1,0),0%))) -> 0 | AI10: =IF($J10="","",IF($J10="Total Mensal",SUM(AI$7:AI9),IF($J10="Total Acumulado",SUM(AI$7:AI8)+AG10,IFERROR(AH10*$K10,0)))) -> 0 | AJ10: =IF($J10="","",IF($J10="Total Mensal",SUM(AK$7:AK9)/VLOOKUP("Total Acumulado",$J:$K,2,FALSE),IF($J10="Total Acumulado",AJ9+AH10+IF(AH$7="% Item",-1,0),0%))) -> 0 | AK10: =IF($J10="","",IF($J10="Total Mensal",SUM(AK$7:AK9),IF($J10="Total Acumulado",SUM(AK$7:AK8)+AI10,IFERROR(AJ10*$K10,0)))) -> 0
B11: =IFERROR(IF(C10=C7,IF(B10+1<='MAPA DE PREÇOS'!$H$8,B10+1,""),B10),"") -> 4 | C11: =IFERROR(VLOOKUP(B11,'MAPA DE PREÇOS'!B:D,2,FALSE),"") -> 1 | D11: =IFERROR(VLOOKUP(B11,'MAPA DE PREÇOS'!B:D,3,FALSE),"") -> 4 | E11: =IF($B10="","",IF($C11=$C8,D11,IF($C11=$C9,"Item",IF(AND(MAX(C:C)>1,$C11=$C10),CONCATENATE("LOTE ",C11),"")))) -> 4 | F11: =IF($B10="","",IF($C11=$C8,INDEX('MAPA DE PREÇOS'!$H:$H,MATCH($B11,'MAPA DE PREÇOS'!$B:$B)-19),IF($C11=$C9,"Código",""))) -> MS.6.0-A1506 | G11: =IF($B10="","",IF($C11=$C8,IF('BASE EDITAL'!$D$2="",INDEX('MAPA DE PREÇOS'!H:H,MATCH(EDITAL!B11,'MAPA DE PREÇOS'!B:B,0)+1),UPPER(INDEX('BASE EDITAL'!$D:$D,EDITAL!B11+1))),IF($C11=$C9,"Especificação do Objeto",""))) -> POWER BI PRO SUB PER USER | H11: =IF($B10="","",IF($C11=$C8,INDEX('MAPA DE PREÇOS'!$M:$M,MATCH($B11,'MAPA DE PREÇOS'!$B:$B)-16),IF($C11=$C9,"Unidade",""))) -> Unidade/Mensal | I11: =IF($B10="","",IF($C11=$C8,INDEX('MAPA DE PREÇOS'!$M:$M,MATCH($B11,'MAPA DE PREÇOS'!$B:$B)-17),IF($C11=$C9,"Quant.",""))) -> 81 | J11: =IF(J10="Total Mensal","Total Acumulado",IF($B10="","",IF($C11=$C8,INDEX('MAPA DE PREÇOS'!$M:$M,MATCH($B11,'MAPA DE PREÇOS'!$B:$B)-19),IF($C11=$C9,"Valor Unit. (R$)",IF(AND($C11<>$C10,$J10<>""),"Total Mensal",""))))) -> 3043.08 | K11: =IF(J11="","",IF(J11="Total Mensal","-",IF(J11="Total Acumulado",SUM(K$7:K10),I11*J11))) -> 246489.48 | L11: =IF(J11="","",IF(J11="Total Mensal","-",IF(J11="Total Acumulado",SUM(L$7:L10),K11/SUMIF(J:J,"Total Acumulado",K:K)))) -> 0.074204616 | N11: =IF($J11="","",IF($J11="Total Mensal",SUM(O$7:O10)/VLOOKUP("Total Acumulado",$J:$K,2,FALSE),IF($J11="Total Acumulado",N10+L11+IF(L$7="% Item",-1,0),0%))) -> 0 | O11: =IF($J11="","",IF($J11="Total Mensal",SUM(O$7:O10),IF($J11="Total Acumulado",SUM(O$7:O9)+M11,IFERROR(N11*$K11,0)))) -> 0 | P11: =IF($J11="","",IF($J11="Total Mensal",SUM(Q$7:Q10)/VLOOKUP("Total Acumulado",$J:$K,2,FALSE),IF($J11="Total Acumulado",P10+N11+IF(N$7="% Item",-1,0),0%))) -> 0 | Q11: =IF($J11="","",IF($J11="Total Mensal",SUM(Q$7:Q10),IF($J11="Total Acumulado",SUM(Q$7:Q9)+O11,IFERROR(P11*$K11,0)))) -> 0 | R11: =IF($J11="","",IF($J11="Total Mensal",SUM(S$7:S10)/VLOOKUP("Total Acumulado",$J:$K,2,FALSE),IF($J11="Total Acumulado",R10+P11+IF(P$7="% Item",-1,0),0%))) -> 0 | S11: =IF($J11="","",IF($J11="Total Mensal",SUM(S$7:S10),IF($J11="Total Acumulado",SUM(S$7:S9)+Q11,IFERROR(R11*$K11,0)))) -> 0 | T11: =IF($J11="","",IF($J11="Total Mensal",SUM(U$7:U10)/VLOOKUP("Total Acumulado",$J:$K,2,FALSE),IF($J11="Total Acumulado",T10+R11+IF(R$7="% Item",-1,0),0%))) -> 0 | U11: =IF($J11="","",IF($J11="Total Mensal",SUM(U$7:U10),IF($J11="Total Acumulado",SUM(U$7:U9)+S11,IFERROR(T11*$K11,0)))) -> 0 | V11: =IF($J11="","",IF($J11="Total Mensal",SUM(W$7:W10)/VLOOKUP("Total Acumulado",$J:$K,2,FALSE),IF($J11="Total Acumulado",V10+T11+IF(T$7="% Item",-1,0),0%))) -> 0 | W11: =IF($J11="","",IF($J11="Total Mensal",SUM(W$7:W10),IF($J11="Total Acumulado",SUM(W$7:W9)+U11,IFERROR(V11*$K11,0)))) -> 0 | X11: =IF($J11="","",IF($J11="Total Mensal",SUM(Y$7:Y10)/VLOOKUP("Total Acumulado",$J:$K,2,FALSE),IF($J11="Total Acumulado",X10+V11+IF(V$7="% Item",-1,0),0%))) -> 0 | Y11: =IF($J11="","",IF($J11="Total Mensal",SUM(Y$7:Y10),IF($J11="Total Acumulado",SUM(Y$7:Y9)+W11,IFERROR(X11*$K11,0)))) -> 0 | Z11: =IF($J11="","",IF($J11="Total Mensal",SUM(AA$7:AA10)/VLOOKUP("Total Acumulado",$J:$K,2,FALSE),IF($J11="Total Acumulado",Z10+X11+IF(X$7="% Item",-1,0),0%))) -> 0 | AA11: =IF($J11="","",IF($J11="Total Mensal",SUM(AA$7:AA10),IF($J11="Total Acumulado",SUM(AA$7:AA9)+Y11,IFERROR(Z11*$K11,0)))) -> 0 | AB11: =IF($J11="","",IF($J11="Total Mensal",SUM(AC$7:AC10)/VLOOKUP("Total Acumulado",$J:$K,2,FALSE),IF($J11="Total Acumulado",AB10+Z11+IF(Z$7="% Item",-1,0),0%))) -> 0 | AC11: =IF($J11="","",IF($J11="Total Mensal",SUM(AC$7:AC10),IF($J11="Total Acumulado",SUM(AC$7:AC9)+AA11,IFERROR(AB11*$K11,0)))) -> 0 | AD11: =IF($J11="","",IF($J11="Total Mensal",SUM(AE$7:AE10)/VLOOKUP("Total Acumulado",$J:$K,2,FALSE),IF($J11="Total Acumulado",AD10+AB11+IF(AB$7="% Item",-1,0),0%))) -> 0 | AE11: =IF($J11="","",IF($J11="Total Mensal",SUM(AE$7:AE10),IF($J11="Total Acumulado",SUM(AE$7:AE9)+AC11,IFERROR(AD11*$K11,0)))) -> 0 | AF11: =IF($J11="","",IF($J11="Total Mensal",SUM(AG$7:AG10)/VLOOKUP("Total Acumulado",$J:$K,2,FALSE),IF($J11="Total Acumulado",AF10+AD11+IF(AD$7="% Item",-1,0),0%))) -> 0 | AG11: =IF($J11="","",IF($J11="Total Mensal",SUM(AG$7:AG10),IF($J11="Total Acumulado",SUM(AG$7:AG9)+AE11,IFERROR(AF11*$K11,0)))) -> 0 | AH11: =IF($J11="","",IF($J11="Total Mensal",SUM(AI$7:AI10)/VLOOKUP("Total Acumulado",$J:$K,2,FALSE),IF($J11="Total Acumulado",AH10+AF11+IF(AF$7="% Item",-1,0),0%))) -> 0 | AI11: =IF($J11="","",IF($J11="Total Mensal",SUM(AI$7:AI10),IF($J11="Total Acumulado",SUM(AI$7:AI9)+AG11,IFERROR(AH11*$K11,0)))) -> 0 | AJ11: =IF($J11="","",IF($J11="Total Mensal",SUM(AK$7:AK10)/VLOOKUP("Total Acumulado",$J:$K,2,FALSE),IF($J11="Total Acumulado",AJ10+AH11+IF(AH$7="% Item",-1,0),0%))) -> 0 | AK11: =IF($J11="","",IF($J11="Total Mensal",SUM(AK$7:AK10),IF($J11="Total Acumulado",SUM(AK$7:AK9)+AI11,IFERROR(AJ11*$K11,0)))) -> 0
B12: =IFERROR(IF(C11=C8,IF(B11+1<='MAPA DE PREÇOS'!$H$8,B11+1,""),B11),"") -> 5 | C12: =IFERROR(VLOOKUP(B12,'MAPA DE PREÇOS'!B:D,2,FALSE),"") -> 1 | D12: =IFERROR(VLOOKUP(B12,'MAPA DE PREÇOS'!B:D,3,FALSE),"") -> 5 | E12: =IF($B11="","",IF($C12=$C9,D12,IF($C12=$C10,"Item",IF(AND(MAX(C:C)>1,$C12=$C11),CONCATENATE("LOTE ",C12),"")))) -> 5 | F12: =IF($B11="","",IF($C12=$C9,INDEX('MAPA DE PREÇOS'!$H:$H,MATCH($B12,'MAPA DE PREÇOS'!$B:$B)-19),IF($C12=$C10,"Código",""))) -> MS.6.0-A0871 | G12: =IF($B11="","",IF($C12=$C9,IF('BASE EDITAL'!$D$2="",INDEX('MAPA DE PREÇOS'!H:H,MATCH(EDITAL!B12,'MAPA DE PREÇOS'!B:B,0)+1),UPPER(INDEX('BASE EDITAL'!$D:$D,EDITAL!B12+1))),IF($C12=$C10,"Especificação do Objeto",""))) -> O365 E3 SUB PER USER | H12: =IF($B11="","",IF($C12=$C9,INDEX('MAPA DE PREÇOS'!$M:$M,MATCH($B12,'MAPA DE PREÇOS'!$B:$B)-16),IF($C12=$C10,"Unidade",""))) -> Unidade/Mensal | I12: =IF($B11="","",IF($C12=$C9,INDEX('MAPA DE PREÇOS'!$M:$M,MATCH($B12,'MAPA DE PREÇOS'!$B:$B)-17),IF($C12=$C10,"Quant.",""))) -> 83 | J12: =IF(J11="Total Mensal","Total Acumulado",IF($B11="","",IF($C12=$C9,INDEX('MAPA DE PREÇOS'!$M:$M,MATCH($B12,'MAPA DE PREÇOS'!$B:$B)-19),IF($C12=$C10,"Valor Unit. (R$)",IF(AND($C12<>$C11,$J11<>""),"Total Mensal",""))))) -> 4999.32 | K12: =IF(J12="","",IF(J12="Total Mensal","-",IF(J12="Total Acumulado",SUM(K$7:K11),I12*J12))) -> 414943.56 | L12: =IF(J12="","",IF(J12="Total Mensal","-",IF(J12="Total Acumulado",SUM(L$7:L11),K12/SUMIF(J:J,"Total Acumulado",K:K)))) -> 0.124917 | N12: =IF($J12="","",IF($J12="Total Mensal",SUM(O$7:O11)/VLOOKUP("Total Acumulado",$J:$K,2,FALSE),IF($J12="Total Acumulado",N11+L12+IF(L$7="% Item",-1,0),0%))) -> 0 | O12: =IF($J12="","",IF($J12="Total Mensal",SUM(O$7:O11),IF($J12="Total Acumulado",SUM(O$7:O10)+M12,IFERROR(N12*$K12,0)))) -> 0 | P12: =IF($J12="","",IF($J12="Total Mensal",SUM(Q$7:Q11)/VLOOKUP("Total Acumulado",$J:$K,2,FALSE),IF($J12="Total Acumulado",P11+N12+IF(N$7="% Item",-1,0),0%))) -> 0 | Q12: =IF($J12="","",IF($J12="Total Mensal",SUM(Q$7:Q11),IF($J12="Total Acumulado",SUM(Q$7:Q10)+O12,IFERROR(P12*$K12,0)))) -> 0 | R12: =IF($J12="","",IF($J12="Total Mensal",SUM(S$7:S11)/VLOOKUP("Total Acumulado",$J:$K,2,FALSE),IF($J12="Total Acumulado",R11+P12+IF(P$7="% Item",-1,0),0%))) -> 0 | S12: =IF($J12="","",IF($J12="Total Mensal",SUM(S$7:S11),IF($J12="Total Acumulado",SUM(S$7:S10)+Q12,IFERROR(R12*$K12,0)))) -> 0 | T12: =IF($J12="","",IF($J12="Total Mensal",SUM(U$7:U11)/VLOOKUP("Total Acumulado",$J:$K,2,FALSE),IF($J12="Total Acumulado",T11+R12+IF(R$7="% Item",-1,0),0%))) -> 0 | U12: =IF($J12="","",IF($J12="Total Mensal",SUM(U$7:U11),IF($J12="Total Acumulado",SUM(U$7:U10)+S12,IFERROR(T12*$K12,0)))) -> 0 | V12: =IF($J12="","",IF($J12="Total Mensal",SUM(W$7:W11)/VLOOKUP("Total Acumulado",$J:$K,2,FALSE),IF($J12="Total Acumulado",V11+T12+IF(T$7="% Item",-1,0),0%))) -> 0 | W12: =IF($J12="","",IF($J12="Total Mensal",SUM(W$7:W11),IF($J12="Total Acumulado",SUM(W$7:W10)+U12,IFERROR(V12*$K12,0)))) -> 0 | X12: =IF($J12="","",IF($J12="Total Mensal",SUM(Y$7:Y11)/VLOOKUP("Total Acumulado",$J:$K,2,FALSE),IF($J12="Total Acumulado",X11+V12+IF(V$7="% Item",-1,0),0%))) -> 0 | Y12: =IF($J12="","",IF($J12="Total Mensal",SUM(Y$7:Y11),IF($J12="Total Acumulado",SUM(Y$7:Y10)+W12,IFERROR(X12*$K12,0)))) -> 0 | Z12: =IF($J12="","",IF($J12="Total Mensal",SUM(AA$7:AA11)/VLOOKUP("Total Acumulado",$J:$K,2,FALSE),IF($J12="Total Acumulado",Z11+X12+IF(X$7="% Item",-1,0),0%))) -> 0 | AA12: =IF($J12="","",IF($J12="Total Mensal",SUM(AA$7:AA11),IF($J12="Total Acumulado",SUM(AA$7:AA10)+Y12,IFERROR(Z12*$K12,0)))) -> 0 | AB12: =IF($J12="","",IF($J12="Total Mensal",SUM(AC$7:AC11)/VLOOKUP("Total Acumulado",$J:$K,2,FALSE),IF($J12="Total Acumulado",AB11+Z12+IF(Z$7="% Item",-1,0),0%))) -> 0 | AC12: =IF($J12="","",IF($J12="Total Mensal",SUM(AC$7:AC11),IF($J12="Total Acumulado",SUM(AC$7:AC10)+AA12,IFERROR(AB12*$K12,0)))) -> 0 | AD12: =IF($J12="","",IF($J12="Total Mensal",SUM(AE$7:AE11)/VLOOKUP("Total Acumulado",$J:$K,2,FALSE),IF($J12="Total Acumulado",AD11+AB12+IF(AB$7="% Item",-1,0),0%))) -> 0 | AE12: =IF($J12="","",IF($J12="Total Mensal",SUM(AE$7:AE11),IF($J12="Total Acumulado",SUM(AE$7:AE10)+AC12,IFERROR(AD12*$K12,0)))) -> 0 | AF12: =IF($J12="","",IF($J12="Total Mensal",SUM(AG$7:AG11)/VLOOKUP("Total Acumulado",$J:$K,2,FALSE),IF($J12="Total Acumulado",AF11+AD12+IF(AD$7="% Item",-1,0),0%))) -> 0 | AG12: =IF($J12="","",IF($J12="Total Mensal",SUM(AG$7:AG11),IF($J12="Total Acumulado",SUM(AG$7:AG10)+AE12,IFERROR(AF12*$K12,0)))) -> 0 | AH12: =IF($J12="","",IF($J12="Total Mensal",SUM(AI$7:AI11)/VLOOKUP("Total Acumulado",$J:$K,2,FALSE),IF($J12="Total Acumulado",AH11+AF12+IF(AF$7="% Item",-1,0),0%))) -> 0 | AI12: =IF($J12="","",IF($J12="Total Mensal",SUM(AI$7:AI11),IF($J12="Total Acumulado",SUM(AI$7:AI10)+AG12,IFERROR(AH12*$K12,0)))) -> 0 | AJ12: =IF($J12="","",IF($J12="Total Mensal",SUM(AK$7:AK11)/VLOOKUP("Total Acumulado",$J:$K,2,FALSE),IF($J12="Total Acumulado",AJ11+AH12+IF(AH$7="% Item",-1,0),0%))) -> 0 | AK12: =IF($J12="","",IF($J12="Total Mensal",SUM(AK$7:AK11),IF($J12="Total Acumulado",SUM(AK$7:AK10)+AI12,IFERROR(AJ12*$K12,0)))) -> 0
B13: =IFERROR(IF(C12=C9,IF(B12+1<='MAPA DE PREÇOS'!$H$8,B12+1,""),B12),"") -> 6 | C13: =IFERROR(VLOOKUP(B13,'MAPA DE PREÇOS'!B:D,2,FALSE),"") -> 1 | D13: =IFERROR(VLOOKUP(B13,'MAPA DE PREÇOS'!B:D,3,FALSE),"") -> 6 | E13: =IF($B12="","",IF($C13=$C10,D13,IF($C13=$C11,"Item",IF(AND(MAX(C:C)>1,$C13=$C12),CONCATENATE("LOTE ",C13),"")))) -> 6 | F13: =IF($B12="","",IF($C13=$C10,INDEX('MAPA DE PREÇOS'!$H:$H,MATCH($B13,'MAPA DE PREÇOS'!$B:$B)-19),IF($C13=$C11,"Código",""))) -> MS.6.0-A1692 | G13: =IF($B12="","",IF($C13=$C10,IF('BASE EDITAL'!$D$2="",INDEX('MAPA DE PREÇOS'!H:H,MATCH(EDITAL!B13,'MAPA DE PREÇOS'!B:B,0)+1),UPPER(INDEX('BASE EDITAL'!$D:$D,EDITAL!B13+1))),IF($C13=$C11,"Especificação do Objeto",""))) -> O365 E5 SUB PER USER | H13: =IF($B12="","",IF($C13=$C10,INDEX('MAPA DE PREÇOS'!$M:$M,MATCH($B13,'MAPA DE PREÇOS'!$B:$B)-16),IF($C13=$C11,"Unidade",""))) -> Unidade/Mensal | I13: =IF($B12="","",IF($C13=$C10,INDEX('MAPA DE PREÇOS'!$M:$M,MATCH($B13,'MAPA DE PREÇOS'!$B:$B)-17),IF($C13=$C11,"Quant.",""))) -> 3 | J13: =IF(J12="Total Mensal","Total Acumulado",IF($B12="","",IF($C13=$C10,INDEX('MAPA DE PREÇOS'!$M:$M,MATCH($B13,'MAPA DE PREÇOS'!$B:$B)-19),IF($C13=$C11,"Valor Unit. (R$)",IF(AND($C13<>$C12,$J12<>""),"Total Mensal",""))))) -> 8260.56 | K13: =IF(J13="","",IF(J13="Total Mensal","-",IF(J13="Total Acumulado",SUM(K$7:K12),I13*J13))) -> 24781.68 | L13: =IF(J13="","",IF(J13="Total Mensal","-",IF(J13="Total Acumulado",SUM(L$7:L12),K13/SUMIF(J:J,"Total Acumulado",K:K)))) -> 0.00746042 | N13: =IF($J13="","",IF($J13="Total Mensal",SUM(O$7:O12)/VLOOKUP("Total Acumulado",$J:$K,2,FALSE),IF($J13="Total Acumulado",N12+L13+IF(L$7="% Item",-1,0),0%))) -> 0 | O13: =IF($J13="","",IF($J13="Total Mensal",SUM(O$7:O12),IF($J13="Total Acumulado",SUM(O$7:O11)+M13,IFERROR(N13*$K13,0)))) -> 0 | P13: =IF($J13="","",IF($J13="Total Mensal",SUM(Q$7:Q12)/VLOOKUP("Total Acumulado",$J:$K,2,FALSE),IF($J13="Total Acumulado",P12+N13+IF(N$7="% Item",-1,0),0%))) -> 0 | Q13: =IF($J13="","",IF($J13="Total Mensal",SUM(Q$7:Q12),IF($J13="Total Acumulado",SUM(Q$7:Q11)+O13,IFERROR(P13*$K13,0)))) -> 0 | R13: =IF($J13="","",IF($J13="Total Mensal",SUM(S$7:S12)/VLOOKUP("Total Acumulado",$J:$K,2,FALSE),IF($J13="Total Acumulado",R12+P13+IF(P$7="% Item",-1,0),0%))) -> 0 | S13: =IF($J13="","",IF($J13="Total Mensal",SUM(S$7:S12),IF($J13="Total Acumulado",SUM(S$7:S11)+Q13,IFERROR(R13*$K13,0)))) -> 0 | T13: =IF($J13="","",IF($J13="Total Mensal",SUM(U$7:U12)/VLOOKUP("Total Acumulado",$J:$K,2,FALSE),IF($J13="Total Acumulado",T12+R13+IF(R$7="% Item",-1,0),0%))) -> 0 | U13: =IF($J13="","",IF($J13="Total Mensal",SUM(U$7:U12),IF($J13="Total Acumulado",SUM(U$7:U11)+S13,IFERROR(T13*$K13,0)))) -> 0 | V13: =IF($J13="","",IF($J13="Total Mensal",SUM(W$7:W12)/VLOOKUP("Total Acumulado",$J:$K,2,FALSE),IF($J13="Total Acumulado",V12+T13+IF(T$7="% Item",-1,0),0%))) -> 0 | W13: =IF($J13="","",IF($J13="Total Mensal",SUM(W$7:W12),IF($J13="Total Acumulado",SUM(W$7:W11)+U13,IFERROR(V13*$K13,0)))) -> 0 | X13: =IF($J13="","",IF($J13="Total Mensal",SUM(Y$7:Y12)/VLOOKUP("Total Acumulado",$J:$K,2,FALSE),IF($J13="Total Acumulado",X12+V13+IF(V$7="% Item",-1,0),0%))) -> 0 | Y13: =IF($J13="","",IF($J13="Total Mensal",SUM(Y$7:Y12),IF($J13="Total Acumulado",SUM(Y$7:Y11)+W13,IFERROR(X13*$K13,0)))) -> 0 | Z13: =IF($J13="","",IF($J13="Total Mensal",SUM(AA$7:AA12)/VLOOKUP("Total Acumulado",$J:$K,2,FALSE),IF($J13="Total Acumulado",Z12+X13+IF(X$7="% Item",-1,0),0%))) -> 0 | AA13: =IF($J13="","",IF($J13="Total Mensal",SUM(AA$7:AA12),IF($J13="Total Acumulado",SUM(AA$7:AA11)+Y13,IFERROR(Z13*$K13,0)))) -> 0 | AB13: =IF($J13="","",IF($J13="Total Mensal",SUM(AC$7:AC12)/VLOOKUP("Total Acumulado",$J:$K,2,FALSE),IF($J13="Total Acumulado",AB12+Z13+IF(Z$7="% Item",-1,0),0%))) -> 0 | AC13: =IF($J13="","",IF($J13="Total Mensal",SUM(AC$7:AC12),IF($J13="Total Acumulado",SUM(AC$7:AC11)+AA13,IFERROR(AB13*$K13,0)))) -> 0 | AD13: =IF($J13="","",IF($J13="Total Mensal",SUM(AE$7:AE12)/VLOOKUP("Total Acumulado",$J:$K,2,FALSE),IF($J13="Total Acumulado",AD12+AB13+IF(AB$7="% Item",-1,0),0%))) -> 0 | AE13: =IF($J13="","",IF($J13="Total Mensal",SUM(AE$7:AE12),IF($J13="Total Acumulado",SUM(AE$7:AE11)+AC13,IFERROR(AD13*$K13,0)))) -> 0 | AF13: =IF($J13="","",IF($J13="Total Mensal",SUM(AG$7:AG12)/VLOOKUP("Total Acumulado",$J:$K,2,FALSE),IF($J13="Total Acumulado",AF12+AD13+IF(AD$7="% Item",-1,0),0%))) -> 0 | AG13: =IF($J13="","",IF($J13="Total Mensal",SUM(AG$7:AG12),IF($J13="Total Acumulado",SUM(AG$7:AG11)+AE13,IFERROR(AF13*$K13,0)))) -> 0 | AH13: =IF($J13="","",IF($J13="Total Mensal",SUM(AI$7:AI12)/VLOOKUP("Total Acumulado",$J:$K,2,FALSE),IF($J13="Total Acumulado",AH12+AF13+IF(AF$7="% Item",-1,0),0%))) -> 0 | AI13: =IF($J13="","",IF($J13="Total Mensal",SUM(AI$7:AI12),IF($J13="Total Acumulado",SUM(AI$7:AI11)+AG13,IFERROR(AH13*$K13,0)))) -> 0 | AJ13: =IF($J13="","",IF($J13="Total Mensal",SUM(AK$7:AK12)/VLOOKUP("Total Acumulado",$J:$K,2,FALSE),IF($J13="Total Acumulado",AJ12+AH13+IF(AH$7="% Item",-1,0),0%))) -> 0 | AK13: =IF($J13="","",IF($J13="Total Mensal",SUM(AK$7:AK12),IF($J13="Total Acumulado",SUM(AK$7:AK11)+AI13,IFERROR(AJ13*$K13,0)))) -> 0
B14: =IFERROR(IF(C13=C10,IF(B13+1<='MAPA DE PREÇOS'!$H$8,B13+1,""),B13),"") -> 7 | C14: =IFERROR(VLOOKUP(B14,'MAPA DE PREÇOS'!B:D,2,FALSE),"") -> 1 | D14: =IFERROR(VLOOKUP(B14,'MAPA DE PREÇOS'!B:D,3,FALSE),"") -> 7 | E14: =IF($B13="","",IF($C14=$C11,D14,IF($C14=$C12,"Item",IF(AND(MAX(C:C)>1,$C14=$C13),CONCATENATE("LOTE ",C14),"")))) -> 7 | F14: =IF($B13="","",IF($C14=$C11,INDEX('MAPA DE PREÇOS'!$H:$H,MATCH($B14,'MAPA DE PREÇOS'!$B:$B)-19),IF($C14=$C12,"Código",""))) -> MS.6.0-A0463 | G14: =IF($B13="","",IF($C14=$C11,IF('BASE EDITAL'!$D$2="",INDEX('MAPA DE PREÇOS'!H:H,MATCH(EDITAL!B14,'MAPA DE PREÇOS'!B:B,0)+1),UPPER(INDEX('BASE EDITAL'!$D:$D,EDITAL!B14+1))),IF($C14=$C12,"Especificação do Objeto",""))) -> PLANNER & PROJECT P3 SUB PER USER | H14: =IF($B13="","",IF($C14=$C11,INDEX('MAPA DE PREÇOS'!$M:$M,MATCH($B14,'MAPA DE PREÇOS'!$B:$B)-16),IF($C14=$C12,"Unidade",""))) -> Unidade/Mensal | I14: =IF($B13="","",IF($C14=$C11,INDEX('MAPA DE PREÇOS'!$M:$M,MATCH($B14,'MAPA DE PREÇOS'!$B:$B)-17),IF($C14=$C12,"Quant.",""))) -> 41 | J14: =IF(J13="Total Mensal","Total Acumulado",IF($B13="","",IF($C14=$C11,INDEX('MAPA DE PREÇOS'!$M:$M,MATCH($B14,'MAPA DE PREÇOS'!$B:$B)-19),IF($C14=$C12,"Valor Unit. (R$)",IF(AND($C14<>$C13,$J13<>""),"Total Mensal",""))))) -> 6521.4 | K14: =IF(J14="","",IF(J14="Total Mensal","-",IF(J14="Total Acumulado",SUM(K$7:K13),I14*J14))) -> 267377.4 | L14: =IF(J14="","",IF(J14="Total Mensal","-",IF(J14="Total Acumulado",SUM(L$7:L13),K14/SUMIF(J:J,"Total Acumulado",K:K)))) -> 0.080492836 | N14: =IF($J14="","",IF($J14="Total Mensal",SUM(O$7:O13)/VLOOKUP("Total Acumulado",$J:$K,2,FALSE),IF($J14="Total Acumulado",N13+L14+IF(L$7="% Item",-1,0),0%))) -> 0 | O14: =IF($J14="","",IF($J14="Total Mensal",SUM(O$7:O13),IF($J14="Total Acumulado",SUM(O$7:O12)+M14,IFERROR(N14*$K14,0)))) -> 0 | P14: =IF($J14="","",IF($J14="Total Mensal",SUM(Q$7:Q13)/VLOOKUP("Total Acumulado",$J:$K,2,FALSE),IF($J14="Total Acumulado",P13+N14+IF(N$7="% Item",-1,0),0%))) -> 0 | Q14: =IF($J14="","",IF($J14="Total Mensal",SUM(Q$7:Q13),IF($J14="Total Acumulado",SUM(Q$7:Q12)+O14,IFERROR(P14*$K14,0)))) -> 0 | R14: =IF($J14="","",IF($J14="Total Mensal",SUM(S$7:S13)/VLOOKUP("Total Acumulado",$J:$K,2,FALSE),IF($J14="Total Acumulado",R13+P14+IF(P$7="% Item",-1,0),0%))) -> 0 | S14: =IF($J14="","",IF($J14="Total Mensal",SUM(S$7:S13),IF($J14="Total Acumulado",SUM(S$7:S12)+Q14,IFERROR(R14*$K14,0)))) -> 0 | T14: =IF($J14="","",IF($J14="Total Mensal",SUM(U$7:U13)/VLOOKUP("Total Acumulado",$J:$K,2,FALSE),IF($J14="Total Acumulado",T13+R14+IF(R$7="% Item",-1,0),0%))) -> 0 | U14: =IF($J14="","",IF($J14="Total Mensal",SUM(U$7:U13),IF($J14="Total Acumulado",SUM(U$7:U12)+S14,IFERROR(T14*$K14,0)))) -> 0 | V14: =IF($J14="","",IF($J14="Total Mensal",SUM(W$7:W13)/VLOOKUP("Total Acumulado",$J:$K,2,FALSE),IF($J14="Total Acumulado",V13+T14+IF(T$7="% Item",-1,0),0%))) -> 0 | W14: =IF($J14="","",IF($J14="Total Mensal",SUM(W$7:W13),IF($J14="Total Acumulado",SUM(W$7:W12)+U14,IFERROR(V14*$K14,0)))) -> 0 | X14: =IF($J14="","",IF($J14="Total Mensal",SUM(Y$7:Y13)/VLOOKUP("Total Acumulado",$J:$K,2,FALSE),IF($J14="Total Acumulado",X13+V14+IF(V$7="% Item",-1,0),0%))) -> 0 | Y14: =IF($J14="","",IF($J14="Total Mensal",SUM(Y$7:Y13),IF($J14="Total Acumulado",SUM(Y$7:Y12)+W14,IFERROR(X14*$K14,0)))) -> 0 | Z14: =IF($J14="","",IF($J14="Total Mensal",SUM(AA$7:AA13)/VLOOKUP("Total Acumulado",$J:$K,2,FALSE),IF($J14="Total Acumulado",Z13+X14+IF(X$7="% Item",-1,0),0%))) -> 0 | AA14: =IF($J14="","",IF($J14="Total Mensal",SUM(AA$7:AA13),IF($J14="Total Acumulado",SUM(AA$7:AA12)+Y14,IFERROR(Z14*$K14,0)))) -> 0 | AB14: =IF($J14="","",IF($J14="Total Mensal",SUM(AC$7:AC13)/VLOOKUP("Total Acumulado",$J:$K,2,FALSE),IF($J14="Total Acumulado",AB13+Z14+IF(Z$7="% Item",-1,0),0%))) -> 0 | AC14: =IF($J14="","",IF($J14="Total Mensal",SUM(AC$7:AC13),IF($J14="Total Acumulado",SUM(AC$7:AC12)+AA14,IFERROR(AB14*$K14,0)))) -> 0 | AD14: =IF($J14="","",IF($J14="Total Mensal",SUM(AE$7:AE13)/VLOOKUP("Total Acumulado",$J:$K,2,FALSE),IF($J14="Total Acumulado",AD13+AB14+IF(AB$7="% Item",-1,0),0%))) -> 0 | AE14: =IF($J14="","",IF($J14="Total Mensal",SUM(AE$7:AE13),IF($J14="Total Acumulado",SUM(AE$7:AE12)+AC14,IFERROR(AD14*$K14,0)))) -> 0 | AF14: =IF($J14="","",IF($J14="Total Mensal",SUM(AG$7:AG13)/VLOOKUP("Total Acumulado",$J:$K,2,FALSE),IF($J14="Total Acumulado",AF13+AD14+IF(AD$7="% Item",-1,0),0%))) -> 0 | AG14: =IF($J14="","",IF($J14="Total Mensal",SUM(AG$7:AG13),IF($J14="Total Acumulado",SUM(AG$7:AG12)+AE14,IFERROR(AF14*$K14,0)))) -> 0 | AH14: =IF($J14="","",IF($J14="Total Mensal",SUM(AI$7:AI13)/VLOOKUP("Total Acumulado",$J:$K,2,FALSE),IF($J14="Total Acumulado",AH13+AF14+IF(AF$7="% Item",-1,0),0%))) -> 0 | AI14: =IF($J14="","",IF($J14="Total Mensal",SUM(AI$7:AI13),IF($J14="Total Acumulado",SUM(AI$7:AI12)+AG14,IFERROR(AH14*$K14,0)))) -> 0 | AJ14: =IF($J14="","",IF($J14="Total Mensal",SUM(AK$7:AK13)/VLOOKUP("Total Acumulado",$J:$K,2,FALSE),IF($J14="Total Acumulado",AJ13+AH14+IF(AH$7="% Item",-1,0),0%))) -> 0 | AK14: =IF($J14="","",IF($J14="Total Mensal",SUM(AK$7:AK13),IF($J14="Total Acumulado",SUM(AK$7:AK12)+AI14,IFERROR(AJ14*$K14,0)))) -> 0
B15: =IFERROR(IF(C14=C11,IF(B14+1<='MAPA DE PREÇOS'!$H$8,B14+1,""),B14),"") -> 8 | C15: =IFERROR(VLOOKUP(B15,'MAPA DE PREÇOS'!B:D,2,FALSE),"") -> 1 | D15: =IFERROR(VLOOKUP(B15,'MAPA DE PREÇOS'!B:D,3,FALSE),"") -> 8 | E15: =IF($B14="","",IF($C15=$C12,D15,IF($C15=$C13,"Item",IF(AND(MAX(C:C)>1,$C15=$C14),CONCATENATE("LOTE ",C15),"")))) -> 8 | F15: =IF($B14="","",IF($C15=$C12,INDEX('MAPA DE PREÇOS'!$H:$H,MATCH($B15,'MAPA DE PREÇOS'!$B:$B)-19),IF($C15=$C13,"Código",""))) -> MS.6.0-A0491 | G15: =IF($B14="","",IF($C15=$C12,IF('BASE EDITAL'!$D$2="",INDEX('MAPA DE PREÇOS'!H:H,MATCH(EDITAL!B15,'MAPA DE PREÇOS'!B:B,0)+1),UPPER(INDEX('BASE EDITAL'!$D:$D,EDITAL!B15+1))),IF($C15=$C13,"Especificação do Objeto",""))) -> PLANNER & PROJECT P5 SUB PER USER | H15: =IF($B14="","",IF($C15=$C12,INDEX('MAPA DE PREÇOS'!$M:$M,MATCH($B15,'MAPA DE PREÇOS'!$B:$B)-16),IF($C15=$C13,"Unidade",""))) -> Unidade/Mensal | I15: =IF($B14="","",IF($C15=$C12,INDEX('MAPA DE PREÇOS'!$M:$M,MATCH($B15,'MAPA DE PREÇOS'!$B:$B)-17),IF($C15=$C13,"Quant.",""))) -> 3 | J15: =IF(J14="Total Mensal","Total Acumulado",IF($B14="","",IF($C15=$C12,INDEX('MAPA DE PREÇOS'!$M:$M,MATCH($B15,'MAPA DE PREÇOS'!$B:$B)-19),IF($C15=$C13,"Valor Unit. (R$)",IF(AND($C15<>$C14,$J14<>""),"Total Mensal",""))))) -> 11955.24 | K15: =IF(J15="","",IF(J15="Total Mensal","-",IF(J15="Total Acumulado",SUM(K$7:K14),I15*J15))) -> 35865.72 | L15: =IF(J15="","",IF(J15="Total Mensal","-",IF(J15="Total Acumulado",SUM(L$7:L14),K15/SUMIF(J:J,"Total Acumulado",K:K)))) -> 0.010797223 | N15: =IF($J15="","",IF($J15="Total Mensal",SUM(O$7:O14)/VLOOKUP("Total Acumulado",$J:$K,2,FALSE),IF($J15="Total Acumulado",N14+L15+IF(L$7="% Item",-1,0),0%))) -> 0 | O15: =IF($J15="","",IF($J15="Total Mensal",SUM(O$7:O14),IF($J15="Total Acumulado",SUM(O$7:O13)+M15,IFERROR(N15*$K15,0)))) -> 0 | P15: =IF($J15="","",IF($J15="Total Mensal",SUM(Q$7:Q14)/VLOOKUP("Total Acumulado",$J:$K,2,FALSE),IF($J15="Total Acumulado",P14+N15+IF(N$7="% Item",-1,0),0%))) -> 0 | Q15: =IF($J15="","",IF($J15="Total Mensal",SUM(Q$7:Q14),IF($J15="Total Acumulado",SUM(Q$7:Q13)+O15,IFERROR(P15*$K15,0)))) -> 0 | R15: =IF($J15="","",IF($J15="Total Mensal",SUM(S$7:S14)/VLOOKUP("Total Acumulado",$J:$K,2,FALSE),IF($J15="Total Acumulado",R14+P15+IF(P$7="% Item",-1,0),0%))) -> 0 | S15: =IF($J15="","",IF($J15="Total Mensal",SUM(S$7:S14),IF($J15="Total Acumulado",SUM(S$7:S13)+Q15,IFERROR(R15*$K15,0)))) -> 0 | T15: =IF($J15="","",IF($J15="Total Mensal",SUM(U$7:U14)/VLOOKUP("Total Acumulado",$J:$K,2,FALSE),IF($J15="Total Acumulado",T14+R15+IF(R$7="% Item",-1,0),0%))) -> 0 | U15: =IF($J15="","",IF($J15="Total Mensal",SUM(U$7:U14),IF($J15="Total Acumulado",SUM(U$7:U13)+S15,IFERROR(T15*$K15,0)))) -> 0 | V15: =IF($J15="","",IF($J15="Total Mensal",SUM(W$7:W14)/VLOOKUP("Total Acumulado",$J:$K,2,FALSE),IF($J15="Total Acumulado",V14+T15+IF(T$7="% Item",-1,0),0%))) -> 0 | W15: =IF($J15="","",IF($J15="Total Mensal",SUM(W$7:W14),IF($J15="Total Acumulado",SUM(W$7:W13)+U15,IFERROR(V15*$K15,0)))) -> 0 | X15: =IF($J15="","",IF($J15="Total Mensal",SUM(Y$7:Y14)/VLOOKUP("Total Acumulado",$J:$K,2,FALSE),IF($J15="Total Acumulado",X14+V15+IF(V$7="% Item",-1,0),0%))) -> 0 | Y15: =IF($J15="","",IF($J15="Total Mensal",SUM(Y$7:Y14),IF($J15="Total Acumulado",SUM(Y$7:Y13)+W15,IFERROR(X15*$K15,0)))) -> 0 | Z15: =IF($J15="","",IF($J15="Total Mensal",SUM(AA$7:AA14)/VLOOKUP("Total Acumulado",$J:$K,2,FALSE),IF($J15="Total Acumulado",Z14+X15+IF(X$7="% Item",-1,0),0%))) -> 0 | AA15: =IF($J15="","",IF($J15="Total Mensal",SUM(AA$7:AA14),IF($J15="Total Acumulado",SUM(AA$7:AA13)+Y15,IFERROR(Z15*$K15,0)))) -> 0 | AB15: =IF($J15="","",IF($J15="Total Mensal",SUM(AC$7:AC14)/VLOOKUP("Total Acumulado",$J:$K,2,FALSE),IF($J15="Total Acumulado",AB14+Z15+IF(Z$7="% Item",-1,0),0%))) -> 0 | AC15: =IF($J15="","",IF($J15="Total Mensal",SUM(AC$7:AC14),IF($J15="Total Acumulado",SUM(AC$7:AC13)+AA15,IFERROR(AB15*$K15,0)))) -> 0 | AD15: =IF($J15="","",IF($J15="Total Mensal",SUM(AE$7:AE14)/VLOOKUP("Total Acumulado",$J:$K,2,FALSE),IF($J15="Total Acumulado",AD14+AB15+IF(AB$7="% Item",-1,0),0%))) -> 0 | AE15: =IF($J15="","",IF($J15="Total Mensal",SUM(AE$7:AE14),IF($J15="Total Acumulado",SUM(AE$7:AE13)+AC15,IFERROR(AD15*$K15,0)))) -> 0 | AF15: =IF($J15="","",IF($J15="Total Mensal",SUM(AG$7:AG14)/VLOOKUP("Total Acumulado",$J:$K,2,FALSE),IF($J15="Total Acumulado",AF14+AD15+IF(AD$7="% Item",-1,0),0%))) -> 0 | AG15: =IF($J15="","",IF($J15="Total Mensal",SUM(AG$7:AG14),IF($J15="Total Acumulado",SUM(AG$7:AG13)+AE15,IFERROR(AF15*$K15,0)))) -> 0 | AH15: =IF($J15="","",IF($J15="Total Mensal",SUM(AI$7:AI14)/VLOOKUP("Total Acumulado",$J:$K,2,FALSE),IF($J15="Total Acumulado",AH14+AF15+IF(AF$7="% Item",-1,0),0%))) -> 0 | AI15: =IF($J15="","",IF($J15="Total Mensal",SUM(AI$7:AI14),IF($J15="Total Acumulado",SUM(AI$7:AI13)+AG15,IFERROR(AH15*$K15,0)))) -> 0 | AJ15: =IF($J15="","",IF($J15="Total Mensal",SUM(AK$7:AK14)/VLOOKUP("Total Acumulado",$J:$K,2,FALSE),IF($J15="Total Acumulado",AJ14+AH15+IF(AH$7="% Item",-1,0),0%))) -> 0 | AK15: =IF($J15="","",IF($J15="Total Mensal",SUM(AK$7:AK14),IF($J15="Total Acumulado",SUM(AK$7:AK13)+AI15,IFERROR(AJ15*$K15,0)))) -> 0
